Workbook
Name AddOns: Data!$P$2:$JC$4
Name AddOns2: Data!$P$6:$JC$8
Name AppDue: Data!$C$22:$M$39
Name Base01: Data!$P$36:$JC$44
Name Base02: Data!$P$46:$JC$54
Name Base03: Data!$P$56:$JC$64
Name Base04: Data!$P$66:$JC$74
Name Counties: Data!$A$16:$A$83
Name Descriptions: Data!$C$42:$M$59
Name Escalate01: Data!$P$76:$JC$84
Name Escalate02: Data!$P$86:$JC$94
Name Escalate03: Data!$P$96:$JC$104
Name Escalate04: Data!$P$106:$JC$114
Name Escalate05: Data!$P$116:$JC$124
Name Identify: RFA!$C$21:$D$38
Name MultiplierNames: Data!$P$10:$JC$16
Name MultiplierNumbers: Data!$P$18:$JC$24
Name RFAs: Data!$C$2:$M$19
Name SF_RFAs: Data!$C$62:$E$501
Name TDC_Table: RFA!$A$65:$K$72
Name Types: Data!$P$26:$JC$34
Name Year: RFA!$D$15
Name Years: Data!$A$2:$A$13
Name YesNo: Data!$A$85:$A$87

Sheet RFA
A1: TOTAL DEVELOPMENT COST PER UNIT TEMPLATE - Version 04-24-2023_v6
B3: Identify the TDC PU Limitation qualifying date | H3: =IF(H4+H5+H6+H7+H8=0,"STOP: Please select a TDC PU Limitation qualifying date","")
C4: Use the original RFA TDC PU Limitations in effect prior to 6/15/18 Board Meeting | I4: (This option includes all RFAs, but does not incorporate any edits approved by the Board on 06/15/2018)
C5: Use the modified TDC PU Limitation in affect as of the 6/15/18 Board Meeting, or thereafter | I5: (This option includes all RFAs and incorporates the edits approved by the Board on 06/15/2018 for RFA 2014-111 through RFA 2018-108)
C6: Inlcude the 2% increase approved at the 3/6/20 Board Meeting. Must be used joint with above line. | I6: (This option includes all RFAs and incorporates the edits approved by the Board on 03/6/2020 for RFA 2014-111 through RFA 2020-106 & 208 & 302)
C7: Use the modified TDC PU Limitation in affect as of the 7/30/21 Board Meeting, or thereafter | I7: (This option includes all RFAs beginning with 2021-2022 RFA Cycle and incorporates the edits approved by the Board on 07/30/2021 for the 2017/2018 RFA Cycle through the 2020/2021 RFA Cycle - RFA 2017-106 through RFA 2021-108 & 208)
C8: Use the modified TDC PU Limitation in affect as of the 4/1/22 Telephonic Board Meeting, or thereafter | H8: 1 | I8: (This option includes all RFAs beginning with 2019-2020 RFA Cycle and incorporates the edits approved by the Board on 04/01/2022 for the 2019/2020 RFA Cycle through the 2021/2022 RFA Cycle - RFA 2019-101 through RFA 2019-103 & RFA 2019-111 through the 2021/2022 RFA Cycle final RFA. It also incorporates the edits approved by the Board on 04/29/2022 for the Hurricane Recovery RFA's 2018-115, 2019-109 & 2019-110)
B10: Identify the Development
C11: Application #
C12: Name
C13: County | D13: <select from menu> | F13: =IF(D13="","STOP: Please select a County","")
B15: What year was the RFA issued? | D15: <select from menu>
B17: Questions below will ask to identify certain criteria. This can be done by entering a "1" in the cell to the left of the appropriate criteria.
B19: ="Identify which"&IF(N(D15)>2012," "&D15,"")&" RFA under which the Development was funded." -> Identify which RFA under which the Development was funded.
D20: RFA | E20: Application Deadline | G20: RFA Description
D21: =IFERROR(IF(Year=Data!A$2," ",CHOOSE(Year-2012,Data!M2,Data!L2,Data!K2,Data!J2,Data!I2,Data!H2,Data!G2,Data!F2,Data!E2,Data!D2,Data!C2)),"") | E21: =IFERROR(IF(Year=Data!A$2," ",CHOOSE(Year-2012,Data!M22,Data!L22,Data!K22,Data!J22,Data!I22,Data!H22,Data!G22,Data!F22,Data!E22,Data!D22,Data!C22)),"") | G21: =IFERROR(IF(Year=Data!A$2," ",CHOOSE(Year-2012,Data!M42,Data!L42,Data!K42,Data!J42,Data!I42,Data!H42,Data!G42,Data!F42,Data!E42,Data!D42,Data!C42)),"")
D22: =IFERROR(IF(Year=Data!A$2," ",CHOOSE(Year-2012,Data!M3,Data!L3,Data!K3,Data!J3,Data!I3,Data!H3,Data!G3,Data!F3,Data!E3,Data!D3,Data!C3)),"") | E22: =IFERROR(IF(Year=Data!A$2," ",CHOOSE(Year-2012,Data!M23,Data!L23,Data!K23,Data!J23,Data!I23,Data!H23,Data!G23,Data!F23,Data!E23,Data!D23,Data!C23)),"") | G22: =IFERROR(IF(Year=Data!A$2," ",CHOOSE(Year-2012,Data!M43,Data!L43,Data!K43,Data!J43,Data!I43,Data!H43,Data!G43,Data!F43,Data!E43,Data!D43,Data!C43)),"")
D23: =IFERROR(IF(Year=Data!A$2," ",CHOOSE(Year-2012,Data!M4,Data!L4,Data!K4,Data!J4,Data!I4,Data!H4,Data!G4,Data!F4,Data!E4,Data!D4,Data!C4)),"") | E23: =IFERROR(IF(Year=Data!A$2," ",CHOOSE(Year-2012,Data!M24,Data!L24,Data!K24,Data!J24,Data!I24,Data!H24,Data!G24,Data!F24,Data!E24,Data!D24,Data!C24)),"") | G23: =IFERROR(IF(Year=Data!A$2," ",CHOOSE(Year-2012,Data!M44,Data!L44,Data!K44,Data!J44,Data!I44,Data!H44,Data!G44,Data!F44,Data!E44,Data!D44,Data!C44)),"")
D24: =IFERROR(IF(Year=Data!A$2," ",CHOOSE(Year-2012,Data!M5,Data!L5,Data!K5,Data!J5,Data!I5,Data!H5,Data!G5,Data!F5,Data!E5,Data!D5,Data!C5)),"") | E24: =IFERROR(IF(Year=Data!A$2," ",CHOOSE(Year-2012,Data!M25,Data!L25,Data!K25,Data!J25,Data!I25,Data!H25,Data!G25,Data!F25,Data!E25,Data!D25,Data!C25)),"") | G24: =IFERROR(IF(Year=Data!A$2," ",CHOOSE(Year-2012,Data!M45,Data!L45,Data!K45,Data!J45,Data!I45,Data!H45,Data!G45,Data!F45,Data!E45,Data!D45,Data!C45)),"")
D25: =IFERROR(IF(Year=Data!A$2," ",CHOOSE(Year-2012,Data!M6,Data!L6,Data!K6,Data!J6,Data!I6,Data!H6,Data!G6,Data!F6,Data!E6,Data!D6,Data!C6)),"") | E25: =IFERROR(IF(Year=Data!A$2," ",CHOOSE(Year-2012,Data!M26,Data!L26,Data!K26,Data!J26,Data!I26,Data!H26,Data!G26,Data!F26,Data!E26,Data!D26,Data!C26)),"") | G25: =IFERROR(IF(Year=Data!A$2," ",CHOOSE(Year-2012,Data!M46,Data!L46,Data!K46,Data!J46,Data!I46,Data!H46,Data!G46,Data!F46,Data!E46,Data!D46,Data!C46)),"")
D26: =IFERROR(IF(Year=Data!A$2," ",CHOOSE(Year-2012,Data!M7,Data!L7,Data!K7,Data!J7,Data!I7,Data!H7,Data!G7,Data!F7,Data!E7,Data!D7,Data!C7)),"") | E26: =IFERROR(IF(Year=Data!A$2," ",CHOOSE(Year-2012,Data!M27,Data!L27,Data!K27,Data!J27,Data!I27,Data!H27,Data!G27,Data!F27,Data!E27,Data!D27,Data!C27)),"") | G26: =IFERROR(IF(Year=Data!A$2," ",CHOOSE(Year-2012,Data!M47,Data!L47,Data!K47,Data!J47,Data!I47,Data!H47,Data!G47,Data!F47,Data!E47,Data!D47,Data!C47)),"")
D27: =IFERROR(IF(Year=Data!A$2," ",CHOOSE(Year-2012,Data!M8,Data!L8,Data!K8,Data!J8,Data!I8,Data!H8,Data!G8,Data!F8,Data!E8,Data!D8,Data!C8)),"") | E27: =IFERROR(IF(Year=Data!A$2," ",CHOOSE(Year-2012,Data!M28,Data!L28,Data!K28,Data!J28,Data!I28,Data!H28,Data!G28,Data!F28,Data!E28,Data!D28,Data!C28)),"") | G27: =IFERROR(IF(Year=Data!A$2," ",CHOOSE(Year-2012,Data!M48,Data!L48,Data!K48,Data!J48,Data!I48,Data!H48,Data!G48,Data!F48,Data!E48,Data!D48,Data!C48)),"")
D28: =IFERROR(IF(Year=Data!A$2," ",CHOOSE(Year-2012,Data!M9,Data!L9,Data!K9,Data!J9,Data!I9,Data!H9,Data!G9,Data!F9,Data!E9,Data!D9,Data!C9)),"") | E28: =IFERROR(IF(Year=Data!A$2," ",CHOOSE(Year-2012,Data!M29,Data!L29,Data!K29,Data!J29,Data!I29,Data!H29,Data!G29,Data!F29,Data!E29,Data!D29,Data!C29)),"") | G28: =IFERROR(IF(Year=Data!A$2," ",CHOOSE(Year-2012,Data!M49,Data!L49,Data!K49,Data!J49,Data!I49,Data!H49,Data!G49,Data!F49,Data!E49,Data!D49,Data!C49)),"")
D29: =IFERROR(IF(Year=Data!A$2," ",CHOOSE(Year-2012,Data!M10,Data!L10,Data!K10,Data!J10,Data!I10,Data!H10,Data!G10,Data!F10,Data!E10,Data!D10,Data!C10)),"") | E29: =IFERROR(IF(Year=Data!A$2," ",CHOOSE(Year-2012,Data!M30,Data!L30,Data!K30,Data!J30,Data!I30,Data!H30,Data!G30,Data!F30,Data!E30,Data!D30,Data!C30)),"") | G29: =IFERROR(IF(Year=Data!A$2," ",CHOOSE(Year-2012,Data!M50,Data!L50,Data!K50,Data!J50,Data!I50,Data!H50,Data!G50,Data!F50,Data!E50,Data!D50,Data!C50)),"")
D30: =IFERROR(IF(Year=Data!A$2," ",CHOOSE(Year-2012,Data!M11,Data!L11,Data!K11,Data!J11,Data!I11,Data!H11,Data!G11,Data!F11,Data!E11,Data!D11,Data!C11)),"") | E30: =IFERROR(IF(Year=Data!A$2," ",CHOOSE(Year-2012,Data!M31,Data!L31,Data!K31,Data!J31,Data!I31,Data!H31,Data!G31,Data!F31,Data!E31,Data!D31,Data!C31)),"") | G30: =IFERROR(IF(Year=Data!A$2," ",CHOOSE(Year-2012,Data!M51,Data!L51,Data!K51,Data!J51,Data!I51,Data!H51,Data!G51,Data!F51,Data!E51,Data!D51,Data!C51)),"")
D31: =IFERROR(IF(Year=Data!A$2," ",CHOOSE(Year-2012,Data!M12,Data!L12,Data!K12,Data!J12,Data!I12,Data!H12,Data!G12,Data!F12,Data!E12,Data!D12,Data!C12)),"") | E31: =IFERROR(IF(Year=Data!A$2," ",CHOOSE(Year-2012,Data!M32,Data!L32,Data!K32,Data!J32,Data!I32,Data!H32,Data!G32,Data!F32,Data!E32,Data!D32,Data!C32)),"") | G31: =IFERROR(IF(Year=Data!A$2," ",CHOOSE(Year-2012,Data!M52,Data!L52,Data!K52,Data!J52,Data!I52,Data!H52,Data!G52,Data!F52,Data!E52,Data!D52,Data!C52)),"")
D32: =IFERROR(IF(Year=Data!A$2," ",CHOOSE(Year-2012,Data!M13,Data!L13,Data!K13,Data!J13,Data!I13,Data!H13,Data!G13,Data!F13,Data!E13,Data!D13,Data!C13)),"") | E32: =IFERROR(IF(Year=Data!A$2," ",CHOOSE(Year-2012,Data!M33,Data!L33,Data!K33,Data!J33,Data!I33,Data!H33,Data!G33,Data!F33,Data!E33,Data!D33,Data!C33)),"") | G32: =IFERROR(IF(Year=Data!A$2," ",CHOOSE(Year-2012,Data!M53,Data!L53,Data!K53,Data!J53,Data!I53,Data!H53,Data!G53,Data!F53,Data!E53,Data!D53,Data!C53)),"")
... D38: =IFERROR(IF(Year=Data!A$2," ",CHOOSE(Year-2012,Data!M19,Data!L19,Data!K19,Data!J19,Data!I19,Data!H19,Data!G19,Data!F19,Data!E19,Data!D19,Data!C19)),"") | E38: =IFERROR(IF(Year=Data!A$2," ",CHOOSE(Year-2012,Data!M39,Data!L39,Data!K39,Data!J39,Data!I39,Data!H39,Data!G39,Data!F39,Data!E39,Data!D39,Data!C39)),"") | G38: =IFERROR(IF(Year=Data!A$2," ",CHOOSE(Year-2012,Data!M59,Data!L59,Data!K59,Data!J59,Data!I59,Data!H59,Data!G59,Data!F59,Data!E59,Data!D59,Data!C59)),"")
B40: ="Identify the appropriate TDC Add-Ons"&IF(ISERROR(VLOOKUP(1,Identify,2)),""," for"&RIGHT(VLOOKUP(1,Identify,2),LEN(VLOOKUP(1,Identify,2))-1)&". Select mutliple choices if applicable.") -> Identify the appropriate TDC Add-Ons | G40: Automatically Applies
B41: =IFERROR(IFERROR(HLOOKUP(IFERROR(VLOOKUP(1,Identify,2)&IF(OR(AND(OR($D$13="Broward",$D$13="Miami-Dade"),VLOOKUP(VLOOKUP(1,Identify,2),SF_RFAs,2)="Y"),AND(OR($D$13="Broward",$D$13="Miami-Dade",$D$13="Palm Beach"),VLOOKUP(VLOOKUP(1,Identify,2),SF_RFAs,3)="Y")),"SF","")," "),AddOns2,2+COUNTA(D$40:D40)),"")-IFERROR(OR(AND((HLOOKUP((VLOOKUP(1,Identify,2)),AddOns2,2+COUNTA(D$40:D40))=7500),H4=1),AND((HLOOKUP((VLOOKUP(1,Identify,2)),AddOns2,2+COUNTA(D$40:D40))=7500),H5=1),AND((HLOOKUP((VLOOKUP(1,Identify,2)),AddOns2,2+COUNTA(D$40:D40))=7500),H5=1,H6=1),AND((HLOOKUP((VLOOKUP(1,Identify,2)),AddOns2,2+COUNTA(D$40:D40))=7500),H6=1))*2500,""),"") | D41: =IFERROR(HLOOKUP(IFERROR(VLOOKUP(1,Identify,2)&IF(OR(AND(OR($D$13="Broward",$D$13="Miami-Dade"),VLOOKUP(VLOOKUP(1,Identify,2),SF_RFAs,2)="Y"),AND(OR($D$13="Broward",$D$13="Miami-Dade",$D$13="Palm Beach"),VLOOKUP(VLOOKUP(1,Identify,2),SF_RFAs,3)="Y")),"SF","")," "),AddOns,2+COUNTA(D$40:D40))," ") | G41: =IF(OR(AND($D41="HOME Boost (Post 6/15/2018 Board Meeting Only)",SUM($H$5+$H$6+$H$7>0)),AND($D41="Tax-Exempt Bonds Boost (Post 6/15/2018 Board Meeting Only)",SUM($H$5+$H$6+$H$7>0)),AND($D41="Tax-Exempt Bonds Boost (Automatic Boost)"),AND($D41="Federal Programs Boost"),AND($D41="HOME Boost (Automatic Boost)")),1,"")
B42: =IFERROR(IFERROR(HLOOKUP(IFERROR(VLOOKUP(1,Identify,2)&IF(OR(AND(OR($D$13="Broward",$D$13="Miami-Dade"),VLOOKUP(VLOOKUP(1,Identify,2),SF_RFAs,2)="Y"),AND(OR($D$13="Broward",$D$13="Miami-Dade",$D$13="Palm Beach"),VLOOKUP(VLOOKUP(1,Identify,2),SF_RFAs,3)="Y")),"SF","")," "),AddOns2,2+COUNTA(D$40:D41)),"")-IFERROR(OR(AND((HLOOKUP((VLOOKUP(1,Identify,2)),AddOns2,2+COUNTA(D$40:D41))=7500),H4=1),AND((HLOOKUP((VLOOKUP(1,Identify,2)),AddOns2,2+COUNTA(D$40:D41))=7500),H5=1),AND((HLOOKUP((VLOOKUP(1,Identify,2)),AddOns2,2+COUNTA(D$40:D41))=7500),H5=1,H6=1),AND((HLOOKUP((VLOOKUP(1,Identify,2)),AddOns2,2+COUNTA(D$40:D41))=7500),H6=1))*2500,""),"") | D42: =IFERROR(HLOOKUP(IFERROR(VLOOKUP(1,Identify,2)&IF(OR(AND(OR($D$13="Broward",$D$13="Miami-Dade"),VLOOKUP(VLOOKUP(1,Identify,2),SF_RFAs,2)="Y"),AND(OR($D$13="Broward",$D$13="Miami-Dade",$D$13="Palm Beach"),VLOOKUP(VLOOKUP(1,Identify,2),SF_RFAs,3)="Y")),"SF","")," "),AddOns,2+COUNTA(D$40:D41))," ") | G42: =IF(OR(AND($D42="HOME Boost (Post 6/15/2018 Board Meeting Only)",SUM($H$5+$H$6+$H$7>0)),AND($D42="Tax-Exempt Bonds Boost (Post 6/15/2018 Board Meeting Only)",SUM($H$5+$H$6+$H$7>0)),AND($D42="Tax-Exempt Bonds Boost (Automatic Boost)"),AND($D42="Federal Programs Boost"),AND($D42="HOME Boost (Automatic Boost)")),1,"")
D43: Board Approved One-Off Modification
B45: ="Identify the appropriate TDC Multipliers"&IF(ISERROR(VLOOKUP(1,Identify,2)),""," for"&RIGHT(VLOOKUP(1,Identify,2),LEN(VLOOKUP(1,Identify,2))-1)&". Select mutliple choices if applicable.") -> Identify the appropriate TDC Multipliers
B46: =IFERROR(HLOOKUP(IFERROR(VLOOKUP(1,Identify,2)&IF(OR(AND(OR($D$13="Broward",$D$13="Miami-Dade"),VLOOKUP(VLOOKUP(1,Identify,2),SF_RFAs,2)="Y"),AND(OR($D$13="Broward",$D$13="Miami-Dade",$D$13="Palm Beach"),VLOOKUP(VLOOKUP(1,Identify,2),SF_RFAs,3)="Y")),"SF","")," "),MultiplierNumbers,2+COUNTA(D$45:D45))," ") | D46: =IFERROR(HLOOKUP(IFERROR(VLOOKUP(1,Identify,2)&IF(OR(AND(OR($D$13="Broward",$D$13="Miami-Dade"),VLOOKUP(VLOOKUP(1,Identify,2),SF_RFAs,2)="Y"),AND(OR($D$13="Broward",$D$13="Miami-Dade",$D$13="Palm Beach"),VLOOKUP(VLOOKUP(1,Identify,2),SF_RFAs,3)="Y")),"SF","")," "),MultiplierNames,2+COUNTA(D$45:D45))," ") | G46: =IF(OR(D46="DD Demo. in a Large Dev.",D46="PSN Demographic multiplier",D46="Homeless Demographic (Automatic Multiplier)",D46="Homeless Demographic & PDC",D46="Homeless Demographic (Automatic Multiplier)",D46="High Utilizer Demographic (Automatic Multiplier)"),1,"")
B47: =IFERROR(HLOOKUP(IFERROR(VLOOKUP(1,Identify,2)&IF(OR(AND(OR($D$13="Broward",$D$13="Miami-Dade"),VLOOKUP(VLOOKUP(1,Identify,2),SF_RFAs,2)="Y"),AND(OR($D$13="Broward",$D$13="Miami-Dade",$D$13="Palm Beach"),VLOOKUP(VLOOKUP(1,Identify,2),SF_RFAs,3)="Y")),"SF","")," "),MultiplierNumbers,2+COUNTA(D$45:D46))," ") | D47: =IFERROR(HLOOKUP(IFERROR(VLOOKUP(1,Identify,2)&IF(OR(AND(OR($D$13="Broward",$D$13="Miami-Dade"),VLOOKUP(VLOOKUP(1,Identify,2),SF_RFAs,2)="Y"),AND(OR($D$13="Broward",$D$13="Miami-Dade",$D$13="Palm Beach"),VLOOKUP(VLOOKUP(1,Identify,2),SF_RFAs,3)="Y")),"SF","")," "),MultiplierNames,2+COUNTA(D$45:D46))," ") | G47: =IF(OR(D47="DD Demo. in a Large Dev.",D47="PSN Demographic multiplier",D47="Homeless Demographic (Automatic Multiplier)",D47="Homeless Demographic & PDC",D47="Homeless Demographic (Automatic Multiplier)",D47="High Utilizer Demographic (Automatic Multiplier)"),1,"")
B48: =IFERROR(HLOOKUP(IFERROR(VLOOKUP(1,Identify,2)&IF(OR(AND(OR($D$13="Broward",$D$13="Miami-Dade"),VLOOKUP(VLOOKUP(1,Identify,2),SF_RFAs,2)="Y"),AND(OR($D$13="Broward",$D$13="Miami-Dade",$D$13="Palm Beach"),VLOOKUP(VLOOKUP(1,Identify,2),SF_RFAs,3)="Y")),"SF","")," "),MultiplierNumbers,2+COUNTA(D$45:D47))," ") | D48: =IFERROR(HLOOKUP(IFERROR(VLOOKUP(1,Identify,2)&IF(OR(AND(OR($D$13="Broward",$D$13="Miami-Dade"),VLOOKUP(VLOOKUP(1,Identify,2),SF_RFAs,2)="Y"),AND(OR($D$13="Broward",$D$13="Miami-Dade",$D$13="Palm Beach"),VLOOKUP(VLOOKUP(1,Identify,2),SF_RFAs,3)="Y")),"SF","")," "),MultiplierNames,2+COUNTA(D$45:D47))," ") | G48: =IF(OR(D48="DD Demo. in a Large Dev.",D48="PSN Demographic multiplier",D48="Homeless Demographic (Automatic Multiplier)",D48="Homeless Demographic & PDC",D48="Homeless Demographic (Automatic Multiplier)",D48="High Utilizer Demographic (Automatic Multiplier)"),1,"")
B49: =IFERROR(HLOOKUP(IFERROR(VLOOKUP(1,Identify,2)&IF(OR(AND(OR($D$13="Broward",$D$13="Miami-Dade"),VLOOKUP(VLOOKUP(1,Identify,2),SF_RFAs,2)="Y"),AND(OR($D$13="Broward",$D$13="Miami-Dade",$D$13="Palm Beach"),VLOOKUP(VLOOKUP(1,Identify,2),SF_RFAs,3)="Y")),"SF","")," "),MultiplierNumbers,2+COUNTA(D$45:D48))," ") | D49: =IFERROR(HLOOKUP(IFERROR(VLOOKUP(1,Identify,2)&IF(OR(AND(OR($D$13="Broward",$D$13="Miami-Dade"),VLOOKUP(VLOOKUP(1,Identify,2),SF_RFAs,2)="Y"),AND(OR($D$13="Broward",$D$13="Miami-Dade",$D$13="Palm Beach"),VLOOKUP(VLOOKUP(1,Identify,2),SF_RFAs,3)="Y")),"SF","")," "),MultiplierNames,2+COUNTA(D$45:D48))," ") | G49: =IF(OR(D49="DD Demo. in a Large Dev.",D49="PSN Demographic multiplier",D49="Homeless Demographic (Automatic Multiplier)",D49="Homeless Demographic & PDC",D49="Homeless Demographic (Automatic Multiplier)",D49="High Utilizer Demographic (Automatic Multiplier)"),1,"")
B50: =IFERROR(HLOOKUP(IFERROR(VLOOKUP(1,Identify,2)&IF(OR(AND(OR($D$13="Broward",$D$13="Miami-Dade"),VLOOKUP(VLOOKUP(1,Identify,2),SF_RFAs,2)="Y"),AND(OR($D$13="Broward",$D$13="Miami-Dade",$D$13="Palm Beach"),VLOOKUP(VLOOKUP(1,Identify,2),SF_RFAs,3)="Y")),"SF","")," "),MultiplierNumbers,2+COUNTA(D$45:D49))," ") | D50: =IFERROR(HLOOKUP(IFERROR(VLOOKUP(1,Identify,2)&IF(OR(AND(OR($D$13="Broward",$D$13="Miami-Dade"),VLOOKUP(VLOOKUP(1,Identify,2),SF_RFAs,2)="Y"),AND(OR($D$13="Broward",$D$13="Miami-Dade",$D$13="Palm Beach"),VLOOKUP(VLOOKUP(1,Identify,2),SF_RFAs,3)="Y")),"SF","")," "),MultiplierNames,2+COUNTA(D$45:D49))," ") | G50: =IF(OR(D50="DD Demo. in a Large Dev.",D50="PSN Demographic multiplier",D50="Homeless Demographic (Automatic Multiplier)",D50="Homeless Demographic & PDC",D50="Homeless Demographic (Automatic Multiplier)",D50="High Utilizer Demographic (Automatic Multiplier)"),1,"")
B51: =IFERROR(HLOOKUP(IFERROR(VLOOKUP(1,Identify,2)&IF(OR(AND(OR($D$13="Broward",$D$13="Miami-Dade"),VLOOKUP(VLOOKUP(1,Identify,2),SF_RFAs,2)="Y"),AND(OR($D$13="Broward",$D$13="Miami-Dade",$D$13="Palm Beach"),VLOOKUP(VLOOKUP(1,Identify,2),SF_RFAs,3)="Y")),"SF","")," "),MultiplierNumbers,2+COUNTA(D$45:D50))," ") | D51: =IFERROR(HLOOKUP(IFERROR(VLOOKUP(1,Identify,2)&IF(OR(AND(OR($D$13="Broward",$D$13="Miami-Dade"),VLOOKUP(VLOOKUP(1,Identify,2),SF_RFAs,2)="Y"),AND(OR($D$13="Broward",$D$13="Miami-Dade",$D$13="Palm Beach"),VLOOKUP(VLOOKUP(1,Identify,2),SF_RFAs,3)="Y")),"SF","")," "),MultiplierNames,2+COUNTA(D$45:D50))," ") | G51: =IF(OR(D51="DD Demo. in a Large Dev.",D51="PSN Demographic multiplier",D51="Homeless Demographic (Automatic Multiplier)",D51="Homeless Demographic & PDC",D51="Homeless Demographic (Automatic Multiplier)",D51="High Utilizer Demographic (Automatic Multiplier)"),1,"")
B53: Identify the number and Development Category of all residential units | G53: =IF(OR(H57="Not In Balance",I57="Not In Balance"),"STOP: The unit mix is not in balance","")
B54: NC Units | C54: Rehab Units | E54: Total Units | H54: NC Units | I54: Rehab Units
D55: All new construction units | E55: =B55+C56+B57+C57 -> 0 | G55: Units identified in table to the left | H55: =B55+B57 -> 0 | I55: =C56+C57 -> 0
D56: All rehabilitation units | G56: Units identified in table below | H56: =SUMIF($B$65:$B$72,"=NC",$C$65:$C$72) -> 0 | I56: =SUMIF($B$65:$B$72,"=Rehab",$C$65:$C$72) -> 0
D57: Both NC and rehab units | H57: =IF(AND(N(H55)+N(H56)>0,H55=H56),"In Balance",IF(AND(N(H55)+N(H56)>0,H55<>H56),"NOT In Balance","")) | I57: =IF(AND(N(I55)+N(I56)>0,I55=I56),"In Balance",IF(AND(N(I55)+N(I56)>0,I55<>I56),"NOT In Balance",""))
B60: =IF(AND(Year<>Data!A2,SUM(RFA!C21:C38)=1),"This is for"&RIGHT(VLOOKUP(1,RFA!Identify,2),LEN(VLOOKUP(1,RFA!Identify,2))-1)&", subject to TDC PU Limitations "&IF(H4=1,"of the original RFAs, ",IF(AND(H5=1,H6=0),"in effect after the 06/15/2018 Board Meeting, but prior to the 03/06/2020 Board Meeting, ",IF(AND(H5=1,H6=1),"in effect after the 03/06/2020 Board Meeting, but prior to the 07/30/2021 Board Meeting, ",IF(H7=1,"in effect after the 07/30/2021 Board Meeting, but prior to the 04/01/2022 Board Meeting, ",IF(H8=1,"in effect after the 04/01/2022 Board Meeting, ","(need to select a Board Condtion at top of page), ")))))&"incorporating "&CHOOSE(MAX(C41,N(G41))+MAX(C42,N(G42))+MAX(C43,N(G43))+1,"no","one","two","three")&" TDC Add-On"&CHOOSE(MAX(C41,N(G41))+MAX(C42,N(G42))+MAX(C43,N(G43))+1,"s","","s","s")&" and "&CHOOSE(MAX(C46,N(G46))+MAX(C47,N(G47))+MAX(C48,N(G48))+MAX(C49,N(G49))+MAX(C50,N(G50))+MAX(C51,N(G51))+1,"no","one","two","three","four","five","six")&" TDC Multiplier"&CHOOSE(MAX(C46,N(G46))+MAX(C47,N(G47))+MAX(C48,N(G48))+MAX(C49,N(G49))+MAX(C50,N(G50))+MAX(C51,N(G51))+1,"s","","s","s","s","s","s")&".","")
G62: (e) = { [ (a) + (b) ] / (c) } * [ 1 + (d) ]
B63: Enter the number of Units for the Development Type (if there are multiple development types, # of units should be entered on each line accordingly) | E63: (a) | F63: (b) | G63: (c) | H63: (d) | I63: (e) | J63: Prorata Distribution | K63: Unit Values | L63: TDC Rank | M63: Combo # | N63: Rank
E64: Base Rate | F64: Add-On | G64: Multiplier | H64: Escalation Rate | I64: All-In Limit | J64: of Multiple Dev Types | K64: =COUNTIF(K65:K72,MAX(K65:K72)) -> 8 | L64: =COUNTIF(K65:K72,">0") -> 0
B65: =IF(AND(N(C65)>0,OR(RIGHT(D65,4)="(NC)",RIGHT(D65,3)="NC ")),"NC",IF(AND(N(C65)>0,OR(RIGHT(D65,7)="(Rehab)",RIGHT(D65,5)="Rehab")),"Rehab","")) | D65: =IFERROR(HLOOKUP(IFERROR(VLOOKUP(1,Identify,2)&IF(OR(AND(OR($D$13="Broward",$D$13="Miami-Dade"),VLOOKUP(VLOOKUP(1,Identify,2),SF_RFAs,2)="Y"),AND(OR($D$13="Broward",$D$13="Miami-Dade",$D$13="Palm Beach"),VLOOKUP(VLOOKUP(1,Identify,2),SF_RFAs,3)="Y")),"SF","")," "),Types,2+COUNTA(D$63:D63))," ") | E65: =IFERROR(HLOOKUP(IFERROR(VLOOKUP(1,Identify,2)&IF(OR(AND(OR($D$13="Broward",$D$13="Miami-Dade"),VLOOKUP(VLOOKUP(1,Identify,2),SF_RFAs,2)="Y"),AND(OR($D$13="Broward",$D$13="Miami-Dade",$D$13="Palm Beach"),VLOOKUP(VLOOKUP(1,Identify,2),SF_RFAs,3)="Y")),"SF","")," "),IF(H$4=1,Base01,IF(OR(H$5=1,H$6=1,H$5+H$6>1),Base02,IF(H$7=1,Base03,Base04))),2+COUNTA($D$64:$D64))," ") | F65: =IF(OR($C$41=1,$G$41=1),$B$41,0)+IF(OR($C$42=1,$G$42=1),$B$42,0)+IF(OR($C$43=1,$G$43=1),$B$43,0) -> 0 | G65: =IF(OR($C$46=1,$G$46=1),$B$46,1)*IF(OR($C$47=1,$G$47=1),$B$47,1)*IF(OR($C$48=1,$G$48=1),$B$48,1)*IF(OR($C$49=1,$G$49=1),$B$49,1)*IF(OR($C$50=1,$G$50=1),$B$50,1)*IF(OR($C$51=1,$G$51=1),$B$51,1) -> 1 | H65: =IFERROR((HLOOKUP(IFERROR(VLOOKUP(1,Identify,2)&IF(OR(AND(OR($D$13="Broward",$D$13="Miami-Dade"),VLOOKUP(VLOOKUP(1,Identify,2),SF_RFAs,2)="Y"),AND(OR($D$13="Broward",$D$13="Miami-Dade",$D$13="Palm Beach"),VLOOKUP(VLOOKUP(1,Identify,2),SF_RFAs,3)="Y")),"SF","")," "),IF(H$4=1,Escalate01,IF(H$5+H$6>1,Escalate03,IF(H$5=1,Escalate02,IF(H$7=1,Escalate04,Escalate05)))),2+COUNTA($D$64:$D64)))," ") | I65: =ROUND((N(E65)+N(F65))/IF(N(G65)=0,1,N(G65))*(1+N(H65)),2) -> 0 | J65: =IF(C$73=0,"",IF(I65*C65/C$73<1,"",I65*C65/C$73)) | K65: =N(C65) -> 0 | L65: =IF(AND(K$64=L$64,K$64>1),RANK(E65,E$65:E$72),RANK(K65,K$65:K$72)) -> 1 | M65: =IF(N(K65)+(8-N(L65))/10<1,"",N(K65)+(8-N(L65))/10) | N65: =IFERROR(RANK(M65,M$65:M$72,0),8) -> 8
B66: =IF(AND(N(C66)>0,OR(RIGHT(D66,4)="(NC)",RIGHT(D66,3)="NC ")),"NC",IF(AND(N(C66)>0,OR(RIGHT(D66,7)="(Rehab)",RIGHT(D66,5)="Rehab")),"Rehab","")) | D66: =IFERROR(HLOOKUP(IFERROR(VLOOKUP(1,Identify,2)&IF(OR(AND(OR($D$13="Broward",$D$13="Miami-Dade"),VLOOKUP(VLOOKUP(1,Identify,2),SF_RFAs,2)="Y"),AND(OR($D$13="Broward",$D$13="Miami-Dade",$D$13="Palm Beach"),VLOOKUP(VLOOKUP(1,Identify,2),SF_RFAs,3)="Y")),"SF","")," "),Types,2+COUNTA(D$63:D65))," ") | E66: =IFERROR(HLOOKUP(IFERROR(VLOOKUP(1,Identify,2)&IF(OR(AND(OR($D$13="Broward",$D$13="Miami-Dade"),VLOOKUP(VLOOKUP(1,Identify,2),SF_RFAs,2)="Y"),AND(OR($D$13="Broward",$D$13="Miami-Dade",$D$13="Palm Beach"),VLOOKUP(VLOOKUP(1,Identify,2),SF_RFAs,3)="Y")),"SF","")," "),IF(H$4=1,Base01,IF(OR(H$5=1,H$6=1,H$5+H$6>1),Base02,IF(H$7=1,Base03,Base04))),2+COUNTA($D$64:$D65))," ") | F66: =IF(OR($C$41=1,$G$41=1),$B$41,0)+IF(OR($C$42=1,$G$42=1),$B$42,0)+IF(OR($C$43=1,$G$43=1),$B$43,0) -> 0 | G66: =IF(OR($C$46=1,$G$46=1),$B$46,1)*IF(OR($C$47=1,$G$47=1),$B$47,1)*IF(OR($C$48=1,$G$48=1),$B$48,1)*IF(OR($C$49=1,$G$49=1),$B$49,1)*IF(OR($C$50=1,$G$50=1),$B$50,1)*IF(OR($C$51=1,$G$51=1),$B$51,1) -> 1 | H66: =IFERROR((HLOOKUP(IFERROR(VLOOKUP(1,Identify,2)&IF(OR(AND(OR($D$13="Broward",$D$13="Miami-Dade"),VLOOKUP(VLOOKUP(1,Identify,2),SF_RFAs,2)="Y"),AND(OR($D$13="Broward",$D$13="Miami-Dade",$D$13="Palm Beach"),VLOOKUP(VLOOKUP(1,Identify,2),SF_RFAs,3)="Y")),"SF","")," "),IF(H$4=1,Escalate01,IF(H$5+H$6>1,Escalate03,IF(H$5=1,Escalate02,IF(H$7=1,Escalate04,Escalate05)))),2+COUNTA($D$64:$D65)))," ") | I66: =ROUND((N(E66)+N(F66))/IF(N(G66)=0,1,N(G66))*(1+N(H66)),2) -> 0 | J66: =IF(C$73=0,"",IF(I66*C66/C$73<1,"",I66*C66/C$73)) | K66: =N(C66) -> 0 | L66: =IF(AND(K$64=L$64,K$64>1),IFERROR(RANK(E66,E$65:E$72),""),IFERROR(RANK(K66,K$65:K$72),"")) -> 1 | M66: =IF(N(K66)+(8-N(L66))/10<1,"",N(K66)+(8-N(L66))/10) | N66: =IFERROR(RANK(M66,M$65:M$72,0),8) -> 8
B67: =IF(AND(N(C67)>0,OR(RIGHT(D67,4)="(NC)",RIGHT(D67,3)="NC ")),"NC",IF(AND(N(C67)>0,OR(RIGHT(D67,7)="(Rehab)",RIGHT(D67,5)="Rehab")),"Rehab","")) | D67: =IFERROR(HLOOKUP(IFERROR(VLOOKUP(1,Identify,2)&IF(OR(AND(OR($D$13="Broward",$D$13="Miami-Dade"),VLOOKUP(VLOOKUP(1,Identify,2),SF_RFAs,2)="Y"),AND(OR($D$13="Broward",$D$13="Miami-Dade",$D$13="Palm Beach"),VLOOKUP(VLOOKUP(1,Identify,2),SF_RFAs,3)="Y")),"SF","")," "),Types,2+COUNTA(D$63:D66))," ") | E67: =IFERROR(HLOOKUP(IFERROR(VLOOKUP(1,Identify,2)&IF(OR(AND(OR($D$13="Broward",$D$13="Miami-Dade"),VLOOKUP(VLOOKUP(1,Identify,2),SF_RFAs,2)="Y"),AND(OR($D$13="Broward",$D$13="Miami-Dade",$D$13="Palm Beach"),VLOOKUP(VLOOKUP(1,Identify,2),SF_RFAs,3)="Y")),"SF","")," "),IF(H$4=1,Base01,IF(OR(H$5=1,H$6=1,H$5+H$6>1),Base02,IF(H$7=1,Base03,Base04))),2+COUNTA($D$64:$D66))," ") | F67: =IF(OR($C$41=1,$G$41=1),$B$41,0)+IF(OR($C$42=1,$G$42=1),$B$42,0)+IF(OR($C$43=1,$G$43=1),$B$43,0) -> 0 | G67: =IF(OR($C$46=1,$G$46=1),$B$46,1)*IF(OR($C$47=1,$G$47=1),$B$47,1)*IF(OR($C$48=1,$G$48=1),$B$48,1)*IF(OR($C$49=1,$G$49=1),$B$49,1)*IF(OR($C$50=1,$G$50=1),$B$50,1)*IF(OR($C$51=1,$G$51=1),$B$51,1) -> 1 | H67: =IFERROR((HLOOKUP(IFERROR(VLOOKUP(1,Identify,2)&IF(OR(AND(OR($D$13="Broward",$D$13="Miami-Dade"),VLOOKUP(VLOOKUP(1,Identify,2),SF_RFAs,2)="Y"),AND(OR($D$13="Broward",$D$13="Miami-Dade",$D$13="Palm Beach"),VLOOKUP(VLOOKUP(1,Identify,2),SF_RFAs,3)="Y")),"SF","")," "),IF(H$4=1,Escalate01,IF(H$5+H$6>1,Escalate03,IF(H$5=1,Escalate02,IF(H$7=1,Escalate04,Escalate05)))),2+COUNTA($D$64:$D66)))," ") | I67: =ROUND((N(E67)+N(F67))/IF(N(G67)=0,1,N(G67))*(1+N(H67)),2) -> 0 | J67: =IF(C$73=0,"",IF(I67*C67/C$73<1,"",I67*C67/C$73)) | K67: =N(C67) -> 0 | L67: =IF(AND(K$64=L$64,K$64>1),IFERROR(RANK(E67,E$65:E$72),""),IFERROR(RANK(K67,K$65:K$72),"")) -> 1 | M67: =IF(N(K67)+(8-N(L67))/10<1,"",N(K67)+(8-N(L67))/10) | N67: =IFERROR(RANK(M67,M$65:M$72,0),8) -> 8
B68: =IF(AND(N(C68)>0,OR(RIGHT(D68,4)="(NC)",RIGHT(D68,3)="NC ")),"NC",IF(AND(N(C68)>0,OR(RIGHT(D68,7)="(Rehab)",RIGHT(D68,5)="Rehab")),"Rehab","")) | D68: =IFERROR(HLOOKUP(IFERROR(VLOOKUP(1,Identify,2)&IF(OR(AND(OR($D$13="Broward",$D$13="Miami-Dade"),VLOOKUP(VLOOKUP(1,Identify,2),SF_RFAs,2)="Y"),AND(OR($D$13="Broward",$D$13="Miami-Dade",$D$13="Palm Beach"),VLOOKUP(VLOOKUP(1,Identify,2),SF_RFAs,3)="Y")),"SF","")," "),Types,2+COUNTA(D$63:D67))," ") | E68: =IFERROR(HLOOKUP(IFERROR(VLOOKUP(1,Identify,2)&IF(OR(AND(OR($D$13="Broward",$D$13="Miami-Dade"),VLOOKUP(VLOOKUP(1,Identify,2),SF_RFAs,2)="Y"),AND(OR($D$13="Broward",$D$13="Miami-Dade",$D$13="Palm Beach"),VLOOKUP(VLOOKUP(1,Identify,2),SF_RFAs,3)="Y")),"SF","")," "),IF(H$4=1,Base01,IF(OR(H$5=1,H$6=1,H$5+H$6>1),Base02,IF(H$7=1,Base03,Base04))),2+COUNTA($D$64:$D67))," ") | F68: =IF(OR($C$41=1,$G$41=1),$B$41,0)+IF(OR($C$42=1,$G$42=1),$B$42,0)+IF(OR($C$43=1,$G$43=1),$B$43,0) -> 0 | G68: =IF(OR($C$46=1,$G$46=1),$B$46,1)*IF(OR($C$47=1,$G$47=1),$B$47,1)*IF(OR($C$48=1,$G$48=1),$B$48,1)*IF(OR($C$49=1,$G$49=1),$B$49,1)*IF(OR($C$50=1,$G$50=1),$B$50,1)*IF(OR($C$51=1,$G$51=1),$B$51,1) -> 1 | H68: =IFERROR((HLOOKUP(IFERROR(VLOOKUP(1,Identify,2)&IF(OR(AND(OR($D$13="Broward",$D$13="Miami-Dade"),VLOOKUP(VLOOKUP(1,Identify,2),SF_RFAs,2)="Y"),AND(OR($D$13="Broward",$D$13="Miami-Dade",$D$13="Palm Beach"),VLOOKUP(VLOOKUP(1,Identify,2),SF_RFAs,3)="Y")),"SF","")," "),IF(H$4=1,Escalate01,IF(H$5+H$6>1,Escalate03,IF(H$5=1,Escalate02,IF(H$7=1,Escalate04,Escalate05)))),2+COUNTA($D$64:$D67)))," ") | I68: =ROUND((N(E68)+N(F68))/IF(N(G68)=0,1,N(G68))*(1+N(H68)),2) -> 0 | J68: =IF(C$73=0,"",IF(I68*C68/C$73<1,"",I68*C68/C$73)) | K68: =N(C68) -> 0 | L68: =IF(AND(K$64=L$64,K$64>1),IFERROR(RANK(E68,E$65:E$72),""),IFERROR(RANK(K68,K$65:K$72),"")) -> 1 | M68: =IF(N(K68)+(8-N(L68))/10<1,"",N(K68)+(8-N(L68))/10) | N68: =IFERROR(RANK(M68,M$65:M$72,0),8) -> 8
B69: =IF(AND(N(C69)>0,OR(RIGHT(D69,4)="(NC)",RIGHT(D69,3)="NC ")),"NC",IF(AND(N(C69)>0,OR(RIGHT(D69,7)="(Rehab)",RIGHT(D69,5)="Rehab")),"Rehab","")) | D69: =IFERROR(HLOOKUP(IFERROR(VLOOKUP(1,Identify,2)&IF(OR(AND(OR($D$13="Broward",$D$13="Miami-Dade"),VLOOKUP(VLOOKUP(1,Identify,2),SF_RFAs,2)="Y"),AND(OR($D$13="Broward",$D$13="Miami-Dade",$D$13="Palm Beach"),VLOOKUP(VLOOKUP(1,Identify,2),SF_RFAs,3)="Y")),"SF","")," "),Types,2+COUNTA(D$63:D68))," ") | E69: =IFERROR(HLOOKUP(IFERROR(VLOOKUP(1,Identify,2)&IF(OR(AND(OR($D$13="Broward",$D$13="Miami-Dade"),VLOOKUP(VLOOKUP(1,Identify,2),SF_RFAs,2)="Y"),AND(OR($D$13="Broward",$D$13="Miami-Dade",$D$13="Palm Beach"),VLOOKUP(VLOOKUP(1,Identify,2),SF_RFAs,3)="Y")),"SF","")," "),IF(H$4=1,Base01,IF(OR(H$5=1,H$6=1,H$5+H$6>1),Base02,IF(H$7=1,Base03,Base04))),2+COUNTA($D$64:$D68))," ") | F69: =IF(OR($C$41=1,$G$41=1),$B$41,0)+IF(OR($C$42=1,$G$42=1),$B$42,0)+IF(OR($C$43=1,$G$43=1),$B$43,0) -> 0 | G69: =IF(OR($C$46=1,$G$46=1),$B$46,1)*IF(OR($C$47=1,$G$47=1),$B$47,1)*IF(OR($C$48=1,$G$48=1),$B$48,1)*IF(OR($C$49=1,$G$49=1),$B$49,1)*IF(OR($C$50=1,$G$50=1),$B$50,1)*IF(OR($C$51=1,$G$51=1),$B$51,1) -> 1 | H69: =IFERROR((HLOOKUP(IFERROR(VLOOKUP(1,Identify,2)&IF(OR(AND(OR($D$13="Broward",$D$13="Miami-Dade"),VLOOKUP(VLOOKUP(1,Identify,2),SF_RFAs,2)="Y"),AND(OR($D$13="Broward",$D$13="Miami-Dade",$D$13="Palm Beach"),VLOOKUP(VLOOKUP(1,Identify,2),SF_RFAs,3)="Y")),"SF","")," "),IF(H$4=1,Escalate01,IF(H$5+H$6>1,Escalate03,IF(H$5=1,Escalate02,IF(H$7=1,Escalate04,Escalate05)))),2+COUNTA($D$64:$D68)))," ") | I69: =ROUND((N(E69)+N(F69))/IF(N(G69)=0,1,N(G69))*(1+N(H69)),2) -> 0 | J69: =IF(C$73=0,"",IF(I69*C69/C$73<1,"",I69*C69/C$73)) | K69: =N(C69) -> 0 | L69: =IF(AND(K$64=L$64,K$64>1),IFERROR(RANK(E69,E$65:E$72),""),IFERROR(RANK(K69,K$65:K$72),"")) -> 1 | M69: =IF(N(K69)+(8-N(L69))/10<1,"",N(K69)+(8-N(L69))/10) | N69: =IFERROR(RANK(M69,M$65:M$72,0),8) -> 8
B70: =IF(AND(N(C70)>0,OR(RIGHT(D70,4)="(NC)",RIGHT(D70,3)="NC ")),"NC",IF(AND(N(C70)>0,OR(RIGHT(D70,7)="(Rehab)",RIGHT(D70,5)="Rehab")),"Rehab","")) | D70: =IFERROR(HLOOKUP(IFERROR(VLOOKUP(1,Identify,2)&IF(OR(AND(OR($D$13="Broward",$D$13="Miami-Dade"),VLOOKUP(VLOOKUP(1,Identify,2),SF_RFAs,2)="Y"),AND(OR($D$13="Broward",$D$13="Miami-Dade",$D$13="Palm Beach"),VLOOKUP(VLOOKUP(1,Identify,2),SF_RFAs,3)="Y")),"SF","")," "),Types,2+COUNTA(D$63:D69))," ") | E70: =IFERROR(HLOOKUP(IFERROR(VLOOKUP(1,Identify,2)&IF(OR(AND(OR($D$13="Broward",$D$13="Miami-Dade"),VLOOKUP(VLOOKUP(1,Identify,2),SF_RFAs,2)="Y"),AND(OR($D$13="Broward",$D$13="Miami-Dade",$D$13="Palm Beach"),VLOOKUP(VLOOKUP(1,Identify,2),SF_RFAs,3)="Y")),"SF","")," "),IF(H$4=1,Base01,IF(OR(H$5=1,H$6=1,H$5+H$6>1),Base02,IF(H$7=1,Base03,Base04))),2+COUNTA($D$64:$D69))," ") | F70: =IF(OR($C$41=1,$G$41=1),$B$41,0)+IF(OR($C$42=1,$G$42=1),$B$42,0)+IF(OR($C$43=1,$G$43=1),$B$43,0) -> 0 | G70: =IF(OR($C$46=1,$G$46=1),$B$46,1)*IF(OR($C$47=1,$G$47=1),$B$47,1)*IF(OR($C$48=1,$G$48=1),$B$48,1)*IF(OR($C$49=1,$G$49=1),$B$49,1)*IF(OR($C$50=1,$G$50=1),$B$50,1)*IF(OR($C$51=1,$G$51=1),$B$51,1) -> 1 | H70: =IFERROR((HLOOKUP(IFERROR(VLOOKUP(1,Identify,2)&IF(OR(AND(OR($D$13="Broward",$D$13="Miami-Dade"),VLOOKUP(VLOOKUP(1,Identify,2),SF_RFAs,2)="Y"),AND(OR($D$13="Broward",$D$13="Miami-Dade",$D$13="Palm Beach"),VLOOKUP(VLOOKUP(1,Identify,2),SF_RFAs,3)="Y")),"SF","")," "),IF(H$4=1,Escalate01,IF(H$5+H$6>1,Escalate03,IF(H$5=1,Escalate02,IF(H$7=1,Escalate04,Escalate05)))),2+COUNTA($D$64:$D69)))," ") | I70: =ROUND((N(E70)+N(F70))/IF(N(G70)=0,1,N(G70))*(1+N(H70)),2) -> 0 | J70: =IF(C$73=0,"",IF(I70*C70/C$73<1,"",I70*C70/C$73)) | K70: =N(C70) -> 0 | L70: =IF(AND(K$64=L$64,K$64>1),IFERROR(RANK(E70,E$65:E$72),""),IFERROR(RANK(K70,K$65:K$72),"")) -> 1 | M70: =IF(N(K70)+(8-N(L70))/10<1,"",N(K70)+(8-N(L70))/10) | N70: =IFERROR(RANK(M70,M$65:M$72,0),8) -> 8
B71: =IF(AND(N(C71)>0,OR(RIGHT(D71,4)="(NC)",RIGHT(D71,3)="NC ")),"NC",IF(AND(N(C71)>0,OR(RIGHT(D71,7)="(Rehab)",RIGHT(D71,5)="Rehab")),"Rehab","")) | D71: =IFERROR(HLOOKUP(IFERROR(VLOOKUP(1,Identify,2)&IF(OR(AND(OR($D$13="Broward",$D$13="Miami-Dade"),VLOOKUP(VLOOKUP(1,Identify,2),SF_RFAs,2)="Y"),AND(OR($D$13="Broward",$D$13="Miami-Dade",$D$13="Palm Beach"),VLOOKUP(VLOOKUP(1,Identify,2),SF_RFAs,3)="Y")),"SF","")," "),Types,2+COUNTA(D$63:D70))," ") | E71: =IFERROR(HLOOKUP(IFERROR(VLOOKUP(1,Identify,2)&IF(OR(AND(OR($D$13="Broward",$D$13="Miami-Dade"),VLOOKUP(VLOOKUP(1,Identify,2),SF_RFAs,2)="Y"),AND(OR($D$13="Broward",$D$13="Miami-Dade",$D$13="Palm Beach"),VLOOKUP(VLOOKUP(1,Identify,2),SF_RFAs,3)="Y")),"SF","")," "),IF(H$4=1,Base01,IF(OR(H$5=1,H$6=1,H$5+H$6>1),Base02,IF(H$7=1,Base03,Base04))),2+COUNTA($D$64:$D70))," ") | F71: =IF(OR($C$41=1,$G$41=1),$B$41,0)+IF(OR($C$42=1,$G$42=1),$B$42,0)+IF(OR($C$43=1,$G$43=1),$B$43,0) -> 0 | G71: =IF(OR($C$46=1,$G$46=1),$B$46,1)*IF(OR($C$47=1,$G$47=1),$B$47,1)*IF(OR($C$48=1,$G$48=1),$B$48,1)*IF(OR($C$49=1,$G$49=1),$B$49,1)*IF(OR($C$50=1,$G$50=1),$B$50,1)*IF(OR($C$51=1,$G$51=1),$B$51,1) -> 1 | H71: =IFERROR((HLOOKUP(IFERROR(VLOOKUP(1,Identify,2)&IF(OR(AND(OR($D$13="Broward",$D$13="Miami-Dade"),VLOOKUP(VLOOKUP(1,Identify,2),SF_RFAs,2)="Y"),AND(OR($D$13="Broward",$D$13="Miami-Dade",$D$13="Palm Beach"),VLOOKUP(VLOOKUP(1,Identify,2),SF_RFAs,3)="Y")),"SF","")," "),IF(H$4=1,Escalate01,IF(H$5+H$6>1,Escalate03,IF(H$5=1,Escalate02,IF(H$7=1,Escalate04,Escalate05)))),2+COUNTA($D$64:$D70)))," ") | I71: =ROUND((N(E71)+N(F71))/IF(N(G71)=0,1,N(G71))*(1+N(H71)),2) -> 0 | J71: =IF(C$73=0,"",IF(I71*C71/C$73<1,"",I71*C71/C$73)) | K71: =N(C71) -> 0 | L71: =IF(AND(K$64=L$64,K$64>1),IFERROR(RANK(E71,E$65:E$72),""),IFERROR(RANK(K71,K$65:K$72),"")) -> 1 | M71: =IF(N(K71)+(8-N(L71))/10<1,"",N(K71)+(8-N(L71))/10) | N71: =IFERROR(RANK(M71,M$65:M$72,0),8) -> 8
B72: =IF(AND(N(C72)>0,OR(RIGHT(D72,4)="(NC)",RIGHT(D72,3)="NC ")),"NC",IF(AND(N(C72)>0,OR(RIGHT(D72,7)="(Rehab)",RIGHT(D72,5)="Rehab")),"Rehab","")) | D72: =IFERROR(HLOOKUP(IFERROR(VLOOKUP(1,Identify,2)&IF(OR(AND(OR($D$13="Broward",$D$13="Miami-Dade"),VLOOKUP(VLOOKUP(1,Identify,2),SF_RFAs,2)="Y"),AND(OR($D$13="Broward",$D$13="Miami-Dade",$D$13="Palm Beach"),VLOOKUP(VLOOKUP(1,Identify,2),SF_RFAs,3)="Y")),"SF","")," "),Types,2+COUNTA(D$63:D71))," ") | E72: =IFERROR(HLOOKUP(IFERROR(VLOOKUP(1,Identify,2)&IF(OR(AND(OR($D$13="Broward",$D$13="Miami-Dade"),VLOOKUP(VLOOKUP(1,Identify,2),SF_RFAs,2)="Y"),AND(OR($D$13="Broward",$D$13="Miami-Dade",$D$13="Palm Beach"),VLOOKUP(VLOOKUP(1,Identify,2),SF_RFAs,3)="Y")),"SF","")," "),IF(H$4=1,Base01,IF(OR(H$5=1,H$6=1,H$5+H$6>1),Base02,IF(H$7=1,Base03,Base04))),2+COUNTA($D$64:$D71))," ") | F72: =IF(OR($C$41=1,$G$41=1),$B$41,0)+IF(OR($C$42=1,$G$42=1),$B$42,0)+IF(OR($C$43=1,$G$43=1),$B$43,0) -> 0 | G72: =IF(OR($C$46=1,$G$46=1),$B$46,1)*IF(OR($C$47=1,$G$47=1),$B$47,1)*IF(OR($C$48=1,$G$48=1),$B$48,1)*IF(OR($C$49=1,$G$49=1),$B$49,1)*IF(OR($C$50=1,$G$50=1),$B$50,1)*IF(OR($C$51=1,$G$51=1),$B$51,1) -> 1 | H72: =IFERROR((HLOOKUP(IFERROR(VLOOKUP(1,Identify,2)&IF(OR(AND(OR($D$13="Broward",$D$13="Miami-Dade"),VLOOKUP(VLOOKUP(1,Identify,2),SF_RFAs,2)="Y"),AND(OR($D$13="Broward",$D$13="Miami-Dade",$D$13="Palm Beach"),VLOOKUP(VLOOKUP(1,Identify,2),SF_RFAs,3)="Y")),"SF","")," "),IF(H$4=1,Escalate01,IF(H$5+H$6>1,Escalate03,IF(H$5=1,Escalate02,IF(H$7=1,Escalate04,Escalate05)))),2+COUNTA($D$64:$D71)))," ") | I72: =ROUND((N(E72)+N(F72))/IF(N(G72)=0,1,N(G72))*(1+N(H72)),2) -> 0 | J72: =IF(C$73=0,"",IF(I72*C72/C$73<1,"",I72*C72/C$73)) | K72: =N(C72) -> 0 | L72: =IF(AND(K$64=L$64,K$64>1),IFERROR(RANK(E72,E$65:E$72),""),IFERROR(RANK(K72,K$65:K$72),"")) -> 1 | M72: =IF(N(K72)+(8-N(L72))/10<1,"",N(K72)+(8-N(L72))/10) | N72: =IFERROR(RANK(M72,M$65:M$72,0),8) -> 8
B73: Total Units | C73: =SUM(C65:C72) -> 0 | H73: All-In TDC Limit PU w/ Add-On, Multiplier & Escalation: | I73: =IF($C73=0,0,SUMPRODUCT($I$65:$I$72,$C$65:$C$72)/$C73) -> 0
C74: =IF(C73<>E55,"STOP: The number of units entered above must equal the Total Units in cell E54","")
I75: Mixed Development Type Total (e) = { [ (a)1 + (b)1 ] * [ 1 + (d)1 ] * # Units1 + [ (a)2 + (b)2 ] * [ 1 + (d)2 ] * # Units2 } / Total Units / (c)
I76: =IF(COUNTIF(C65:C72,">0")<2,"",IF(K64<>L64,"where 1 is the Development Type with the most units and 2 is the one with next highest number of units, etc.","where 1 is the Development Type with the highest TDC Base Rate and 2 is the one with the next highest TDC Base Rate"&IF(K64>2,", etc.","")))

Sheet CUR
B1: DF=Developer Fee; NC=New Construction; TDC=Total Development Cost; CUR=Credit Underwriting Report; CU=Credit Underwriter; Cells with a yellow background are input cells. Each input cell includes a comment to assist with the input. | D1: TDC Review
D2: At CUR
B4: Application # of Subject Development | D4: =IF(CELL("type",RFA!D11)="b","",RFA!D11)
B5: Name of Subject Development | D5: =IF(CELL("type",RFA!D12)="b","",RFA!D12)
B6: Applicable Competitive Application | D6: =IFERROR(VLOOKUP(1,RFA!C21:D38,2,FALSE),"")
B7: NC Units | D7: =RFA!B55+RFA!B57 -> 0 | G7: =RFA!H57
B8: Rehab Units | D8: =RFA!C56+RFA!C57 -> 0 | G8: =RFA!I57
B9: Maximum Developer Fee (%) | D9: 0.16 | G9: (16%, 18%, 21%, 10% and a Board Approved option)
B10: TDC Per Unit Limitiation, Inclusive of Add-on, Multiplier, and Escalation Adjustment | D10: =RFA!I73 -> 0 | G10: =IF(N(D10)=0,"",IF(RFA!L64=1,"[ ( "&TEXT(_xlfn.XLOOKUP(1,RFA!N65:N72,RFA!E65:E72),"$#,##0")&" Base + "&TEXT(_xlfn.XLOOKUP(1,RFA!N65:N72,RFA!F65:F72),"$#,##0")&" Add-On ) x ( 1+ "&TEXT(N(_xlfn.XLOOKUP(1,RFA!N65:N72,RFA!H65:H72)),"0.00%")&" Escalation Rate ) ÷ "&TEXT(IF(_xlfn.XLOOKUP(1,RFA!N65:N72,RFA!G65:G72)=0,100%,_xlfn.XLOOKUP(1,RFA!N65:N72,RFA!G65:G72)),"0%")&" Multiplier ]","[ ( [ ( "&TEXT(_xlfn.XLOOKUP(1,RFA!N65:N72,RFA!E65:E72),"$#,##0")&" Base + "&TEXT(_xlfn.XLOOKUP(1,RFA!N65:N72,RFA!F65:F72),"$#,##0")&" Add-On ) x "&TEXT(_xlfn.XLOOKUP(1,RFA!N65:N72,RFA!C65:C72),"0")&" Units x ( 1 + "&TEXT(N(_xlfn.XLOOKUP(1,RFA!N65:N72,RFA!H65:H72)),"0.00%")&" Escalation Rate ) + ( "&TEXT(_xlfn.XLOOKUP(2,RFA!N65:N72,RFA!E65:E72),"$#,##0")&" Base + "&TEXT(_xlfn.XLOOKUP(1,RFA!N65:N72,RFA!F65:F72),"$#,##0")&" Add-On ) x "&TEXT(_xlfn.XLOOKUP(2,RFA!N65:N72,RFA!C65:C72),"0")&" Units x ( 1+ "&TEXT(N(_xlfn.XLOOKUP(2,RFA!N65:N72,RFA!H65:H72)),"0.00%")&" Escalation Rate ) "&IF(RFA!L64>2,"+ ( "&TEXT(_xlfn.XLOOKUP(3,RFA!N65:N72,RFA!E65:E72),"$#,##0")&" Base + "&TEXT(_xlfn.XLOOKUP(3,RFA!N65:N72,RFA!F65:F72),"$#,##0")&" Add-On ) x "&TEXT(_xlfn.XLOOKUP(3,RFA!N65:N72,RFA!C65:C72),"0")&" Units x ( 1+ "&TEXT(N(_xlfn.XLOOKUP(3,RFA!N65:N72,RFA!H65:H72)),"0.00%")&" Escalation Rate )","")&" ] ÷ "&TEXT(RFA!E55,"0")&" Units ) ÷ "&TEXT(IF(_xlfn.XLOOKUP(1,RFA!N65:N72,RFA!G65:G72)=0,100%,_xlfn.XLOOKUP(1,RFA!N65:N72,RFA!G65:G72)),"0%")&" Multiplier ] "))
B11: Total Number of Units | D11: =D7+D8 -> 0
B12: TDC $ Limitiation, Inclusive of Add-on, Multiplier, and Escalation Adjustment | D12: =ROUNDDOWN(D10*D11,$J$12)+G12 -> 0 | G12: =J96*0 -> 0 | H12: =IF(AND(H86>0,H87>0,I86>0,I87>0),"Workout Adjustment","") | J12: 0 | K12: Rounddown to how many decimals? (Default=0)
B13: The lesser of actual cost or appraised value of the Building Allocation | D13: =-D26 -> 0
B14: ="Demolition Costs "&IF(OR(D6=" RFA 2019-101",D6=" RFA 2019-102",D6=" RFA 2019-103",D6=" RFA 2019-111",D6=" RFA 2019-117",D6=" RFA 2019-112",D6=" RFA 2019-113",D6=" RFA 2019-114",D6=" RFA 2019-115",D6=" RFA 2019-116",D6=" RFA 2019-118",LEFT(D6,10)=" RFA 2020",LEFT(D6,10)=" RFA 2021",LEFT(D6,10)=" RFA 2022",LEFT(D6,10)=" RFA 2023"),"(if applicable)","(if PHA and if applicable)") -> Demolition Costs (if PHA and if applicable) | D14: =-D28 -> 0
B15: ="Relocation Costs "&IF(OR(D6=" RFA 2019-101",D6=" RFA 2019-102",D6=" RFA 2019-103",D6=" RFA 2019-111",D6=" RFA 2019-117",D6=" RFA 2019-112",D6=" RFA 2019-113",D6=" RFA 2019-114",D6=" RFA 2019-115",D6=" RFA 2019-116",D6=" RFA 2019-118",LEFT(D6,10)=" RFA 2020",LEFT(D6,10)=" RFA 2021",LEFT(D6,10)=" RFA 2022",LEFT(D6,10)=" RFA 2023"),"(if applicable)","(if PHA and if applicable)") -> Relocation Costs (if PHA and if applicable) | D15: =-D29 -> 0
B16: Retail/Commerical Space | D16: =-D30 -> 0
B17: Other Costs that are subject to a Developer Fee | D17: =IF(D32=1,D31,0) -> 0
B18: Maximum Development Costs and Developer Fee | D18: =SUM(D12:D17) -> 0
B19: ="Development Costs to which a "&TEXT(D9,IF(AND(D9=B90,B90<>TRUNC(B90,2)),"0.00000000%","0%"))&" Developer Fee is calculated using above maximum and other actual costs" -> Development Costs to which a 16% Developer Fee is calculated using above maximum and other actual costs | D19: =D12+D13+D14+D15+D16+D17-ROUNDDOWN((D12+D13+D14+D15+D16+D17)/(1+D9)*D9,0) -> 0 | G19: =IF(D9>18%,"(Inclusive of the ODR portion of the Dev Fee)","")
B20: ="Above line multiplied by "&TEXT(D9,IF(AND(D9=B90,B90<>TRUNC(B90,2)),"0.00000000%","0%"))&" to determine gross maximum allowable Dev Fee (DF)" -> Above line multiplied by 16% to determine gross maximum allowable Dev Fee (DF) | D20: =ROUNDDOWN(D19*D9,0) -> 0
B21: =IF(OR(D9=21%,AND(H88>0,H89>0,I88>0,I89>0,D9=B90)),"The maximum non-ODR DF portion of the "&TEXT(D9,IF(AND(D9=B90,B90<>TRUNC(B90,2)),"0.00000000%","0%"))&" DF above that IS subject to DF adjustments","") | D21: =IF(OR(D9>$B$88,AND(H88>0,H89>0,I88>0,I89>0,D9=B90)),ROUNDDOWN(D19*(D9-5%),0),"")
B22: =IF(OR(D9=21%,AND(H88>0,H89>0,I88>0,I89>0,D9=B90)),"The maximum ODR DF portion of the "&TEXT(D9,IF(AND(D9=B90,B90<>TRUNC(B90,2)),"0.00000000%","0%"))&" DF above that is NOT subject to any DF adjustments","") | D22: =IF(OR(D9>$B$88,AND(H88>0,H89>0,I88>0,I89>0,D9=B90)),D20-D21,"") | G22: =IF(D9>18%,"(Verify in CUR and FCCAP, if applicable)","")
B24: Actual Overall Total Development Costs | D24: 0 | H24: To assist with the allocation of a 21% Developer fee.
B25: Less Land Allocation (Not DF Eligible) | D25: 0 | G25: Enter as a negative # | H25: ------- CUR Adjustments ------- | J25: ------- CUR Adjustments -------
B26: Less Building Allocation (DF Eligible) | D26: 0 | G26: Enter as a negative # | H26: DF Portion | I26: + ODR | J26: = Total DF | K26: Applicant TDC | L26: Description for Columns F & G
B27: Less ODR (Not DF Eligible) | D27: 0 | G27: Enter as a negative # | H27: =D36-I27 -> 0 | I27: =IF(OR($D$9>$B$88,AND($H$88>0,$H$89>0,$I$88>0,$I$89>0,D9=B90))=FALSE,0,MIN(N(D22),ROUNDDOWN(D33*5%,0))) -> 0 | J27: =H27+I27 -> 0 | K27: =$D34 -> 0 | L27: Inputs for Developer stated allocation of DF and ODR
B28: ="Less Demolition Costs "&IF(OR(D6=" RFA 2019-101",D6=" RFA 2019-102",D6=" RFA 2019-103",D6=" RFA 2019-111",D6=" RFA 2019-117",D6=" RFA 2019-112",D6=" RFA 2019-113",D6=" RFA 2019-114",D6=" RFA 2019-115",D6=" RFA 2019-116",D6=" RFA 2019-118",LEFT(D6,10)=" RFA 2020",LEFT(D6,10)=" RFA 2021",LEFT(D6,10)=" RFA 2022",LEFT(D6,10)=" RFA 2023"),"(if applicable) (DF Eligible)","(if PHA and if applicable) (DF Eligible)") -> Less Demolition Costs (if PHA and if applicable) (DF Eligible) | D28: 0 | G28: Enter as a negative # | J28: (above should match cell D36) | K28: (above should match cell D34)
B29: ="Less Relocation Costs "&IF(OR(D6=" RFA 2019-101",D6=" RFA 2019-102",D6=" RFA 2019-103",D6=" RFA 2019-111",D6=" RFA 2019-117",D6=" RFA 2019-112",D6=" RFA 2019-113",D6=" RFA 2019-114",D6=" RFA 2019-115",D6=" RFA 2019-116",D6=" RFA 2019-118",LEFT(D6,10)=" RFA 2020",LEFT(D6,10)=" RFA 2021",LEFT(D6,10)=" RFA 2022",LEFT(D6,10)=" RFA 2023"),"(if applicable) (DF Eligible)","(if PHA and if applicable) (DF Eligible)") -> Less Relocation Costs (if PHA and if applicable) (DF Eligible) | D29: 0 | G29: Enter as a negative #
B30: Less Retail/Commercial Space (DF Eligible) | D30: 0 | G30: Enter as a negative # | H30: =IF(OR(H27=0,ISERR(H31-H27)=TRUE),0,H31-H27) -> 0 | I30: =IF(OR(I27=0,ISERR(I31-I27)=TRUE),0,I31-I27) -> 0 | J30: =H30+I30 -> 0 | K30: =J30 -> 0 | L30: Developer fee $ reduced at initial cost reduction step
B31: Less Other Allowed Cost Deductions (or Add Other Needed Costs not yet included) for Limitation Testing | D31: 0 | G31: Enter as a negative or positive # | H31: =IF(H27=0,0,MIN(H27,IF($D$9>$B88,MIN($D21,D39-I31),MIN($D20,D39)))) -> 0 | I31: =IF(I27=0,0,IF($D$9>$B88,MIN(I27,N($D22)),0)) -> 0 | J31: =H31+I31 -> 0 | K31: =K27+K30 -> 0 | L31: Developer fee after initial cost reduction step
B32: Enter a "1" if the amount in cell D31 is a development cost eligible to earn a DF | D32: 0 | G32: =IF(D31<>0,"("&TEXT(ABS(D31),"$#,##0")&" is "&IF(D32=1,"","NOT ")&"eligible to earn a Dev Fee)","") | J32: (above should match cell D39) | K32: (above should match cell D41)
B33: Stated Development Costs (total costs eligible to earn a Developer Fee) | D33: =D24+D25+D27+IF(D32=1,D31,0)-D36 -> 0
B34: Development's Stated net TDC, applicable to TDC Limits, provided by Applicant/CU pre-adjustment | D34: =SUM(D24:D31) -> 0
B35: ="Development's Stated net TDC in excess of TDC $ Limitation for "&TEXT(D11,"0")&" units" -> Development's Stated net TDC in excess of TDC $ Limitation for 0 units | D35: =IF(OR(D34<1,D$12<1),0,MAX(0,D34-$D12)) -> 0 | G35: (If excess exists, D34 less D12)
B36: Stated DF within Stated net TDC | D36: 0 | G36: (i)
B37: Stated DF, as a percent of Stated Development Cost | D37: =IF(N(D33)=0,0,D36/D33) -> 0
B38: ="Maximum DF based on Stated Development Costs and the Maximum Developer Fee Percentage ("&TEXT(D9,"0.00%")&")" -> Maximum DF based on Stated Development Costs and the Maximum Developer Fee Percentage (16.00%) | D38: =ROUNDDOWN(D33*D9,0) -> 0 | H38: =-IF(H27=0,0,$D48) -> 0 | I38: 0 | J38: =H38+I38 -> 0 | K38: =J38 -> 0 | L38: Developer fee $ reduced at second cost reduction step
B39: ="Lesser of CUR Stated DF ("&TEXT(D36,"$#,##0")&"), Gross Max Allowable DF ("&TEXT(D20,"$#,##0")&"), or Max per "&IF(OR(D9=B86,D9=B87,D9=B88,D9=B89),"RFA "&TEXT(D9,"0%"),"Board "&TEXT(D9,"0.00000000%"))&" ("&TEXT(ROUNDDOWN(D33*D9,0),"$#,##0")&")" -> Lesser of CUR Stated DF ($0), Gross Max Allowable DF ($0), or Max per RFA 16% ($0) | D39: =MIN(N(D36),D20,ROUNDDOWN(D33*D9,0),IF(OR(D9>B88,AND(H88>0,H89>0,I88>0,I89>0,D9=B90)),N(D21)+MIN(N(D22),I31),ROUNDDOWN(D33*D9,0))) -> 0 | H39: =IF(OR(H27=0,ISERR(H31-$D48)=TRUE),0,H31-$D48) -> 0 | I39: =I31 -> 0 | J39: =H39+I39 -> 0 | K39: =K31+K38 -> 0 | L39: Developer fee after second cost reduction step
B40: Stated DF in excess of Maximum DF after 1st Adjustment ($ DF Reduction) | D40: =D36-D39 -> 0 | J40: (above should match cell D49) | K40: (above should match cell D50)
B41: Development's interim TDC incoporating an adjustment for Maximum Allowable DF after 1st Adjustment | D41: =D34-D40 -> 0
B42: Development's interim TDC in excess of RFA's TDC Limitation | D42: =IF(D41-D12<0,0,D41-D12) -> 0 | G42: (a)
B43: Maximum $ Adjustment of Maximum Allowable DF per RFA | D43: 500000 | G43: (b)
B44: Maximum % Adjustment of Maximum Allowable DF per RFA | D44: 0.25
B45: ="$ amount asociated with Maximum % Adjustment of "&TEXT(D44,"0%") -> $ amount asociated with Maximum % Adjustment of 25% | D45: =ROUND(D39*D44,$J$12) -> 0 | G45: (c) | H45: =H46-H39 -> 0 | I45: 0 | J45: =H45+I45 -> 0 | K45: =J45 -> 0 | L45: CUR Only: DF $ reduced at third cost reduction step
B46: Lesser of Excess Costs, Maximum $ Adjustment, or Maximum % Adjustment ($ DF Adjustment) | D46: =MIN(D42,D43,D45) -> 0 | G46: Lesser of (a), (b) or (c) | H46: =D57-I46 -> 0 | I46: =I39 -> 0 | J46: =H46+I46 -> 0 | K46: =K39+K45 -> 0 | L46: Developer fee after third cost reduction step
B47: Maximum Allowable DF with this cost reduction step | D47: =IF(D36=0,0,D20-D46) -> 0 | G47: ="("&TEXT(IF($D39=0,0,D47/$D39),"0.0%")&" of Max DF)" -> (0.0% of Max DF) | H47: =H30+H38+H45 -> 0 | I47: =I30+I38+I45 -> 0 | J47: (above should match cell D57) | K47: (above should match cell D58) | L47: Sum of each separate adjustment
B48: Development's DF in excess of Maximum Allowable DF with this cost reduction step | D48: =IF(D39-D47<0,0,D39-D47) -> 0 | H48: =K30+K38+K45 -> 0 | L48: Sum of all total adjustments
B49: Lesser of DF after 1st Adjustment or Maximum Allowable DF after 2nd Adjustment (DF after 2nd Adjustment) | D49: =MIN(D39,D47) -> 0
B50: Development's TDC incorporating any cost savings with this cost reduction step | D50: =D41-D48 -> 0
B51: Development's TDC PU with this cost reduction step | D51: =IF($D11=0,0,D50/$D11) -> 0
B52: TDC after DF adjustment cost savings that remains in excess of TDC Limitation | D52: =IF(D50-$D12<0,0,D50-$D12) -> 0
B53: Percent excess over TDC Limitation | D53: =IF(D12=0,0,D52/$D12) -> 0
B54: Additional adjustment to Maximum Allowable DF ($ DF Adjustment) | D54: =ROUNDDOWN(D53*D47,$J$12) -> 0
B55: Maximum Allowable DF after all prescribed adjustments | D55: =MIN(D49,D47-D54) -> 0 | G55: (ii)
B57: Development's Final DF | D57: =MIN(D36,D55) -> 0 | G57: Lesser of (i) or (ii)
B58: Development's Final TDC (for TDC PU Limitation purposes) | D58: =D34-(MAX(0,D36-D55)) -> 0
B59: Development's Final TDC PU (for TDC PU Limitation purposes) | D59: =IF($D11=0,0,D58/$D11) -> 0
B60: Development's Final Actual Overall TDC | D60: =D24-MAX(0,D36-D55) -> 0
B62: By how much does the Development's Final TDC exceed the TDC Limitation? | D62: =IF(D12=0,0,D58/D12-1) -> 0
B63: What excess limit is allowed per the RFA for the TDC Excess above? | D63: 0.05
B64: Does the Final TDC meet the RFA TDC Limitation requirements? | D64: =IF(D62<=D63,"Yes","No") -> Yes
B66: Total TDC Savings/DF Reduction | D66: =D34-D58 -> 0
B67: Final Excess Costs not subject to further adjustment | D67: =IF(D58-D12<0,0,D58-D12) -> 0
B69: Final (Total) DF from above | D69: =D57 -> 0
B70: =IF(D9>18%,"The maximum ODR DF portion of the 21% DF above that is NOT subject to any DF adjustments","") | D70: =IF(D9>18%,D22,"")
B71: =IF(D9>18%,"Final DF that does not include the ODR allocation","") | D71: =IF($D9>18%,D69-D70,"")
B73: Total $ cost reduction (Total $ Development's DF and TDC adjustment) | D73: =D40+D48+D54 -> 0
B74: Total % DF reduction from Stated DF | D74: =IF(D$36=0,0,D73/D$36) -> 0
B75: Development's Final DF as a % of maximum TDC Base Limitation Development Cost | D75: =IF(D$20=0,0,D57/D$20*D9) -> 0 | G75: ="(Instead of "&TEXT(D9,"0.00%")&")" -> (Instead of 16.00%)
B76: Development's Final DF as a % of Stated Development Cost | D76: =IF(D33=0,0,D69/D33) -> 0
B83: Shaded areas below are used in formulas above. Do not edit other than by FHFC staff in select input cells.
G85: HC Staff Use Only | H85: Orig. Dev Type | I85: New Dev Type | J85: Modified Mix
B86: 0.1 | G86: TDC Limit in D12 | H86: 0 | J86: =I86-(I90-H90) -> 0
B87: 0.16 | G87: TDC Add-Ons (D13:D17) | J87: =I87 -> 0
B88: 0.18 | G88: TDC Total in D18 | H88: =SUM(H86:H87) -> 0 | I88: =SUM(I86:I87) -> 0 | J88: =SUM(J86:J87) -> 0
B89: 0.21 | G89: Dev Fee Limit in D20 | J89: =IF(J90+J91=0,H89,J90+J91) -> 0
B90: =IF(AND(H86<>0,H89<>0,I86<>0,I89<>0),J95,0) -> 0 | G90: From D21, if applicable | J90: =H90 -> 0
G91: From D22, if applicable | J91: =I91 -> 0
G92: D18 less D20 | H92: =H88-H89 -> 0 | I92: =I88-I89 -> 0 | J92: =J88-J89 -> 0
G93: Number of Units
G94: TDC PU Limit | H94: =IF(H93=0,0,H86/H93) -> 0 | I94: =IF(I93=0,0,I86/I93) -> 0 | J94: =IF(J93=0,0,J86/J93) -> 0
G95: % Dev Fee | H95: =IF(H88-H89=0,0,H89/(H88-H89)) -> 0 | I95: =IF(I88-I89=0,0,I89/(I88-I89)) -> 0 | J95: =IF(J88-J89=0,0,J89/(J88-J89)) -> 0
G96: TDC $ Limit Adjustment | J96: =J89-I89 -> 0
G97: The Adjustment in cell J96 will be used to adjust the TDC PU Lilmit in cell D12 be entering it into
G98: cell G12. The DF percentage in cell J95 will be automatically transferred to the DF Percentage
G99: dropdown menu. It will be the last option in the menu and it must be selected prior to moving on
G100: to FCCA tab.

Sheet Data
C1: RFAs | P1: NOTE: ANY BOX WITH THE GREY HASHING NEEDS TO HAVE A SPACE BAR SPACE IN EACH BLANK CELL to properly format on the RFA tab. | JD1: **FYI, when adding a new RFA you need to copy and paste the RFA YYYY-NNN format (just copy and paste special)from columns under RFAs in columns C-M to the left.
A2: <select from menu> | C2: RFA 2023-101 | D2: RFA 2022-101 | E2: RFA 2021-101 | F2: RFA 2020-101 | G2: RFA 2019-101 | H2: RFA 2018-101 | I2: RFA 2017-101 | J2: RFA 2016-101 | K2: RFA 2015-101 | L2: RFA 2014-101 | M2: RFA 2013-001 | O2: AddOns | P2: RFA 2013-001 | Q2: RFA 2013-002 | R2: RFA 2013-003 | S2: RFA 2013-004 | T2: RFA 2013-005 | U2: RFA 2013-006 | V2: RFA 2013-07 | W2: RFA 2013-08 | X2: RFA 2013-010 | Y2: RFA 2014-101 | Z2: RFA 2014-102 | AA2: RFA 2014-103 | AB2: RFA 2014-104 | AC2: RFA 2014-105 | AD2: RFA 2014-106 | AE2: RFA 2014-107 | AF2: RFA 2014-109 | AG2: RFA 2014-111 | AH2: RFA 2014-112 | AI2: RFA 2014-113 | AJ2: RFA 2014-114 | AK2: RFA 2014-115 | AL2: RFA 2014-115SF | AM2: RFA 2014-116 | AN2: RFA 2014-117 | AO2: RFA 2015-101 | AP2: RFA 2015-101SF | AQ2: RFA 2015-102 | AR2: RFA 2015-103 | AS2: RFA 2015-103SF | AT2: RFA 2015-104 | AU2: RFA 2015-104SF | AV2: RFA 2015-105 | AW2: RFA 2015-106 | AX2: RFA 2015-107 | AY2: RFA 2015-107SF | AZ2: RFA 2015-108 | BA2: RFA 2015-109 | BB2: RFA 2015-109SF | BC2: RFA 2015-110 | BD2: RFA 2015-110 | BE2: RFA 2015-111 | BF2: RFA 2015-111SF | BG2: RFA 2015-112 | BH2: RFA 2015-112SF | BI2: RFA 2015-113 | BJ2: RFA 2015-113SF | BK2: RFA 2015-114 | BL2: RFA 2016-101 | BM2: RFA 2016-102 | BN2: RFA 2016-102SF | BO2: RFA 2016-103 | BP2: RFA 2016-103SF | BQ2: RFA 2016-104 | BR2: RFA 2016-105 | BS2: RFA 2016-106 | BT2: RFA 2016-107 | BU2: RFA 2016-108 | BV2: RFA 2016-109 | BW2: RFA 2016-109SF | BX2: RFA 2016-110 | BY2: RFA 2016-111 | BZ2: RFA 2016-112 | CA2: RFA 2016-112SF | CB2: RFA 2016-113 | CC2: RFA 2016-113SF | CD2: RFA 2016-114 | CE2: RFA 2016-115 | CF2: RFA 2016-115SF | CG2: RFA 2016-116 | CH2: RFA 2016-116SF | CI2: RFA 2017-101 | CJ2: RFA 2017-102 | CK2: RFA 2017-102SF | CL2: RFA 2017-103 | CM2: RFA 2017-103SF | CN2: RFA 2017-104 | CO2: RFA 2017-105 | CP2: RFA 2017-106 | CQ2: RFA 2017-107 | CR2: RFA 2017-107SF | CS2: RFA 2017-108 | CT2: RFA 2017-108SF | CU2: RFA 2017-109 | CV2: RFA 2017-110 | CW2: RFA 2017-111 | CX2: RFA 2017-112 | CY2: RFA 2017-113 | CZ2: RFA 2017-113SF | DA2: RFA 2017-114 | DB2: RFA 2017-114SF | DC2: RFA 2018-101 | DD2: RFA 2018-101SF | DE2: RFA 2018-102 | DF2: RFA 2018-102SF | DG2: RFA 2018-103 | DH2: RFA 2018-103SF | DI2: RFA 2018-104 | DJ2: RFA 2018-104SF | DK2: RFA 2018-105 | DL2: RFA 2018-106 | DM2: RFA 2018-107 | DN2: RFA 2018-108 | DO2: RFA 2018-108SF | DP2: RFA 2018-109 | DQ2: RFA 2018-110 | DR2: RFA 2018-111 | DS2: RFA 2018-112 | DT2: RFA 2018-112SF | DU2: RFA 2018-113 | DV2: RFA 2018-113SF | DW2: RFA 2018-114 | DX2: RFA 2018-114SF | DY2: RFA 2018-115 | DZ2: RFA 2018-116 | EA2: RFA 2018-116SF | EB2: RFA 2018-117 | EC2: RFA 2018-118 | ED2: RFA 2019-101 | EE2: RFA 2019-102 | EF2: RFA 2019-102SF | EG2: RFA 2019-103 | EH2: RFA 2019-104 | EI2: RFA 2019-104SF | EJ2: RFA 2019-105 | EK2: RFA 2019-105SF | EL2: RFA 2019-106 | EM2: RFA 2019-106SF | EN2: RFA 2019-107 | EO2: RFA 2019-107SF | EP2: RFA 2019-108 | EQ2: RFA 2019-108SF | ER2: RFA 2019-109 | ES2: RFA 2019-109SF | ET2: RFA 2019-110 | EU2: RFA 2019-111 | EV2: RFA 2019-112 | EW2: RFA 2019-113 | EX2: RFA 2019-114 | EY2: RFA 2019-114SF | EZ2: RFA 2019-115 | FA2: RFA 2019-115SF | FB2: RFA 2019-116 | FC2: RFA 2019-116SF | FD2: RFA 2019-117 | FE2: RFA 2019-118 | FF2: RFA 2020-101 | FG2: RFA 2020-102 | FH2: RFA 2020-102SF | FI2: RFA 2020-103 | FJ2: RFA 2020-103SF | FK2: RFA 2020-104 | FL2: RFA 2020-104SF | FM2: RFA 2020-105 | FN2: RFA 2020-106 | FO2: RFA 2020-106SF | FP2: RFA 2020-201 | FQ2: RFA 2020-202 | FR2: RFA 2020-202SF | FS2: RFA 2020-203 | FT2: RFA 2020-204 | FU2: RFA 2020-204SF | FV2: RFA 2020-205 | FW2: RFA 2020-205SF | FX2: RFA 2020-206 | FY2: RFA 2020-206SF | FZ2: RFA 2020-208 | GA2: RFA 2020-208SF | GB2: RFA 2020-211 | GC2: RFA 2020-302 | GD2: RFA 2021-101 | GE2: RFA 2021-102 | GF2: RFA 2021-102SF | GG2: RFA 2021-103 | GH2: RFA 2021-103SF | GI2: RFA 2021-104 | GJ2: RFA 2021-104SF | GK2: RFA 2021-105 | GL2: RFA 2021-106 | GM2: RFA 2021-106SF | GN2: RFA 2021-108 | GO2: RFA 2021-108SF | GP2: RFA 2021-201 | GQ2: RFA 2021-202 | GR2: RFA 2021-202SF | GS2: RFA 2021-203 | GT2: RFA 2021-204 | GU2: RFA 2021-204SF | GV2: RFA 2021-205 | GW2: RFA 2021-205SF | GX2: RFA 2021-206 | GY2: RFA 2021-206SF | GZ2: RFA 2021-208 | HA2: RFA 2021-208SF | HB2: RFA 2021-211 | HC2: RFA 2022-101 | HD2: RFA 2022-101SF | HE2: RFA 2022-102 | HF2: RFA 2022-102SF | HG2: RFA 2022-103 | HH2: RFA 2022-103SF | HI2: RFA 2022-104 | HJ2: RFA 2022-104SF | HK2: RFA 2022-105 | HL2: RFA 2022-106 | HM2: RFA 2022-106SF | HN2: RFA 2022-109 | HO2: RFA 2022-109SF | HP2: RFA 2022-201 | HQ2: RFA 2022-202 | HR2: RFA 2022-202SF | HS2: RFA 2022-203 | HT2: RFA 2022-204 | HU2: RFA 2022-204SF | HV2: RFA 2022-205 | HW2: RFA 2022-205SF | HX2: RFA 2022-206 | HY2: RFA 2022-206SF | HZ2: RFA 2022-208 | IA2: RFA 2022-210 | IB2: RFA 2022-210SF | IC2: RFA 2022-301 | ID2: RFA 2023-101 | IE2: RFA 2023-101SF | IF2: RFA 2023-102 | IG2: RFA 2023-102SF | IH2: RFA 2023-103 | II2: RFA 2023-103SF | IJ2: RFA 2023-104 | IK2: RFA 2023-104SF | IL2: RFA 2023-105 | IM2: RFA 2023-106 | IN2: RFA 2023-106SF | IO2: RFA 2023-108 | IP2: RFA 2023-201 | IQ2: RFA 2023-202 | IR2: RFA 2023-202SF | IS2: RFA 2023-203 | IT2: RFA 2023-204 | IU2: RFA 2023-204SF | IV2: RFA 2023-205 | IW2: RFA 2023-205SF | IX2: RFA 2023-206 | IY2: RFA 2023-206SF | IZ2: RFA 2023-208 | JA2: RFA 2023-303 | JB2: RFA 2023-303 | JC2: RFA 2023-304
A3: 2023 | C3: RFA 2023-102 | D3: RFA 2022-102 | E3: RFA 2021-102 | F3: RFA 2020-102 | G3: RFA 2019-102 | H3: RFA 2018-102 | I3: RFA 2017-102 | J3: RFA 2016-102 | K3: RFA 2015-102 | L3: RFA 2014-102 | M3: RFA 2013-002 | AG3: Tax-Exempt Bonds Boost (Post 6/15/2018 Board Meeting Only) | AJ3: PHA: Davis-Bacon Boost | AT3: PHA: Davis-Bacon Boost | AU3: PHA: Davis-Bacon Boost | AW3: PHA: Davis-Bacon Boost | BC3: Tax-Exempt Bonds Boost (Post 6/15/2018 Board Meeting Only) | BD3: Tax-Exempt Bonds Boost (Post 6/15/2018 Board Meeting Only) | BE3: PHA: Davis-Bacon Boost | BF3: PHA: Davis-Bacon Boost | BG3: PHA: Davis-Bacon Boost | BH3: PHA: Davis-Bacon Boost | BI3: PHA: Davis-Bacon Boost | BJ3: PHA: Davis-Bacon Boost | BL3: HOME Boost (Post 6/15/2018 Board Meeting Only) | BV3: PHA: Davis-Bacon Boost | BW3: PHA: Davis-Bacon Boost | BX3: PHA: Davis-Bacon Boost | CB3: PHA: Davis-Bacon Boost | CC3: PHA: Davis-Bacon Boost | CD3: PHA: Davis-Bacon Boost | CG3: PHA: Davis-Bacon Boost | CH3: PHA: Davis-Bacon Boost | CJ3: PHA: Davis-Bacon Boost | CK3: PHA: Davis-Bacon Boost | CO3: HOME Boost (Post 6/15/2018 Board Meeting Only) | CQ3: Tax-Exempt Bonds Boost | CR3: Tax-Exempt Bonds Boost | CS3: PHA: Davis-Bacon Boost | CT3: PHA: Davis-Bacon Boost | CW3: PHA: Davis-Bacon Boost | CX3: PHA: Davis-Bacon Boost | CY3: PHA: Davis-Bacon Boost | CZ3: PHA: Davis-Bacon Boost | DA3: PHA: Davis-Bacon Boost | DB3: PHA: Davis-Bacon Boost | DC3: PHA: Davis-Bacon Boost | DD3: PHA: Davis-Bacon Boost | DE3: PHA: Davis-Bacon Boost | DF3: PHA: Davis-Bacon Boost | DG3: PHA: Davis-Bacon Boost | DH3: PHA: Davis-Bacon Boost | DI3: PHA: Davis-Bacon Boost | DJ3: PHA: Davis-Bacon Boost | DM3: PHA: Davis-Bacon Boost | DN3: PHA: Davis-Bacon Boost | DO3: PHA: Davis-Bacon Boost | DQ3: PHA: Davis-Bacon Boost | DR3: PHA: Davis-Bacon Boost | DS3: PHA: Davis-Bacon Boost | DT3: PHA: Davis-Bacon Boost | DU3: PHA: Davis-Bacon Boost | DV3: PHA: Davis-Bacon Boost | DW3: Tax-Exempt Bonds Boost (Automatic Boost) | DX3: Tax-Exempt Bonds Boost (Automatic Boost) | DY3: PHA: Davis-Bacon Boost | DZ3: PHA: Davis-Bacon Boost | EA3: PHA: Davis-Bacon Boost | ED3: Federal Programs Boost | EE3: Federal Programs Boost | EF3: Federal Programs Boost | EG3: Federal Programs Boost | EH3: PHA: Davis-Bacon Boost | EI3: PHA: Davis-Bacon Boost | EJ3: PHA: Davis-Bacon Boost | EK3: PHA: Davis-Bacon Boost | EL3: PHA: Davis-Bacon Boost | EM3: PHA: Davis-Bacon Boost | EN3: PHA: Davis-Bacon Boost | EO3: PHA: Davis-Bacon Boost | ER3: HOME Boost (Automatic Boost) | ES3: HOME Boost (Automatic Boost) | ET3: PHA: Davis-Bacon Boost | EU3: PHA: Davis-Bacon Boost | EV3: PHA: Davis-Bacon Boost | EW3: PHA: Davis-Bacon Boost | EX3: PHA: Davis-Bacon Boost | EY3: PHA: Davis-Bacon Boost | EZ3: PHA: Davis-Bacon Boost | FA3: PHA: Davis-Bacon Boost | FB3: PHA: Davis-Bacon Boost | FC3: PHA: Davis-Bacon Boost | FG3: PHA: Davis-Bacon Boost | FH3: PHA: Davis-Bacon Boost | FI3: PHA: Davis-Bacon Boost | FJ3: PHA: Davis-Bacon Boost | FK3: PHA: Davis-Bacon Boost | FL3: PHA: Davis-Bacon Boost | FN3: PHA: Davis-Bacon Boost | FO3: PHA: Davis-Bacon Boost | FP3: PHA: Davis-Bacon Boost | FQ3: PHA: Davis-Bacon Boost | FR3: PHA: Davis-Bacon Boost | FS3: PHA: Davis-Bacon Boost | FT3: PHA: Davis-Bacon Boost | FU3: PHA: Davis-Bacon Boost | FV3: PHA: Davis-Bacon Boost | FW3: PHA: Davis-Bacon Boost | FX3: HOME Boost (Automatic Boost) | FY3: HOME Boost (Automatic Boost) | FZ3: PHA: Davis-Bacon Boost | GA3: PHA: Davis-Bacon Boost | GC3: Federal Programs Boost | GE3: PHA: Davis-Bacon Boost | GF3: PHA: Davis-Bacon Boost | GG3: PHA: Davis-Bacon Boost | GH3: PHA: Davis-Bacon Boost | GI3: PHA: Davis-Bacon Boost | GJ3: PHA: Davis-Bacon Boost | GL3: PHA: Davis-Bacon Boost | GM3: PHA: Davis-Bacon Boost | GN3: PHA: Davis-Bacon Boost | GO3: PHA: Davis-Bacon Boost | GP3: PHA: Davis-Bacon Boost | GQ3: PHA: Davis-Bacon Boost | GR3: PHA: Davis-Bacon Boost | GS3: PHA: Davis-Bacon Boost | GT3: PHA: Davis-Bacon Boost | GU3: PHA: Davis-Bacon Boost | GV3: PHA: Davis-Bacon Boost | GW3: PHA: Davis-Bacon Boost | GX3: HOME Boost (Automatic Boost) | GY3: HOME Boost (Automatic Boost) | GZ3: PHA: Davis-Bacon Boost | HA3: PHA: Davis-Bacon Boost | HC3: PHA &/or Davis-Bacon Boost | HD3: PHA &/or Davis-Bacon Boost | HE3: PHA: Davis-Bacon Boost | HF3: PHA: Davis-Bacon Boost | HG3: PHA: Davis-Bacon Boost | HH3: PHA: Davis-Bacon Boost | HI3: PHA: Davis-Bacon Boost | HJ3: PHA: Davis-Bacon Boost | HL3: PHA: Davis-Bacon Boost | HM3: PHA: Davis-Bacon Boost | HN3: PHA &/or Davis-Bacon Boost | HO3: PHA &/or Davis-Bacon Boost | HP3: PHA &/or Davis-Bacon Boost | HQ3: PHA &/or Davis-Bacon Boost | HR3: PHA &/or Davis-Bacon Boost | HS3: PHA &/or Davis-Bacon Boost | HV3: PHA &/or Davis-Bacon Boost | HW3: PHA &/or Davis-Bacon Boost | HX3: PHA &/or Davis-Bacon Boost | HY3: PHA &/or Davis-Bacon Boost | HZ3: PHA: Davis-Bacon Boost | IA3: Federal Programs Boost | IB3: Federal Programs Boost | IC3: PHA: Davis-Bacon Boost | IF3: PHA &/or Davis-Bacon Boost | IG3: PHA &/or Davis-Bacon Boost | IH3: PHA &/or Davis-Bacon Boost | II3: PHA &/or Davis-Bacon Boost | IJ3: PHA &/or Davis-Bacon Boost | IK3: PHA &/or Davis-Bacon Boost | IM3: PHA &/or Davis-Bacon Boost | IN3: PHA &/or Davis-Bacon Boost | JA3: PHA &/or Davis-Bacon Boost | JB3: PHA &/or Davis-Bacon Boost
A4: 2022 | C4: RFA 2023-103 | D4: RFA 2022-103 | E4: RFA 2021-103 | F4: RFA 2020-103 | G4: RFA 2019-103 | H4: RFA 2018-103 | I4: RFA 2017-103 | J4: RFA 2016-103 | K4: RFA 2015-103 | L4: RFA 2014-103 | M4: RFA 2013-003 | BC4: HOME Boost (Post 6/15/2018 Board Meeting Only) | BD4: HOME Boost (Post 6/15/2018 Board Meeting Only) | BG4: Tax-Exempt Bonds Boost (Post 6/15/2018 Board Meeting Only) | BH4: Tax-Exempt Bonds Boost (Post 6/15/2018 Board Meeting Only) | BV4: Tax-Exempt Bonds Boost (Post 6/15/2018 Board Meeting Only) | BW4: Tax-Exempt Bonds Boost (Post 6/15/2018 Board Meeting Only) | CS4: Tax-Exempt Bonds Boost (Post 6/15/2018 Board Meeting Only) | CT4: Tax-Exempt Bonds Boost (Post 6/15/2018 Board Meeting Only) | DZ4: Tax-Exempt Bonds Boost (Automatic Boost) | EA4: Tax-Exempt Bonds Boost (Automatic Boost) | EE4: Tax-Exempt Bonds Boost (Automatic Boost) | EF4: Tax-Exempt Bonds Boost (Automatic Boost) | ER4: Tax-Exempt Bonds Boost | ES4: Tax-Exempt Bonds Boost | EU4: Tax-Exempt Bonds Boost | FB4: Tax-Exempt Bonds Boost (Automatic Boost) | FC4: Tax-Exempt Bonds Boost (Automatic Boost) | FV4: Tax-Exempt Bonds Boost (Automatic Boost) | FW4: Tax-Exempt Bonds Boost (Automatic Boost) | FZ4: Tax-Exempt Bonds Boost (Automatic Boost) | GA4: Tax-Exempt Bonds Boost (Automatic Boost) | GV4: Tax-Exempt Bonds Boost | GW4: Tax-Exempt Bonds Boost | GZ4: Tax-Exempt Bonds Boost | HA4: Tax-Exempt Bonds Boost | HC4: Tax-Exempt Bonds Boost | HD4: Tax-Exempt Bonds Boost | HV4: Tax-Exempt Bonds Boost | HW4: Tax-Exempt Bonds Boost | HX4: Tax-Exempt Bonds Boost | JA4: Tax-Exempt Bonds Boost | JB4: Tax-Exempt Bonds Boost
A5: 2021 | C5: RFA 2023-104 | D5: RFA 2022-104 | E5: RFA 2021-104 | F5: RFA 2020-104 | G5: RFA 2019-104 | H5: RFA 2018-104 | I5: RFA 2017-104 | J5: RFA 2016-104 | K5: RFA 2015-104 | L5: RFA 2014-104 | M5: RFA 2013-004 | ED5: From here (and cell DY7) (cell ED7-EG7 and then starting at ER7) forward through the 2022/2023 RFA Cycle the new Add-On is $7,500
A6: 2020 | C6: RFA 2023-105 | D6: RFA 2022-105 | E6: RFA 2021-105 | F6: RFA 2020-105 | G6: RFA 2019-105 | H6: RFA 2018-105 | I6: RFA 2017-105 | J6: RFA 2016-105 | K6: RFA 2015-105 | L6: RFA 2014-105 | M6: RFA 2013-005 | O6: AddOns2 | P6: RFA 2013-001 | Q6: RFA 2013-002 | R6: RFA 2013-003 | S6: RFA 2013-004 | T6: RFA 2013-005 | U6: RFA 2013-006 | V6: RFA 2013-07 | W6: RFA 2013-08 | X6: RFA 2013-010 | Y6: RFA 2014-101 | Z6: RFA 2014-102 | AA6: RFA 2014-103 | AB6: RFA 2014-104 | AC6: RFA 2014-105 | AD6: RFA 2014-106 | AE6: RFA 2014-107 | AF6: RFA 2014-109 | AG6: RFA 2014-111 | AH6: RFA 2014-112 | AI6: RFA 2014-113 | AJ6: RFA 2014-114 | AK6: RFA 2014-115 | AL6: RFA 2014-115SF | AM6: RFA 2014-116 | AN6: RFA 2014-117 | AO6: RFA 2015-101 | AP6: RFA 2015-101SF | AQ6: RFA 2015-102 | AR6: RFA 2015-103 | AS6: RFA 2015-103SF | AT6: RFA 2015-104 | AU6: RFA 2015-104SF | AV6: RFA 2015-105 | AW6: RFA 2015-106 | AX6: RFA 2015-107 | AY6: RFA 2015-107SF | AZ6: RFA 2015-108 | BA6: RFA 2015-109 | BB6: RFA 2015-109SF | BC6: RFA 2015-110 | BD6: RFA 2015-110 | BE6: RFA 2015-111 | BF6: RFA 2015-111SF | BG6: RFA 2015-112 | BH6: RFA 2015-112SF | BI6: RFA 2015-113 | BJ6: RFA 2015-113SF | BK6: RFA 2015-114 | BL6: RFA 2016-101 | BM6: RFA 2016-102 | BN6: RFA 2016-102SF | BO6: RFA 2016-103 | BP6: RFA 2016-103SF | BQ6: RFA 2016-104 | BR6: RFA 2016-105 | BS6: RFA 2016-106 | BT6: RFA 2016-107 | BU6: RFA 2016-108 | BV6: RFA 2016-109 | BW6: RFA 2016-109SF | BX6: RFA 2016-110 | BY6: RFA 2016-111 | BZ6: RFA 2016-112 | CA6: RFA 2016-112SF | CB6: RFA 2016-113 | CC6: RFA 2016-113SF | CD6: RFA 2016-114 | CE6: RFA 2016-115 | CF6: RFA 2016-115SF | CG6: RFA 2016-116 | CH6: RFA 2016-116SF | CI6: RFA 2017-101 | CJ6: RFA 2017-102 | CK6: RFA 2017-102SF | CL6: RFA 2017-103 | CM6: RFA 2017-103SF | CN6: RFA 2017-104 | CO6: RFA 2017-105 | CP6: RFA 2017-106 | CQ6: RFA 2017-107 | CR6: RFA 2017-107SF | CS6: RFA 2017-108 | CT6: RFA 2017-108SF | CU6: RFA 2017-109 | CV6: RFA 2017-110 | CW6: RFA 2017-111 | CX6: RFA 2017-112 | CY6: RFA 2017-113 | CZ6: RFA 2017-113SF | DA6: RFA 2017-114 | DB6: RFA 2017-114SF | DC6: RFA 2018-101 | DD6: RFA 2018-101SF | DE6: RFA 2018-102 | DF6: RFA 2018-102SF | DG6: RFA 2018-103 | DH6: RFA 2018-103SF | DI6: RFA 2018-104 | DJ6: RFA 2018-104SF | DK6: RFA 2018-105 | DL6: RFA 2018-106 | DM6: RFA 2018-107 | DN6: RFA 2018-108 | DO6: RFA 2018-108SF | DP6: RFA 2018-109 | DQ6: RFA 2018-110 | DR6: RFA 2018-111 | DS6: RFA 2018-112 | DT6: RFA 2018-112SF | DU6: RFA 2018-113 | DV6: RFA 2018-113SF | DW6: RFA 2018-114 | DX6: RFA 2018-114SF | DY6: RFA 2018-115 | DZ6: RFA 2018-116 | EA6: RFA 2018-116SF | EB6: RFA 2018-117 | EC6: RFA 2018-118 | ED6: RFA 2019-101 | EE6: RFA 2019-102 | EF6: RFA 2019-102SF | EG6: RFA 2019-103 | EH6: RFA 2019-104 | EI6: RFA 2019-104SF | EJ6: RFA 2019-105 | EK6: RFA 2019-105SF | EL6: RFA 2019-106 | EM6: RFA 2019-106SF | EN6: RFA 2019-107 | EO6: RFA 2019-107SF | EP6: RFA 2019-108 | EQ6: RFA 2019-108SF | ER6: RFA 2019-109 | ES6: RFA 2019-109SF | ET6: RFA 2019-110 | EU6: RFA 2019-111 | EV6: RFA 2019-112 | EW6: RFA 2019-113 | EX6: RFA 2019-114 | EY6: RFA 2019-114SF | EZ6: RFA 2019-115 | FA6: RFA 2019-115SF | FB6: RFA 2019-116 | FC6: RFA 2019-116SF | FD6: RFA 2019-117 | FE6: RFA 2019-118 | FF6: RFA 2020-101 | FG6: RFA 2020-102 | FH6: RFA 2020-102SF | FI6: RFA 2020-103 | FJ6: RFA 2020-103SF | FK6: RFA 2020-104 | FL6: RFA 2020-104SF | FM6: RFA 2020-105 | FN6: RFA 2020-106 | FO6: RFA 2020-106SF | FP6: RFA 2020-201 | FQ6: RFA 2020-202 | FR6: RFA 2020-202SF | FS6: RFA 2020-203 | FT6: RFA 2020-204 | FU6: RFA 2020-204SF | FV6: RFA 2020-205 | FW6: RFA 2020-205SF | FX6: RFA 2020-206 | FY6: RFA 2020-206SF | FZ6: RFA 2020-208 | GA6: RFA 2020-208SF | GB6: RFA 2020-211 | GC6: RFA 2020-302 | GD6: RFA 2021-101 | GE6: RFA 2021-102 | GF6: RFA 2021-102SF | GG6: RFA 2021-103 | GH6: RFA 2021-103SF | GI6: RFA 2021-104 | GJ6: RFA 2021-104SF | GK6: RFA 2021-105 | GL6: RFA 2021-106 | GM6: RFA 2021-106SF | GN6: RFA 2021-108 | GO6: RFA 2021-108SF | GP6: RFA 2021-201 | GQ6: RFA 2021-202 | GR6: RFA 2021-202SF | GS6: RFA 2021-203 | GT6: RFA 2021-204 | GU6: RFA 2021-204SF | GV6: RFA 2021-205 | GW6: RFA 2021-205SF | GX6: RFA 2021-206 | GY6: RFA 2021-206SF | GZ6: RFA 2021-208 | HA6: RFA 2021-208SF | HB6: RFA 2021-211 | HC6: RFA 2022-101 | HD6: RFA 2022-101SF | HE6: RFA 2022-102 | HF6: RFA 2022-102SF | HG6: RFA 2022-103 | HH6: RFA 2022-103SF | HI6: RFA 2022-104 | HJ6: RFA 2022-104SF | HK6: RFA 2022-105 | HL6: RFA 2022-106 | HM6: RFA 2022-106SF | HN6: RFA 2022-109 | HO6: RFA 2022-109SF | HP6: RFA 2022-201 | HQ6: RFA 2022-202 | HR6: RFA 2022-202SF | HS6: RFA 2022-203 | HT6: RFA 2022-204 | HU6: RFA 2022-204SF | HV6: RFA 2022-205 | HW6: RFA 2022-205SF | HX6: RFA 2022-206 | HY6: RFA 2022-206SF | HZ6: RFA 2022-208 | IA6: RFA 2022-210 | IB6: RFA 2022-210SF | IC6: RFA 2022-301 | ID6: RFA 2023-101 | IE6: RFA 2023-101SF | IF6: RFA 2023-102 | IG6: RFA 2023-102SF | IH6: RFA 2023-103 | II6: RFA 2023-103SF | IJ6: RFA 2023-104 | IK6: RFA 2023-104SF | IL6: RFA 2023-105 | IM6: RFA 2023-106 | IN6: RFA 2023-106SF | IO6: RFA 2023-108 | IP6: RFA 2023-201 | IQ6: RFA 2023-202 | IR6: RFA 2023-202SF | IS6: RFA 2023-203 | IT6: RFA 2023-204 | IU6: RFA 2023-204SF | IV6: RFA 2023-205 | IW6: RFA 2023-205SF | IX6: RFA 2023-206 | IY6: RFA 2023-206SF | IZ6: RFA 2023-208 | JA6: RFA 2023-303 | JB6: RFA 2023-303SF | JC6: RFA 2023-304 | JD6: **The $7,500 Add-On will continue through the 2022/2023 RFA Cycle.
A7: 2019 | C7: RFA 2023-106 | D7: RFA 2022-106 | E7: RFA 2021-106 | F7: RFA 2020-106 | G7: RFA 2019-106 | H7: RFA 2018-106 | I7: RFA 2017-106 | J7: RFA 2016-106 | K7: RFA 2015-106 | L7: RFA 2014-106 | M7: RFA 2013-006 | AG7: 5000 | AJ7: 5000 | AT7: 5000 | AU7: 5000 | AW7: 5000 | BC7: 5000 | BD7: 5000 | BE7: 5000 | BF7: 5000 | BG7: 5000 | BH7: 5000 | BI7: 5000 | BJ7: 5000 | BL7: 5000 | BV7: 5000 | BW7: 5000 | BX7: 5000 | CB7: 5000 | CC7: 5000 | CD7: 5000 | CG7: 5000 | CH7: 5000 | CJ7: 5000 | CK7: 5000 | CO7: 5000 | CQ7: 5000 | CR7: 5000 | CS7: 5000 | CT7: 5000 | CW7: 5000 | CX7: 5000 | CY7: 5000 | CZ7: 5000 | DA7: 5000 | DB7: 5000 | DC7: 5000 | DD7: 5000 | DE7: 5000 | DF7: 5000 | DG7: 5000 | DH7: 5000 | DI7: 5000 | DJ7: 5000 | DM7: 5000 | DN7: 5000 | DO7: 5000 | DQ7: 5000 | DR7: 5000 | DS7: 5000 | DT7: 5000 | DU7: 5000 | DV7: 5000 | DW7: 5000 | DX7: 5000 | DY7: 7500 | DZ7: 5000 | EA7: 5000 | ED7: 7500 | EE7: 7500 | EF7: 7500 | EG7: 7500 | EH7: 5000 | EI7: 5000 | EJ7: 5000 | EK7: 5000 | EL7: 5000 | EM7: 5000 | EN7: 5000 | EO7: 5000 | ER7: 7500 | ES7: 7500 | ET7: 7500 | EU7: 7500 | EV7: 7500 | EW7: 7500 | EX7: 7500 | EY7: 7500 | EZ7: 7500 | FA7: 7500 | FB7: 7500 | FC7: 7500 | FG7: 7500 | FH7: 7500 | FI7: 7500 | FJ7: 7500 | FK7: 7500 | FL7: 7500 | FN7: 7500 | FO7: 7500 | FP7: 7500 | FQ7: 7500 | FR7: 7500 | FS7: 7500 | FT7: 7500 | FU7: 7500 | FV7: 7500 | FW7: 7500 | FX7: 7500 | FY7: 7500 | FZ7: 7500 | GA7: 7500 | GC7: 7500 | GE7: 7500 | GF7: 7500 | GG7: 7500 | GH7: 7500 | GI7: 7500 | GJ7: 7500 | GL7: 7500 | GM7: 7500 | GN7: 7500 | GO7: 7500 | GP7: 7500 | GQ7: 7500 | GR7: 7500 | GS7: 7500 | GT7: 7500 | GU7: 7500 | GV7: 7500 | GW7: 7500 | GX7: 7500 | GY7: 7500 | GZ7: 7500 | HA7: 7500 | HC7: 7500 | HD7: 7500 | HE7: 7500 | HF7: 7500 | HG7: 7500 | HH7: 7500 | HI7: 7500 | HJ7: 7500 | HL7: 7500 | HM7: 7500 | HN7: 7500 | HO7: 7500 | HP7: 7500 | HQ7: 7500 | HR7: 7500 | HS7: 7500 | HV7: 7500 | HW7: 7500 | HX7: 7500 | HY7: 7500 | HZ7: 7500 | IA7: 7500 | IB7: 7500 | IC7: 7500 | IF7: 7500 | IG7: 7500 | IH7: 7500 | II7: 7500 | IJ7: 7500 | IK7: 7500 | IM7: 7500 | IN7: 7500 | JA7: 7500 | JB7: 7500
A8: 2018 | C8: RFA 2023-108 | D8: RFA 2022-109 | E8: RFA 2021-108 | F8: RFA 2020-201 | G8: RFA 2019-107 | H8: RFA 2018-107 | I8: RFA 2017-107 | J8: RFA 2016-107 | K8: RFA 2015-107 | L8: RFA 2014-107 | M8: RFA 2013-07 | BC8: 5000 | BD8: 5000 | BG8: 5000 | BH8: 5000 | BV8: 5000 | BW8: 5000 | CS8: 5000 | CT8: 5000 | DZ8: 5000 | EA8: 5000 | EE8: 7500 | EF8: 7500 | ER8: 7500 | ES8: 7500 | EU8: 7500 | FB8: 7500 | FC8: 7500 | FV8: 7500 | FW8: 7500 | FZ8: 7500 | GA8: 7500 | GV8: 7500 | GW8: 7500 | GZ8: 7500 | HA8: 7500 | HC8: 7500 | HD8: 7500 | HV8: 7500 | HW8: 7500 | HX8: 7500 | JA8: 7500 | JB8: 7500
A9: 2017 | C9: RFA 2023-201 | D9: RFA 2022-201 | E9: RFA 2021-201 | F9: RFA 2020-202 | G9: RFA 2019-108 | H9: RFA 2018-108 | I9: RFA 2017-108 | J9: RFA 2016-108 | K9: RFA 2015-108 | L9: RFA 2014-109 | M9: RFA 2013-08
A10: 2016 | C10: RFA 2023-202 | D10: RFA 2022-202 | E10: RFA 2021-202 | F10: RFA 2020-203 | G10: RFA 2019-109 | H10: RFA 2018-109 | I10: RFA 2017-109 | J10: RFA 2016-109 | K10: RFA 2015-109 | L10: RFA 2014-111 | M10: RFA 2013-010 | O10: MultiplierNames | P10: RFA 2013-001 | Q10: RFA 2013-002 | R10: RFA 2013-003 | S10: RFA 2013-004 | T10: RFA 2013-005 | U10: RFA 2013-006 | V10: RFA 2013-07 | W10: RFA 2013-08 | X10: RFA 2013-010 | Y10: RFA 2014-101 | Z10: RFA 2014-102 | AA10: RFA 2014-103 | AB10: RFA 2014-104 | AC10: RFA 2014-105 | AD10: RFA 2014-106 | AE10: RFA 2014-107 | AF10: RFA 2014-109 | AG10: RFA 2014-111 | AH10: RFA 2014-112 | AI10: RFA 2014-113 | AJ10: RFA 2014-114 | AK10: RFA 2014-115 | AL10: RFA 2014-115SF | AM10: RFA 2014-116 | AN10: RFA 2014-117 | AO10: RFA 2015-101 | AP10: RFA 2015-101SF | AQ10: RFA 2015-102 | AR10: RFA 2015-103 | AS10: RFA 2015-103SF | AT10: RFA 2015-104 | AU10: RFA 2015-104SF | AV10: RFA 2015-105 | AW10: RFA 2015-106 | AX10: RFA 2015-107 | AY10: RFA 2015-107SF | AZ10: RFA 2015-108 | BA10: RFA 2015-109 | BB10: RFA 2015-109SF | BC10: RFA 2015-110 | BD10: RFA 2015-110 | BE10: RFA 2015-111 | BF10: RFA 2015-111SF | BG10: RFA 2015-112 | BH10: RFA 2015-112SF | BI10: RFA 2015-113 | BJ10: RFA 2015-113SF | BK10: RFA 2015-114 | BL10: RFA 2016-101 | BM10: RFA 2016-102 | BN10: RFA 2016-102SF | BO10: RFA 2016-103 | BP10: RFA 2016-103SF | BQ10: RFA 2016-104 | BR10: RFA 2016-105 | BS10: RFA 2016-106 | BT10: RFA 2016-107 | BU10: RFA 2016-108 | BV10: RFA 2016-109 | BW10: RFA 2016-109SF | BX10: RFA 2016-110 | BY10: RFA 2016-111 | BZ10: RFA 2016-112 | CA10: RFA 2016-112SF | CB10: RFA 2016-113 | CC10: RFA 2016-113SF | CD10: RFA 2016-114 | CE10: RFA 2016-115 | CF10: RFA 2016-115SF | CG10: RFA 2016-116 | CH10: RFA 2016-116SF | CI10: RFA 2017-101 | CJ10: RFA 2017-102 | CK10: RFA 2017-102SF | CL10: RFA 2017-103 | CM10: RFA 2017-103SF | CN10: RFA 2017-104 | CO10: RFA 2017-105 | CP10: RFA 2017-106 | CQ10: RFA 2017-107 | CR10: RFA 2017-107SF | CS10: RFA 2017-108 | CT10: RFA 2017-108SF | CU10: RFA 2017-109 | CV10: RFA 2017-110 | CW10: RFA 2017-111 | CX10: RFA 2017-112 | CY10: RFA 2017-113 | CZ10: RFA 2017-113SF | DA10: RFA 2017-114 | DB10: RFA 2017-114SF | DC10: RFA 2018-101 | DD10: RFA 2018-101SF | DE10: RFA 2018-102 | DF10: RFA 2018-102SF | DG10: RFA 2018-103 | DH10: RFA 2018-103SF | DI10: RFA 2018-104 | DJ10: RFA 2018-104SF | DK10: RFA 2018-105 | DL10: RFA 2018-106 | DM10: RFA 2018-107 | DN10: RFA 2018-108 | DO10: RFA 2018-108SF | DP10: RFA 2018-109 | DQ10: RFA 2018-110 | DR10: RFA 2018-111 | DS10: RFA 2018-112 | DT10: RFA 2018-112SF | DU10: RFA 2018-113 | DV10: RFA 2018-113SF | DW10: RFA 2018-114 | DX10: RFA 2018-114SF | DY10: RFA 2018-115 | DZ10: RFA 2018-116 | EA10: RFA 2018-116SF | EB10: RFA 2018-117 | EC10: RFA 2018-118 | ED10: RFA 2019-101 | EE10: RFA 2019-102 | EF10: RFA 2019-102SF | EG10: RFA 2019-103 | EH10: RFA 2019-104 | EI10: RFA 2019-104SF | EJ10: RFA 2019-105 | EK10: RFA 2019-105SF | EL10: RFA 2019-106 | EM10: RFA 2019-106SF | EN10: RFA 2019-107 | EO10: RFA 2019-107SF | EP10: RFA 2019-108 | EQ10: RFA 2019-108SF | ER10: RFA 2019-109 | ES10: RFA 2019-109SF | ET10: RFA 2019-110 | EU10: RFA 2019-111 | EV10: RFA 2019-112 | EW10: RFA 2019-113 | EX10: RFA 2019-114 | EY10: RFA 2019-114SF | EZ10: RFA 2019-115 | FA10: RFA 2019-115SF | FB10: RFA 2019-116 | FC10: RFA 2019-116SF | FD10: RFA 2019-117 | FE10: RFA 2019-118 | FF10: RFA 2020-101 | FG10: RFA 2020-102 | FH10: RFA 2020-102SF | FI10: RFA 2020-103 | FJ10: RFA 2020-103SF | FK10: RFA 2020-104 | FL10: RFA 2020-104SF | FM10: RFA 2020-105 | FN10: RFA 2020-106 | FO10: RFA 2020-106SF | FP10: RFA 2020-201 | FQ10: RFA 2020-202 | FR10: RFA 2020-202SF | FS10: RFA 2020-203 | FT10: RFA 2020-204 | FU10: RFA 2020-204SF | FV10: RFA 2020-205 | FW10: RFA 2020-205SF | FX10: RFA 2020-206 | FY10: RFA 2020-206SF | FZ10: RFA 2020-208 | GA10: RFA 2020-208SF | GB10: RFA 2020-211 | GC10: RFA 2020-302 | GD10: RFA 2021-101 | GE10: RFA 2021-102 | GF10: RFA 2021-102SF | GG10: RFA 2021-103 | GH10: RFA 2021-103SF | GI10: RFA 2021-104 | GJ10: RFA 2021-104SF | GK10: RFA 2021-105 | GL10: RFA 2021-106 | GM10: RFA 2021-106SF | GN10: RFA 2021-108 | GO10: RFA 2021-108SF | GP10: RFA 2021-201 | GQ10: RFA 2021-202 | GR10: RFA 2021-202SF | GS10: RFA 2021-203 | GT10: RFA 2021-204 | GU10: RFA 2021-204SF | GV10: RFA 2021-205 | GW10: RFA 2021-205SF | GX10: RFA 2021-206 | GY10: RFA 2021-206SF | GZ10: RFA 2021-208 | HA10: RFA 2021-208SF | HB10: RFA 2021-211 | HC10: RFA 2022-101 | HD10: RFA 2022-101SF | HE10: RFA 2022-102 | HF10: RFA 2022-102SF | HG10: RFA 2022-103 | HH10: RFA 2022-103SF | HI10: RFA 2022-104 | HJ10: RFA 2022-104SF | HK10: RFA 2022-105 | HL10: RFA 2022-106 | HM10: RFA 2022-106SF | HN10: RFA 2022-109 | HO10: RFA 2022-109SF | HP10: RFA 2022-201 | HQ10: RFA 2022-202 | HR10: RFA 2022-202SF | HS10: RFA 2022-203 | HT10: RFA 2022-204 | HU10: RFA 2022-204SF | HV10: RFA 2022-205 | HW10: RFA 2022-205SF | HX10: RFA 2022-206 | HY10: RFA 2022-206SF | HZ10: RFA 2022-208 | IA10: RFA 2022-210 | IB10: RFA 2022-210SF | IC10: RFA 2022-301 | ID10: RFA 2023-101 | IE10: RFA 2023-101SF | IF10: RFA 2023-102 | IG10: RFA 2023-102SF | IH10: RFA 2023-103 | II10: RFA 2023-103SF | IJ10: RFA 2023-104 | IK10: RFA 2023-104SF | IL10: RFA 2023-105 | IM10: RFA 2023-106 | IN10: RFA 2023-106SF | IO10: RFA 2023-108 | IP10: RFA 2023-201 | IQ10: RFA 2023-202 | IR10: RFA 2023-202SF | IS10: RFA 2023-203 | IT10: RFA 2023-204 | IU10: RFA 2023-204SF | IV10: RFA 2023-205 | IW10: RFA 2023-205SF | IX10: RFA 2023-206 | IY10: RFA 2023-206SF | IZ10: RFA 2023-208 | JA10: RFA 2023-303 | JB10: RFA 2023-303SF | JC10: RFA 2023-304
A11: 2015 | C11: RFA 2023-203 | D11: RFA 2022-203 | E11: RFA 2021-203 | F11: RFA 2020-204 | G11: RFA 2019-110 | H11: RFA 2018-110 | I11: RFA 2017-110 | J11: RFA 2016-110 | K11: RFA 2015-110 | L11: RFA 2014-112 | P11: Florida Keys Area | S11: Larger PSH for PDD | W11: Persons with Special Needs | AE11: Homeless Demographic (Automatic Multiplier) | AI11: DD Demo. in a Large Dev. | AJ11: Florida Keys Area | AK11: Homeless Demographic | AL11: Homeless Demographic | AM11: Homeless Demographic | AO11: Persons with Special Needs | AR11: Florida Keys Area | AT11: Florida Keys Area | AW11: Florida Keys Area | BA11: PSN Demographic multiplier | BB11: PSN Demographic multiplier | BE11: Florida Keys Area | BI11: Florida Keys Area | BM11: Homeless Demographic (Automatic Multiplier) | BN11: Homeless Demographic (Automatic Multiplier) | BO11: PSN Demographic multiplier | BP11: PSN Demographic multiplier | BX11: Elderly ALF Demographic | BZ11: North Florida Keys Area (or) | CE11: PSN Demographic multiplier | CG11: North Florida Keys Area (or) | CJ11: North Florida Keys Area (or) | CL11: Homeless Demographic & PDC | CM11: Homeless Demographic & PDC | CQ11: North Florida Keys Area (or) | CS11: North Florida Keys Area (or) | CT11: Elderly ALF Demographic | CW11: Elderly ALF Demographic | CX11: Elderly ALF Demographic | CY11: Elderly ALF Demographic | CZ11: Elderly ALF Demographic | DA11: North Florida Keys Area (or) | DB11: Elderly ALF Demographic | DC11: North Florida Keys Area (or) | DD11: PSN Demographic multiplier | DE11: North Florida Keys Area (or) | DG11: North Florida Keys Area (or) | DH11: Homeless Demographic & PDC | DI11: North Florida Keys Area (or) | DM11: North Florida Keys Area (or) | DN11: PDC/PDD Demographic multiplier (or) | DO11: PDC/PDD Demographic multiplier (or) | DQ11: Elderly ALF Demographic | DR11: Elderly ALF Demographic | DS11: Elderly ALF Demographic | DT11: Elderly ALF Demographic | DU11: North Florida Keys Area (or) | DV11: Elderly ALF Demographic | DW11: North Florida Keys Area (or) | DY11: North Florida Keys Area (or) | DZ11: North Florida Keys Area (or) | EA11: Elderly ALF Demographic | ED11: North Florida Keys Area (or) | EH11: North Florida Keys Area (or) | EI11: PSN Demographic multiplier | EJ11: North Florida Keys Area (or) | EL11: North Florida Keys Area (or) | EM11: Homeless Demographic (Automatic Multiplier) | EN11: PDC/PDD Demographic multiplier (or) | EO11: PDC/PDD Demographic multiplier (or) | ER11: North Florida Keys Area (or) | ET11: North Florida Keys Area (or) | EV11: Elderly ALF Demographic | EW11: Elderly ALF Demographic | EX11: Elderly ALF Demographic | EY11: Elderly ALF Demographic | EZ11: North Florida Keys Area (or) | FA11: Elderly ALF Demographic | FB11: North Florida Keys Area (or) | FC11: Elderly ALF Demographic | FG11: North Florida Keys Area (or) | FH11: PSN Demographic multiplier | FI11: North Florida Keys Area (or) | FJ11: Homeless Demographic (Automatic Multiplier) | FK11: North Florida Keys Area (or) | FN11: PDC/PDD Demographic multiplier (or) | FO11: PDC/PDD Demographic multiplier (or) | FP11: Elderly ALF Demographic | FQ11: Elderly ALF Demographic | FR11: Elderly ALF Demographic | FS11: Elderly ALF Demographic | FT11: North Florida Keys Area (or) | FU11: Elderly ALF Demographic | FV11: North Florida Keys Area (or) | FW11: Elderly ALF Demographic | FX11: North Florida Keys Area (or) | FZ11: North Florida Keys Area (or) | GC11: North Florida Keys Area (or) | GE11: North Florida Keys Area (or) | GF11: PSN Demographic multiplier | GG11: North Florida Keys Area (or) | GH11: Homeless Demographic (Automatic Multiplier) | GI11: North Florida Keys Area (or) | GL11: PDC/PDD Demographic multiplier (or) | GM11: PDC/PDD Demographic multiplier (or) | GN11: PDC/PDD Demographic multiplier (or) | GO11: PDC/PDD Demographic multiplier (or) | GP11: North Florida Keys Area (or) | GQ11: Elderly ALF Demographic | GR11: Elderly ALF Demographic | GS11: Elderly ALF Demographic | GT11: Elderly ALF Demographic | GU11: Elderly ALF Demographic | GV11: North Florida Keys Area (or) | GW11: Elderly ALF Demographic | GX11: North Florida Keys Area (or) | GZ11: North Florida Keys Area (or) | HC11: North Florida Keys Area (or) | HD11: Elderly ALF Demographic | HE11: North Florida Keys Area (or) | HF11: PSN Demographic multiplier | HG11: Homeless Demographic (Automatic Multiplier) | HH11: Homeless Demographic (Automatic Multiplier) | HI11: North Florida Keys Area (or) | HL11: PDC/PDD Demographic multiplier (or) | HM11: PDC/PDD Demographic multiplier (or) | HN11: North Florida Keys Area (or) | HO11: PSN Demographic multiplier | HP11: North Florida Keys Area (or) | HQ11: Elderly ALF Demographic | HR11: Elderly ALF Demographic | HS11: Elderly ALF Demographic | HV11: North Florida Keys Area (or) | HW11: Elderly ALF Demographic | HX11: North Florida Keys Area (or) | HZ11: North Florida Keys Area (or) | IA11: High Utilizer Demographic (Automatic Multiplier) | IB11: High Utilizer Demographic (Automatic Multiplier) | IC11: Elderly ALF Demographic | IF11: North Florida Keys Area (or) | IG11: PSN Demographic multiplier | IH11: Homeless Demographic (Automatic Multiplier) | II11: Homeless Demographic (Automatic Multiplier) | IJ11: North Florida Keys Area (or) | IM11: PDC/PDD Demographic multiplier (or) | IN11: PDC/PDD Demographic multiplier (or) | JA11: North Florida Keys Area (or)
A12: 2014 | C12: RFA 2023-204 | D12: RFA 2022-204 | E12: RFA 2021-204 | F12: RFA 2020-205 | G12: RFA 2019-111 | H12: RFA 2018-111 | I12: RFA 2017-111 | J12: RFA 2016-111 | K12: RFA 2015-111 | L12: RFA 2014-113 | BO12: Florida Keys Area | BZ12: South Florida Keys Area | CG12: South Florida Keys Area | CJ12: South Florida Keys Area | CQ12: South Florida Keys Area | CS12: South Florida Keys Area | DA12: South Florida Keys Area | DC12: South Florida Keys Area | DE12: South Florida Keys Area | DG12: South Florida Keys Area | DI12: South Florida Keys Area | DM12: South Florida Keys Area | DN12: PDC/PDD Construction Features multiplier | DO12: PDC/PDD Construction Features multiplier | DU12: South Florida Keys Area | DW12: South Florida Keys Area | DY12: South Florida Keys Area | DZ12: South Florida Keys Area | ED12: South Florida Keys Area | EH12: South Florida Keys Area | EJ12: South Florida Keys Area | EL12: South Florida Keys Area | EN12: PDC/PDD Construction Features multiplier | EO12: PDC/PDD Construction Features multiplier | ER12: South Florida Keys Area | ET12: South Florida Keys Area | EZ12: South Florida Keys Area | FB12: South Florida Keys Area | FG12: South Florida Keys Area | FI12: South Florida Keys Area | FK12: South Florida Keys Area | FN12: PDC/PDD Construction Features multiplier | FO12: PDC/PDD Construction Features multiplier | FT12: South Florida Keys Area | FV12: South Florida Keys Area | FX12: South Florida Keys Area | FZ12: South Florida Keys Area | GC12: South Florida Keys Area | GE12: South Florida Keys Area | GG12: South Florida Keys Area | GI12: South Florida Keys Area | GL12: PDC/PDD Construction Features multiplier | GM12: PDC/PDD Construction Features multiplier | GN12: PDC/PDD Construction Features multiplier | GO12: PDC/PDD Construction Features multiplier | GP12: South Florida Keys Area | GV12: South Florida Keys Area | GX12: South Florida Keys Area | GZ12: South Florida Keys Area | HC12: South Florida Keys Area | HE12: South Florida Keys Area | HI12: South Florida Keys Area | HL12: PDC/PDD Construction Features multiplier | HM12: PDC/PDD Construction Features multiplier | HN12: South Florida Keys Area | HP12: South Florida Keys Area | HV12: South Florida Keys Area | HX12: South Florida Keys Area | HZ12: South Florida Keys Area | IA12: Homeless Demographic (Automatic Multiplier) | IB12: Homeless Demographic (Automatic Multiplier) | IF12: South Florida Keys Area | IJ12: South Florida Keys Area | IM12: PDC/PDD Construction Features multiplier | IN12: PDC/PDD Construction Features multiplier | JA12: South Florida Keys Area
A13: 2013 | C13: RFA 2023-205 | D13: RFA 2022-205 | E13: RFA 2021-205 | F13: RFA 2020-206 | G13: RFA 2019-112 | H13: RFA 2018-112 | I13: RFA 2017-112 | J13: RFA 2016-112 | K13: RFA 2015-112 | L13: RFA 2014-114 | CS13: Elderly ALF Demographic | DA13: Elderly ALF Demographic | DC13: PSN Demographic multiplier | DG13: Homeless Demographic & PDC | DN13: 9%, NC, =<50 Units, not in Keys (or) | DO13: 9%, NC, =<50 Units, not in Keys (or) | DU13: Elderly ALF Demographic | DZ13: Elderly ALF Demographic | EH13: PSN Demographic multiplier | EL13: Homeless Demographic (Automatic Multiplier) | EN13: 9%, NC, =<50 Units, not in Keys (or) | EO13: 9%, NC, =<50 Units, not in Keys (or) | EZ13: Elderly ALF Demographic | FB13: Elderly ALF Demographic | FG13: PSN Demographic multiplier | FI13: Homeless Demographic (Automatic Multiplier) | FN13: 9%, NC, =<50 Units, not in Keys (or) | FO13: 9%, NC, =<50 Units, not in Keys (or) | FT13: Elderly ALF Demographic | FV13: Elderly ALF Demographic | GE13: PSN Demographic multiplier | GG13: Homeless Demographic (Automatic Multiplier) | GL13: 9%, NC, =<50 Units, not in Keys (or) | GM13: 9%, NC, =<50 Units, not in Keys (or) | GN13: 9%, NC, =<50 Units, not in Keys (or) | GO13: 9%, NC, =<50 Units, not in Keys (or) | GP13: Elderly ALF Demographic | GV13: Elderly ALF Demographic | HC13: Elderly ALF Demographic | HE13: PSN Demographic multiplier | HL13: 9%, NC, =<50 Units | HM13: 9%, NC, =<50 Units | HN13: PSN Demographic multiplier | HP13: Elderly ALF Demographic | HV13: Elderly ALF Demographic | IA13: North Florida Keys Area (or) | IF13: PSN Demographic multiplier | IM13: 9%, NC, =<50 Units | IN13: 9%, NC, =<50 Units
C14: RFA 2023-206 | D14: RFA 2022-206 | E14: RFA 2021-206 | F14: RFA 2020-208 | G14: RFA 2019-113 | H14: RFA 2018-113 | I14: RFA 2017-113 | J14: RFA 2016-113 | K14: RFA 2015-113 | L14: RFA 2014-115 | DN14: 9%, NC, 51-80 Units, not in Keys | DO14: 9%, NC, 51-80 Units, not in Keys | EN14: 9%, NC, 51-80 Units, not in Keys | EO14: 9%, NC, 51-80 Units, not in Keys | FN14: 9%, NC, 51-80 Units, not in Keys | FO14: 9%, NC, 51-80 Units, not in Keys | GL14: 9%, NC, 51-80 Units, not in Keys | GM14: 9%, NC, 51-80 Units, not in Keys | GN14: 9%, NC, 51-80 Units, not in Keys | GO14: 9%, NC, 51-80 Units, not in Keys | HL14: 9%, NC, 51-80 Units | HM14: 9%, NC, 51-80 Units | IA14: South Florida Keys Area | IM14: 9%, NC, 51-80 Units | IN14: 9%, NC, 51-80 Units
C15: RFA 2023-208 | D15: RFA 2022-208 | E15: RFA 2021-208 | F15: RFA 2020-211 | G15: RFA 2019-114 | H15: RFA 2018-114 | I15: RFA 2017-114 | J15: RFA 2016-114 | K15: RFA 2015-114 | L15: RFA 2014-116 | DN15: North Florida Keys Area (or) | EN15: North Florida Keys Area (or) | FN15: North Florida Keys Area (or) | GL15: North Florida Keys Area (or) | GN15: North Florida Keys Area (or)
A16: <select from menu> | C16: RFA 2023-303 | D16: RFA 2022-210 | E16: RFA 2021-211 | F16: RFA 2020-302 | G16: RFA 2019-115 | H16: RFA 2018-115 | J16: RFA 2016-115 | L16: RFA 2014-117 | DN16: South Florida Keys Area | EN16: South Florida Keys Area | FN16: South Florida Keys Area | GL16: South Florida Keys Area | GN16: South Florida Keys Area
A17: Alachua | C17: RFA 2023-304 | D17: RFA 2022-301 | G17: RFA 2019-116 | H17: RFA 2018-116 | J17: RFA 2016-116
A18: Baker | G18: RFA 2019-117 | H18: RFA 2018-117 | O18: MultiplierNumbers | P18: RFA 2013-001 | Q18: RFA 2013-002 | R18: RFA 2013-003 | S18: RFA 2013-004 | T18: RFA 2013-005 | U18: RFA 2013-006 | V18: RFA 2013-07 | W18: RFA 2013-08 | X18: RFA 2013-010 | Y18: RFA 2014-101 | Z18: RFA 2014-102 | AA18: RFA 2014-103 | AB18: RFA 2014-104 | AC18: RFA 2014-105 | AD18: RFA 2014-106 | AE18: RFA 2014-107 | AF18: RFA 2014-109 | AG18: RFA 2014-111 | AH18: RFA 2014-112 | AI18: RFA 2014-113 | AJ18: RFA 2014-114 | AK18: RFA 2014-115 | AL18: RFA 2014-115SF | AM18: RFA 2014-116 | AN18: RFA 2014-117 | AO18: RFA 2015-101 | AP18: RFA 2015-101SF | AQ18: RFA 2015-102 | AR18: RFA 2015-103 | AS18: RFA 2015-103SF | AT18: RFA 2015-104 | AU18: RFA 2015-104SF | AV18: RFA 2015-105 | AW18: RFA 2015-106 | AX18: RFA 2015-107 | AY18: RFA 2015-107SF | AZ18: RFA 2015-108 | BA18: RFA 2015-109 | BB18: RFA 2015-109SF | BC18: RFA 2015-110 | BD18: RFA 2015-110 | BE18: RFA 2015-111 | BF18: RFA 2015-111SF | BG18: RFA 2015-112 | BH18: RFA 2015-112SF | BI18: RFA 2015-113 | BJ18: RFA 2015-113SF | BK18: RFA 2015-114 | BL18: RFA 2016-101 | BM18: RFA 2016-102 | BN18: RFA 2016-102SF | BO18: RFA 2016-103 | BP18: RFA 2016-103SF | BQ18: RFA 2016-104 | BR18: RFA 2016-105 | BS18: RFA 2016-106 | BT18: RFA 2016-107 | BU18: RFA 2016-108 | BV18: RFA 2016-109 | BW18: RFA 2016-109SF | BX18: RFA 2016-110 | BY18: RFA 2016-111 | BZ18: RFA 2016-112 | CA18: RFA 2016-112SF | CB18: RFA 2016-113 | CC18: RFA 2016-113SF | CD18: RFA 2016-114 | CE18: RFA 2016-115 | CF18: RFA 2016-115SF | CG18: RFA 2016-116 | CH18: RFA 2016-116SF | CI18: RFA 2017-101 | CJ18: RFA 2017-102 | CK18: RFA 2017-102SF | CL18: RFA 2017-103 | CM18: RFA 2017-103SF | CN18: RFA 2017-104 | CO18: RFA 2017-105 | CP18: RFA 2017-106 | CQ18: RFA 2017-107 | CR18: RFA 2017-107SF | CS18: RFA 2017-108 | CT18: RFA 2017-108SF | CU18: RFA 2017-109 | CV18: RFA 2017-110 | CW18: RFA 2017-111 | CX18: RFA 2017-112 | CY18: RFA 2017-113 | CZ18: RFA 2017-113SF | DA18: RFA 2017-114 | DB18: RFA 2017-114SF | DC18: RFA 2018-101 | DD18: RFA 2018-101SF | DE18: RFA 2018-102 | DF18: RFA 2018-102SF | DG18: RFA 2018-103 | DH18: RFA 2018-103SF | DI18: RFA 2018-104 | DJ18: RFA 2018-104SF | DK18: RFA 2018-105 | DL18: RFA 2018-106 | DM18: RFA 2018-107 | DN18: RFA 2018-108 | DO18: RFA 2018-108SF | DP18: RFA 2018-109 | DQ18: RFA 2018-110 | DR18: RFA 2018-111 | DS18: RFA 2018-112 | DT18: RFA 2018-112SF | DU18: RFA 2018-113 | DV18: RFA 2018-113SF | DW18: RFA 2018-114 | DX18: RFA 2018-114SF | DY18: RFA 2018-115 | DZ18: RFA 2018-116 | EA18: RFA 2018-116SF | EB18: RFA 2018-117 | EC18: RFA 2018-118 | ED18: RFA 2019-101 | EE18: RFA 2019-102 | EF18: RFA 2019-102SF | EG18: RFA 2019-103 | EH18: RFA 2019-104 | EI18: RFA 2019-104SF | EJ18: RFA 2019-105 | EK18: RFA 2019-105SF | EL18: RFA 2019-106 | EM18: RFA 2019-106SF | EN18: RFA 2019-107 | EO18: RFA 2019-107SF | EP18: RFA 2019-108 | EQ18: RFA 2019-108SF | ER18: RFA 2019-109 | ES18: RFA 2019-109SF | ET18: RFA 2019-110 | EU18: RFA 2019-111 | EV18: RFA 2019-112 | EW18: RFA 2019-113 | EX18: RFA 2019-114 | EY18: RFA 2019-114SF | EZ18: RFA 2019-115 | FA18: RFA 2019-115SF | FB18: RFA 2019-116 | FC18: RFA 2019-116SF | FD18: RFA 2019-117 | FE18: RFA 2019-118 | FF18: RFA 2020-101 | FG18: RFA 2020-102 | FH18: RFA 2020-102SF | FI18: RFA 2020-103 | FJ18: RFA 2020-103SF | FK18: RFA 2020-104 | FL18: RFA 2020-104SF | FM18: RFA 2020-105 | FN18: RFA 2020-106 | FO18: RFA 2020-106SF | FP18: RFA 2020-201 | FQ18: RFA 2020-202 | FR18: RFA 2020-202SF | FS18: RFA 2020-203 | FT18: RFA 2020-204 | FU18: RFA 2020-204SF | FV18: RFA 2020-205 | FW18: RFA 2020-205SF | FX18: RFA 2020-206 | FY18: RFA 2020-206SF | FZ18: RFA 2020-208 | GA18: RFA 2020-208SF | GB18: RFA 2020-211 | GC18: RFA 2020-302 | GD18: RFA 2021-101 | GE18: RFA 2021-102 | GF18: RFA 2021-102SF | GG18: RFA 2021-103 | GH18: RFA 2021-103SF | GI18: RFA 2021-104 | GJ18: RFA 2021-104SF | GK18: RFA 2021-105 | GL18: RFA 2021-106 | GM18: RFA 2021-106SF | GN18: RFA 2021-108 | GO18: RFA 2021-108SF | GP18: RFA 2021-201 | GQ18: RFA 2021-202 | GR18: RFA 2021-202SF | GS18: RFA 2021-203 | GT18: RFA 2021-204 | GU18: RFA 2021-204SF | GV18: RFA 2021-205 | GW18: RFA 2021-205SF | GX18: RFA 2021-206 | GY18: RFA 2021-206SF | GZ18: RFA 2021-208 | HA18: RFA 2021-208SF | HB18: RFA 2021-211 | HC18: RFA 2022-101 | HD18: RFA 2022-101SF | HE18: RFA 2022-102 | HF18: RFA 2022-102SF | HG18: RFA 2022-103 | HH18: RFA 2022-103SF | HI18: RFA 2022-104 | HJ18: RFA 2022-104SF | HK18: RFA 2022-105 | HL18: RFA 2022-106 | HM18: RFA 2022-106SF | HN18: RFA 2022-109 | HO18: RFA 2022-109SF | HP18: RFA 2022-201 | HQ18: RFA 2022-202 | HR18: RFA 2022-202SF | HS18: RFA 2022-203 | HT18: RFA 2022-204 | HU18: RFA 2022-204SF | HV18: RFA 2022-205 | HW18: RFA 2022-205SF | HX18: RFA 2022-206 | HY18: RFA 2022-206SF | HZ18: RFA 2022-208 | IA18: RFA 2022-210 | IB18: RFA 2022-210SF | IC18: RFA 2022-301 | ID18: RFA 2023-101 | IE18: RFA 2023-101SF | IF18: RFA 2023-102 | IG18: RFA 2023-102SF | IH18: RFA 2023-103 | II18: RFA 2023-103SF | IJ18: RFA 2023-104 | IK18: RFA 2023-104SF | IL18: RFA 2023-105 | IM18: RFA 2023-106 | IN18: RFA 2023-106SF | IO18: RFA 2023-108 | IP18: RFA 2023-201 | IQ18: RFA 2023-202 | IR18: RFA 2023-202SF | IS18: RFA 2023-203 | IT18: RFA 2023-204 | IU18: RFA 2023-204SF | IV18: RFA 2023-205 | IW18: RFA 2023-205SF | IX18: RFA 2023-206 | IY18: RFA 2023-206SF | IZ18: RFA 2023-208 | JA18: RFA 2023-303 | JB18: RFA 2023-303SF | JC18: RFA 2023-304
A19: Bay | G19: RFA 2019-118 | H19: RFA 2018-118 | P19: 0.65 | S19: 0.55 | W19: 0.9 | AE19: 0.9 | AI19: 0.55 | AJ19: 0.65 | AK19: 0.9 | AL19: 0.9 | AM19: 0.9 | AO19: 0.9 | AR19: 0.65 | AT19: 0.65 | AW19: 0.65 | BA19: 0.9 | BB19: 0.9 | BE19: 0.65 | BI19: 0.65 | BM19: 0.9 | BN19: 0.9 | BO19: 0.9 | BP19: 0.9 | BX19: 0.95 | BZ19: 0.65 | CE19: 0.9 | CG19: 0.65 | CJ19: 0.65 | CL19: 0.9 | CM19: 0.9 | CQ19: 0.65 | CS19: 0.65 | CT19: 0.95 | CW19: 0.95 | CX19: 0.95 | CY19: 0.95 | CZ19: 0.95 | DA19: 0.65 | DB19: 0.95 | DC19: 0.65 | DD19: 0.9 | DE19: 0.65 | DG19: 0.65 | DH19: 0.9 | DI19: 0.65 | DM19: 0.65 | DN19: 0.9 | DO19: 0.9 | DQ19: 0.95 | DR19: 0.95 | DS19: 0.95 | DT19: 0.95 | DU19: 0.65 | DV19: 0.95 | DW19: 0.65 | DY19: 0.65 | DZ19: 0.65 | EA19: 0.95 | ED19: 0.65 | EH19: 0.65 | EI19: 0.9 | EJ19: 0.65 | EL19: 0.65 | EM19: 0.9 | EN19: 0.9 | EO19: 0.9 | ER19: 0.65 | ET19: 0.65 | EV19: 0.95 | EW19: 0.95 | EX19: 0.95 | EY19: 0.95 | EZ19: 0.65 | FA19: 0.95 | FB19: 0.65 | FC19: 0.95 | FG19: 0.65 | FH19: 0.9 | FI19: 0.65 | FJ19: 0.9 | FK19: 0.65 | FN19: 0.9 | FO19: 0.9 | FP19: 0.95 | FQ19: 0.95 | FR19: 0.95 | FS19: 0.95 | FT19: 0.65 | FU19: 0.95 | FV19: 0.65 | FW19: 0.95 | FX19: 0.65 | FZ19: 0.65 | GC19: 0.65 | GE19: 0.65 | GF19: 0.9 | GG19: 0.65 | GH19: 0.9 | GI19: 0.65 | GL19: 0.9 | GM19: 0.9 | GN19: 0.9 | GO19: 0.9 | GP19: 0.65 | GQ19: 0.95 | GR19: 0.95 | GS19: 0.95 | GT19: 0.95 | GU19: 0.95 | GV19: 0.65 | GW19: 0.95 | GX19: 0.65 | GZ19: 0.65 | HC19: 0.65 | HD19: 0.95 | HE19: 0.65 | HF19: 0.9 | HG19: 0.9 | HH19: 0.9 | HI19: 0.65 | HL19: 0.9 | HM19: 0.9 | HN19: 0.65 | HO19: 0.9 | HP19: 0.65 | HQ19: 0.95 | HR19: 0.95 | HS19: 0.95 | HV19: 0.65 | HW19: 0.95 | HX19: 0.65 | HZ19: 0.65 | IA19: 0.95 | IB19: 0.95 | IC19: 0.95 | IF19: 0.65 | IG19: 0.9 | IH19: 0.9 | II19: 0.9 | IJ19: 0.65 | IM19: 0.9 | IN19: 0.9 | JA19: 0.65
A20: Bradford | BO20: 0.65 | BZ20: 0.5 | CG20: 0.5 | CJ20: 0.5 | CQ20: 0.5 | CS20: 0.5 | DA20: 0.5 | DC20: 0.5 | DE20: 0.5 | DG20: 0.5 | DI20: 0.5 | DM20: 0.5 | DN20: 0.6 | DO20: 0.6 | DU20: 0.5 | DW20: 0.5 | DY20: 0.5 | DZ20: 0.5 | ED20: 0.5 | EH20: 0.5 | EJ20: 0.5 | EL20: 0.5 | EN20: 0.6 | EO20: 0.6 | ER20: 0.5 | ET20: 0.5 | EZ20: 0.5 | FB20: 0.5 | FG20: 0.5 | FI20: 0.5 | FK20: 0.5 | FN20: 0.6 | FO20: 0.6 | FT20: 0.5 | FV20: 0.5 | FX20: 0.5 | FZ20: 0.5 | GC20: 0.5 | GE20: 0.5 | GG20: 0.5 | GI20: 0.5 | GL20: 0.6 | GM20: 0.6 | GN20: 0.6 | GO20: 0.6 | GP20: 0.5 | GV20: 0.5 | GX20: 0.5 | GZ20: 0.5 | HC20: 0.5 | HE20: 0.5 | HI20: 0.5 | HL20: 0.6 | HM20: 0.6 | HN20: 0.5 | HP20: 0.5 | HV20: 0.5 | HX20: 0.5 | HZ20: 0.5 | IA20: 0.9 | IB20: 0.9 | IF20: 0.5 | IJ20: 0.5 | IM20: 0.6 | IN20: 0.6 | JA20: 0.5
A21: Brevard | C21: AppDue | CS21: 0.95 | DA21: 0.95 | DC21: 0.9 | DG21: 0.9 | DN21: 0.9 | DO21: 0.9 | DU21: 0.95 | DZ21: 0.95 | EH21: 0.9 | EL21: 0.9 | EN21: 0.9 | EO21: 0.9 | EZ21: 0.95 | FB21: 0.95 | FG21: 0.9 | FI21: 0.9 | FN21: 0.9 | FO21: 0.9 | FT21: 0.95 | FV21: 0.95 | GE21: 0.9 | GG21: 0.9 | GL21: 0.9 | GM21: 0.9 | GN21: 0.9 | GO21: 0.9 | GP21: 0.95 | GV21: 0.95 | HC21: 0.95 | HE21: 0.9 | HL21: 0.9 | HM21: 0.9 | HN21: 0.9 | HP21: 0.95 | HV21: 0.95 | IA21: 0.65 | IF21: 0.9 | IM21: 0.9 | IN21: 0.9
A22: Broward | C22: TBD | D22: 44915 | E22: 44537 | F22: 44153 | G22: 43683 | H22: 43160 | I22: 42859 | J22: 42425 | K22: 42051 | L22: 41682 | M22: 41564 | DN22: 0.95 | DO22: 0.95 | EN22: 0.95 | EO22: 0.95 | FN22: 0.95 | FO22: 0.95 | GL22: 0.95 | GM22: 0.95 | GN22: 0.95 | GO22: 0.95 | HL22: 0.95 | HM22: 0.95 | IA22: 0.5 | IM22: 0.95 | IN22: 0.95
A23: Calhoun | C23: 45006 | D23: 44644 | E23: 44266 | F23: 43922 | G23: 43732 | H23: 43167 | I23: 42817 | J23: 42439 | K23: 42080 | L23: 41684 | M23: 41577 | DN23: 0.65 | EN23: 0.65 | FN23: 0.65 | GL23: 0.65 | GN23: 0.65
A24: Charlotte | C24: 44952 | D24: 44607 | E24: 44265 | F24: 43921 | G24: 43706 | H24: 43213 | I24: 42845 | J24: 42467 | K24: 42129 | L24: 41676 | M24: 41590 | DN24: 0.5 | EN24: 0.5 | FN24: 0.5 | GL24: 0.5 | GN24: 0.5
A25: Citrus | C25: 45007 | D25: 44581 | E25: 44210 | F25: 43970 | G25: 43552 | H25: 43200 | I25: 42825 | J25: 42432 | K25: 42178 | L25: 41705 | M25: 41586
A26: Clay | C26: 45034 | D26: N/A - This RFA was not Issued | E26: 44307 | F26: 43965 | G26: 43502 | H26: Not Issued | I26: 42846 | J26: 42495 | K26: 42286 | L26: 41726 | M26: 41586 | O26: Types | P26: RFA 2013-001 | Q26: RFA 2013-002 | R26: RFA 2013-003 | S26: RFA 2013-004 | T26: RFA 2013-005 | U26: RFA 2013-006 | V26: RFA 2013-07 | W26: RFA 2013-08 | X26: RFA 2013-010 | Y26: RFA 2014-101 | Z26: RFA 2014-102 | AA26: RFA 2014-103 | AB26: RFA 2014-104 | AC26: RFA 2014-105 | AD26: RFA 2014-106 | AE26: RFA 2014-107 | AF26: RFA 2014-109 | AG26: RFA 2014-111 | AH26: RFA 2014-112 | AI26: RFA 2014-113 | AJ26: RFA 2014-114 | AK26: RFA 2014-115 | AL26: RFA 2014-115SF | AM26: RFA 2014-116 | AN26: RFA 2014-117 | AO26: RFA 2015-101 | AP26: RFA 2015-101SF | AQ26: RFA 2015-102 | AR26: RFA 2015-103 | AS26: RFA 2015-103SF | AT26: RFA 2015-104 | AU26: RFA 2015-104SF | AV26: RFA 2015-105 | AW26: RFA 2015-106 | AX26: RFA 2015-107 | AY26: RFA 2015-107SF | AZ26: RFA 2015-108 | BA26: RFA 2015-109 | BB26: RFA 2015-109SF | BC26: RFA 2015-110 | BD26: RFA 2015-110SF | BE26: RFA 2015-111 | BF26: RFA 2015-111SF | BG26: RFA 2015-112 | BH26: RFA 2015-112SF | BI26: RFA 2015-113 | BJ26: RFA 2015-113SF | BK26: RFA 2015-114 | BL26: RFA 2016-101 | BM26: RFA 2016-102 | BN26: RFA 2016-102SF | BO26: RFA 2016-103 | BP26: RFA 2016-103SF | BQ26: RFA 2016-104 | BR26: RFA 2016-105 | BS26: RFA 2016-106 | BT26: RFA 2016-107 | BU26: RFA 2016-108 | BV26: RFA 2016-109 | BW26: RFA 2016-109SF | BX26: RFA 2016-110 | BY26: RFA 2016-111 | BZ26: RFA 2016-112 | CA26: RFA 2016-112SF | CB26: RFA 2016-113 | CC26: RFA 2016-113SF | CD26: RFA 2016-114 | CE26: RFA 2016-115 | CF26: RFA 2016-115SF | CG26: RFA 2016-116 | CH26: RFA 2016-116SF | CI26: RFA 2017-101 | CJ26: RFA 2017-102 | CK26: RFA 2017-102SF | CL26: RFA 2017-103 | CM26: RFA 2017-103SF | CN26: RFA 2017-104 | CO26: RFA 2017-105 | CP26: RFA 2017-106 | CQ26: RFA 2017-107 | CR26: RFA 2017-107SF | CS26: RFA 2017-108 | CT26: RFA 2017-108SF | CU26: RFA 2017-109 | CV26: RFA 2017-110 | CW26: RFA 2017-111 | CX26: RFA 2017-112 | CY26: RFA 2017-113 | CZ26: RFA 2017-113SF | DA26: RFA 2017-114 | DB26: RFA 2017-114SF | DC26: RFA 2018-101 | DD26: RFA 2018-101SF | DE26: RFA 2018-102 | DF26: RFA 2018-102SF | DG26: RFA 2018-103 | DH26: RFA 2018-103SF | DI26: RFA 2018-104 | DJ26: RFA 2018-104SF | DK26: RFA 2018-105 | DL26: RFA 2018-106 | DM26: RFA 2018-107 | DN26: RFA 2018-108 | DO26: RFA 2018-108SF | DP26: RFA 2018-109 | DQ26: RFA 2018-110 | DR26: RFA 2018-111 | DS26: RFA 2018-112 | DT26: RFA 2018-112SF | DU26: RFA 2018-113 | DV26: RFA 2018-113SF | DW26: RFA 2018-114 | DX26: RFA 2018-114SF | DY26: RFA 2018-115 | DZ26: RFA 2018-116 | EA26: RFA 2018-116SF | EB26: RFA 2018-117 | EC26: RFA 2018-118 | ED26: RFA 2019-101 | EE26: RFA 2019-102 | EF26: RFA 2019-102SF | EG26: RFA 2019-103 | EH26: RFA 2019-104 | EI26: RFA 2019-104SF | EJ26: RFA 2019-105 | EK26: RFA 2019-105SF | EL26: RFA 2019-106 | EM26: RFA 2019-106SF | EN26: RFA 2019-107 | EO26: RFA 2019-107SF | EP26: RFA 2019-108 | EQ26: RFA 2019-108SF | ER26: RFA 2019-109 | ES26: RFA 2019-109SF | ET26: RFA 2019-110 | EU26: RFA 2019-111 | EV26: RFA 2019-112 | EW26: RFA 2019-113 | EX26: RFA 2019-114 | EY26: RFA 2019-114SF | EZ26: RFA 2019-115 | FA26: RFA 2019-115SF | FB26: RFA 2019-116 | FC26: RFA 2019-116SF | FD26: RFA 2019-117 | FE26: RFA 2019-118 | FF26: RFA 2020-101 | FG26: RFA 2020-102 | FH26: RFA 2020-102SF | FI26: RFA 2020-103 | FJ26: RFA 2020-103SF | FK26: RFA 2020-104 | FL26: RFA 2020-104SF | FM26: RFA 2020-105 | FN26: RFA 2020-106 | FO26: RFA 2020-106SF | FP26: RFA 2020-201 | FQ26: RFA 2020-202 | FR26: RFA 2020-202SF | FS26: RFA 2020-203 | FT26: RFA 2020-204 | FU26: RFA 2020-204SF | FV26: RFA 2020-205 | FW26: RFA 2020-205SF | FX26: RFA 2020-206 | FY26: RFA 2020-206SF | FZ26: RFA 2020-208 | GA26: RFA 2020-208SF | GB26: RFA 2020-211 | GC26: RFA 2020-302 | GD26: RFA 2021-101 | GE26: RFA 2021-102 | GF26: RFA 2021-102SF | GG26: RFA 2021-103 | GH26: RFA 2021-103SF | GI26: RFA 2021-104 | GJ26: RFA 2021-104SF | GK26: RFA 2021-105 | GL26: RFA 2021-106 | GM26: RFA 2021-106SF | GN26: RFA 2021-108 | GO26: RFA 2021-108SF | GP26: RFA 2021-201 | GQ26: RFA 2021-202 | GR26: RFA 2021-202SF | GS26: RFA 2021-203 | GT26: RFA 2021-204 | GU26: RFA 2021-204SF | GV26: RFA 2021-205 | GW26: RFA 2021-205SF | GX26: RFA 2021-206 | GY26: RFA 2021-206SF | GZ26: RFA 2021-208 | HA26: RFA 2021-208SF | HB26: RFA 2021-211 | HC26: RFA 2022-101 | HD26: RFA 2022-101SF | HE26: RFA 2022-102 | HF26: RFA 2022-102SF | HG26: RFA 2022-103 | HH26: RFA 2022-103SF | HI26: RFA 2022-104 | HJ26: RFA 2022-104SF | HK26: RFA 2022-105 | HL26: RFA 2022-106 | HM26: RFA 2022-106SF | HN26: RFA 2022-109 | HO26: RFA 2022-109SF | HP26: RFA 2022-201 | HQ26: RFA 2022-202 | HR26: RFA 2022-202SF | HS26: RFA 2022-203 | HT26: RFA 2022-204 | HU26: RFA 2022-204SF | HV26: RFA 2022-205 | HW26: RFA 2022-205SF | HX26: RFA 2022-206 | HY26: RFA 2022-206SF | HZ26: RFA 2022-208 | IA26: RFA 2022-210 | IB26: RFA 2022-210SF | IC26: RFA 2022-301 | ID26: RFA 2023-101 | IE26: RFA 2023-101SF | IF26: RFA 2023-102 | IG26: RFA 2023-102SF | IH26: RFA 2023-103 | II26: RFA 2023-103SF | IJ26: RFA 2023-104 | IK26: RFA 2023-104SF | IL26: RFA 2023-105 | IM26: RFA 2023-106 | IN26: RFA 2023-106SF | IO26: RFA 2023-108 | IP26: RFA 2023-201 | IQ26: RFA 2023-202 | IR26: RFA 2023-202SF | IS26: RFA 2023-203 | IT26: RFA 2023-204 | IU26: RFA 2023-204SF | IV26: RFA 2023-205 | IW26: RFA 2023-205SF | IX26: RFA 2023-206 | IY26: RFA 2023-206SF | IZ26: RFA 2023-208 | JA26: RFA 2023-303 | JB26: RFA 2023-303SF | JC26: RFA 2023-304
A27: Collier | C27: 44957 | D27: 44609 | E27: 44271 | F27: 43916 | G27: 43501 | H27: 43398 | I27: 42985 | J27: 42675 | K27: 42292 | L27: 41766 | M27: 41586 | P27: Garden-Wood (NC) | Q27: Garden-Wood (NC) | R27: Garden-Wood (NC) | S27: NC | T27: No TDC Limitation in this RFA | U27: No TDC Limitation in this RFA | V27: NC | W27: NC | X27: Garden-Wood (NC) | Y27: No TDC Limitation in this RFA | Z27: No TDC Limitation in this RFA | AA27: Garden-Wood (NC) | AB27: Garden-Wood (NC) | AC27: No TDC Limitation in this RFA | AD27: NC | AE27: Garden-Wood (NC) | AF27: Non-Concrete (NC) | AG27: Garden-Wood (NC) | AH27: No TDC Limitation in this RFA | AI27: NC | AJ27: Garden-Wood (NC) | AK27: Garden-Wood (NC) | AL27: Garden-Wood (NC) | AM27: Garden-Wood (NC) | AN27: No TDC Limitation in this RFA | AO27: Garden-Wood (NC) | AP27: Garden-Wood (NC) | AQ27: No TDC Limitation in this RFA | AR27: Garden-Wood (NC) | AS27: Garden-Wood (NC) | AT27: Garden-Wood (NC) | AU27: Garden-Wood (NC) | AV27: No TDC Limitation in this RFA | AW27: Garden-Wood (NC) | AX27: Garden-Wood (NC) | AY27: Garden-Wood (NC) | AZ27: Garden-Wood (NC) | BA27: Wood (NC) | BB27: Wood (NC) | BC27: Garden-Wood (NC) | BD27: Garden-Wood (NC) | BE27: Garden-Wood (NC) | BF27: Garden-Wood (NC) | BG27: Garden-Wood (NC) | BH27: Garden-Wood (NC) | BI27: Garden-Wood (NC) | BJ27: Garden-Wood (NC) | BK27: No TDC Limitation in this RFA | BL27: Non-Concrete (NC) | BM27: Garden-Wood (NC) | BN27: Garden-Wood (NC) | BO27: Garden-Wood (NC) | BP27: Garden-Wood (NC) | BQ27: No TDC Limitation in this RFA | BR27: No TDC Limitation in this RFA | BS27: No TDC Limitation in this RFA | BT27: No TDC Limitation in this RFA | BU27: No TDC Limitation in this RFA | BV27: Garden-Wood (NC) | BW27: Garden-Wood (NC) | BX27: Garden-Wood (NC) | BY27: Non-Concrete (NC) | BZ27: Garden-Wood (NC) | CA27: Garden-Wood (NC) | CB27: Garden-Wood (NC) | CC27: Garden-Wood (NC) | CD27: Garden-Wood (NC) | CE27: Wood (NC) | CF27: Wood (NC) | CG27: Garden-Wood (NC) | CH27: Garden-Wood (NC) | CI27: No TDC Limitation in this RFA | CJ27: Garden-Wood (NC) | CK27: Garden-Wood (NC) | CL27: Garden-Wood (NC) | CM27: Garden-Wood (NC) | CN27: No TDC Limitation in this RFA | CO27: Non-Concrete (NC) | CP27: No TDC Limitation in this RFA | CQ27: Garden-Wood (NC) | CR27: Garden-Wood (NC) | CS27: Garden-Wood (NC) | CT27: Garden-Wood (NC) | CU27: Please select the initial RFA | CV27: No TDC Limitation in this RFA | CW27: Garden-Wood (NC) | CX27: Garden-Wood (NC) | CY27: Garden-Wood (NC) | CZ27: Garden-Wood (NC) | DA27: Garden-Wood (NC) | DB27: Garden-Wood (NC) | DC27: Garden-Wood (NC) | DD27: Garden-Wood (NC) | DE27: Garden-Wood (NC) | DF27: Garden-Wood (NC) | DG27: Garden-Wood (NC) | DH27: Garden-Wood (NC) | DI27: Garden-Wood (NC) | DJ27: Garden-Wood (NC) | DK27: RFA Not Issued. | DL27: No TDC Limitation in this RFA | DM27: Garden-Concrete (NC) | DN27: Garden-Wood (NC) | DO27: Garden-Wood (NC) | DP27: Please select the initial RFA | DQ27: Garden-Wood (NC) | DR27: Garden-Wood (NC) | DS27: Garden-Wood (NC) | DT27: Garden-Wood (NC) | DU27: Garden-Wood (NC) | DV27: Garden-Wood (NC) | DW27: Garden-Wood (NC) | DX27: Garden-Wood (NC) | DY27: Garden-Wood (NC) | DZ27: Garden-Wood (NC) | EA27: Garden-Wood (NC) | EB27: No TDC Limitation in this RFA | EC27: No TDC Limitation in this RFA | ED27: Garden-ESS (NC) | EE27: Garden-Wood (NC) | EF27: Garden-Wood (NC) | EG27: Garden-Wood (NC) | EH27: Garden-Wood (NC) | EI27: Garden-Wood (NC) | EJ27: Garden-Wood (NC) | EK27: Garden-Wood (NC) | EL27: Garden-Wood (NC) | EM27: Garden-Wood (NC) | EN27: Garden-Wood (NC) | EO27: Garden-Wood (NC) | EP27: Garden-Wood (NC) | EQ27: Garden-Wood (NC) | ER27: Wood (NC) | ES27: Wood (NC) | ET27: Garden-Wood (NC) | EU27: Garden-Wood (NC) | EV27: Garden-Wood (NC) | EW27: Garden-Wood (NC) | EX27: Garden-Wood (NC) | EY27: Garden-Wood (NC) | EZ27: Garden-Wood (NC) | FA27: Garden-Wood (NC) | FB27: Garden-Wood (NC) | FC27: Garden-Wood (NC) | FD27: No TDC Limitation in this RFA | FE27: No TDC Limitation in this RFA | FF27: No TDC Limitation in this RFA | FG27: Garden-Non ESSC (NC) | FH27: Garden-Non ESSC (NC) | FI27: Garden-Wood (NC) | FJ27: Garden-Wood (NC) | FK27: Garden-Non ESSC (NC) | FL27: Garden-Non ESSC (NC) | FM27: No TDC Limitation in this RFA | FN27: Garden-Wood (NC) | FO27: Garden-Wood (NC) | FP27: Garden-Wood (NC) | FQ27: Garden-Wood (NC) | FR27: Garden-Wood (NC) | FS27: Garden-Wood (NC) | FT27: Garden-Wood (NC) | FU27: Garden-Wood (NC) | FV27: Garden-Non ESSC (NC) | FW27: Garden-Non ESSC (NC) | FX27: Non ESSC (NC) | FY27: Non ESSC (NC) | FZ27: Garden-Wood (NC) | GA27: Garden-Wood (NC) | GB27: Garden-Non ESSC (NC) | GC27: Garden-Wood (NC) | GD27: No TDC Limitation in this RFA | GE27: Garden-Non ESSC (NC) | GF27: Garden-Non ESSC (NC) | GG27: Garden-Non ESSC (NC) | GH27: Garden-Non ESSC (NC) | GI27: Garden-Non ESSC (NC) | GJ27: Garden-Non ESSC (NC) | GK27: No TDC Limitation in this RFA | GL27: Garden-Non ESSC (NC) | GM27: Garden-Non ESSC (NC) | GN27: Garden-Non ESSC (NC) | GO27: Garden-Non ESSC (NC) | GP27: Garden-Non ESSC (NC) | GQ27: Garden-Non ESSC (NC) | GR27: Garden-Non ESSC (NC) | GS27: Garden-Non ESSC (NC) | GT27: Garden-Non ESSC (NC) | GU27: Garden-Non ESSC (NC) | GV27: Garden-Non ESSC (NC) | GW27: Garden-Non ESSC (NC) | GX27: Non ESSC (NC) | GY27: Non ESSC (NC) | GZ27: Garden-Non ESSC (NC) | HA27: Garden-Non ESSC (NC) | HB27: Please select the initial RFA and cell H7 | HC27: Garden-Non ESSC (NC) | HD27: Garden-Non ESSC (NC) | HE27: Garden-Non ESSC (NC) | HF27: Garden-Non ESSC (NC) | HG27: Garden-Non ESSC (NC) | HH27: Garden-Non ESSC (NC) | HI27: Garden-Non ESSC (NC) | HJ27: Garden-Non ESSC (NC) | HK27: RFA was not Issued | HL27: Garden-Non ESSC (NC) | HM27: Garden-Non ESSC (NC) | HN27: Garden-Non ESSC (NC) | HO27: Garden-Non ESSC (NC) | HP27: Garden-Non ESSC (NC) | HQ27: Garden-Non ESSC (NC) | HR27: Garden-Non ESSC (NC) | HS27: Garden-Non ESSC (NC) | HT27: RFA was not Issued | HU27: RFA was not Issued | HV27: Garden-Non ESSC (NC) | HW27: Garden-Non ESSC (NC) | HX27: Non ESSC (NC) | HY27: Non ESSC (NC) | HZ27: Garden-Non ESSC (NC) | IA27: Garden-Non ESSC (NC) | IB27: Garden-Non ESSC (NC) | IC27: Garden-Non ESSC (NC) | IF27: Garden-Non ESSC (NC) | IG27: Garden-Non ESSC (NC) | IH27: Garden-Non ESSC (NC) | II27: Garden-Non ESSC (NC) | IJ27: Garden-Non ESSC (NC) | IK27: Garden-Non ESSC (NC) | IL27: No TDC Limitation in this RFA | IM27: Garden-Non ESSC (NC) | IN27: Garden-Non ESSC (NC) | IO27: No TDC Limitation in this RFA | JA27: Garden-Non ESSC (NC) | JB27: Garden-Non ESSC (NC) | JC27: No TDC Limitation in this RFA
A28: Columbia | C28: 45043 | D28: 44831 | E28: 44350 | F28: 44140 | G28: 43558 | H28: 43146 | I28: 43026 | J28: 42705 | K28: 42313 | L28: 41765 | M28: 41403 | P28: Garden-Concrete (NC) | Q28: Garden-Concrete (NC) | R28: Garden-Concrete (NC) | S28: Rehab | V28: Rehab | W28: Rehab | X28: Garden-Concrete (NC) | AA28: Garden-Concrete (NC) | AB28: Garden-Concrete (NC) | AD28: Rehab | AE28: Garden-Concrete (NC) | AF28: Concrete (NC) | AG28: Garden-Concrete (NC) | AI28: Rehab | AJ28: Garden-Concrete (NC) | AK28: Garden-Concrete (NC) | AL28: Garden-Concrete (NC) | AM28: Garden-Concrete (NC) | AO28: Garden-Concrete (NC) | AP28: Garden-Concrete (NC) | AR28: Garden-Concrete (NC) | AS28: Garden-Concrete (NC) | AT28: Garden-Concrete (NC) | AU28: Garden-Concrete (NC) | AW28: Garden-Concrete (NC) | AX28: Garden-Concrete (NC) | AY28: Garden-Concrete (NC) | AZ28: Garden-Concrete (NC) | BA28: Concrete (NC) | BB28: Concrete (NC) | BC28: Garden-Concrete (NC) | BD28: Garden-Concrete (NC) | BE28: Garden-Concrete (NC) | BF28: Garden-Concrete (NC) | BG28: Garden-Concrete (NC) | BH28: Garden-Concrete (NC) | BI28: Garden-Concrete (NC) | BJ28: Garden-Concrete (NC) | BL28: Concrete (NC) | BM28: Garden-Concrete (NC) | BN28: Garden-Concrete (NC) | BO28: Garden-Concrete (NC) | BP28: Garden-Concrete (NC) | BV28: Garden-Concrete (NC) | BW28: Garden-Concrete (NC) | BX28: Garden-Concrete (NC) | BY28: Concrete (NC) | BZ28: Garden-Concrete (NC) | CA28: Garden-Concrete (NC) | CB28: Garden-Concrete (NC) | CC28: Garden-Concrete (NC) | CD28: Garden-Concrete (NC) | CE28: Concrete (NC) | CF28: Concrete (NC) | CG28: Garden-Concrete (NC) | CH28: Garden-Concrete (NC) | CJ28: Garden-Concrete (NC) | CK28: Garden-Concrete (NC) | CL28: Garden-Concrete (NC) | CM28: Garden-Concrete (NC) | CO28: Concrete (NC) | CQ28: Garden-Concrete (NC) | CR28: Garden-Concrete (NC) | CS28: Garden-Concrete (NC) | CT28: Garden-Concrete (NC) | CW28: Garden-Concrete (NC) | CX28: Garden-Concrete (NC) | CY28: Garden-Concrete (NC) | CZ28: Garden-Concrete (NC) | DA28: Garden-Concrete (NC) | DB28: Garden-Concrete (NC) | DC28: Garden-ESSC (NC) | DD28: Garden-ESSC (NC) | DE28: Garden-Concrete (NC) | DF28: Garden-Concrete (NC) | DG28: Garden-Concrete (NC) | DH28: Garden-Concrete (NC) | DI28: Garden-ESSC (NC) | DJ28: Garden-ESSC (NC) | DM28: Mid-Rise-Concrete (4 Stories) (NC) | DN28: Garden-Concrete (NC) | DO28: Garden-Concrete (NC) | DQ28: Garden-Concrete (NC) | DR28: Garden-Concrete (NC) | DS28: Garden-Concrete (NC) | DT28: Garden-Concrete (NC) | DU28: Garden-Concrete (NC) | DV28: Garden-Concrete (NC) | DW28: Garden-Concrete (NC) | DX28: Garden-Concrete (NC) | DY28: Garden-Concrete (NC) | DZ28: Garden-Concrete (NC) | EA28: Garden-Concrete (NC) | ED28: Mid-Rise-ESS (4 Stories) (NC) | EE28: Garden-ESS (NC) | EF28: Garden-ESS (NC) | EG28: Garden-ESS (NC) | EH28: Garden-ESS (NC) | EI28: Garden-ESS (NC) | EJ28: Garden-ESS (NC) | EK28: Garden-ESS (NC) | EL28: Garden-ESS (NC) | EM28: Garden-ESS (NC) | EN28: Garden-ESS (NC) | EO28: Garden-ESS (NC) | EP28: Garden-ESS (NC) | EQ28: Garden-ESS (NC) | ER28: ESS (NC) | ES28: ESS (NC) | ET28: Garden-Concrete (NC) | EU28: Garden-ESS (NC) | EV28: Garden-ESS (NC) | EW28: Garden-ESS (NC) | EX28: Garden-ESS (NC) | EY28: Garden-ESS (NC) | EZ28: Garden-ESS (NC) | FA28: Garden-ESS (NC) | FB28: Garden-ESS (NC) | FC28: Garden-ESS (NC) | FG28: Garden-ESSC (NC) | FH28: Garden-ESSC (NC) | FI28: Garden-ESSC (NC) | FJ28: Garden-ESSC (NC) | FK28: Garden-ESSC (NC) | FL28: Garden-ESSC (NC) | FN28: Garden-ESSC (NC) | FO28: Garden-ESSC (NC) | FP28: Garden-ESSC (NC) | FQ28: Garden-ESSC (NC) | FR28: Garden-ESSC (NC) | FS28: Garden-ESSC (NC) | FT28: Garden-ESSC (NC) | FU28: Garden-ESSC (NC) | FV28: Garden-ESSC (NC) | FW28: Garden-ESSC (NC) | FX28: ESSC (NC) | FY28: ESSC (NC) | FZ28: Garden-ESSC (NC) | GA28: Garden-ESSC (NC) | GB28: Garden-ESSC (NC) | GC28: Garden-ESSC (NC) | GE28: Garden-ESSC (NC) | GF28: Garden-ESSC (NC) | GG28: Garden-ESSC (NC) | GH28: Garden-ESSC (NC) | GI28: Garden-ESSC (NC) | GJ28: Garden-ESSC (NC) | GL28: Garden-ESSC (NC) | GM28: Garden-ESSC (NC) | GN28: Garden-ESSC (NC) | GO28: Garden-ESSC (NC) | GP28: Garden-ESSC (NC) | GQ28: Garden-ESSC (NC) | GR28: Garden-ESSC (NC) | GS28: Garden-ESSC (NC) | GT28: Garden-ESSC (NC) | GU28: Garden-ESSC (NC) | GV28: Garden-ESSC (NC) | GW28: Garden-ESSC (NC) | GX28: ESSC (NC) | GY28: ESSC (NC) | GZ28: Garden-ESSC (NC) | HA28: Garden-ESSC (NC) | HC28: Garden-ESSC (NC) | HD28: Garden-ESSC (NC) | HE28: Garden-ESSC (NC) | HF28: Garden-ESSC (NC) | HG28: Garden-ESSC (NC) | HH28: Garden-ESSC (NC) | HI28: Garden-ESSC (NC) | HJ28: Garden-ESSC (NC) | HL28: Garden-ESSC (NC) | HM28: Garden-ESSC (NC) | HN28: Garden-ESSC (NC) | HO28: Garden-ESSC (NC) | HP28: Garden-ESSC (NC) | HQ28: Garden-ESSC (NC) | HR28: Garden-ESSC (NC) | HS28: Garden-ESSC (NC) | HV28: Garden-ESSC (NC) | HW28: Garden-ESSC (NC) | HX28: ESSC (NC) | HY28: ESSC (NC) | HZ28: Garden-ESSC (NC) | IA28: Garden-ESSC (NC) | IB28: Garden-ESSC (NC) | IC28: Garden-ESSC (NC) | IF28: Garden-ESSC (NC) | IG28: Garden-ESSC (NC) | IH28: Garden-ESSC (NC) | II28: Garden-ESSC (NC) | IJ28: Garden-ESSC (NC) | IK28: Garden-ESSC (NC) | IM28: Garden-ESSC (NC) | IN28: Garden-ESSC (NC) | JA28: Garden-ESSC (NC) | JB28: Garden-ESSC (NC)
A29: DeSoto | C29: TBD | D29: 44923 | E29: 44469 | F29: 44124 | G29: 43592 | H29: 43214 | I29: 43020 | J29: 42649 | K29: 42327 | L29: 41821 | M29: 41418 | P29: Mid-Rise-Wood (NC) | Q29: Mid-Rise-Wood (NC) | R29: Mid-Rise-Wood (NC) | X29: Mid-Rise-Wood (NC) | AA29: Mid-Rise-Wood (NC) | AB29: Mid-Rise-Wood (NC) | AE29: Mid-Rise-Wood (NC) | AG29: Mid-Rise-Wood (NC) | AJ29: Mid-Rise-Wood (NC) | AK29: Mid-Rise-Wood (NC) | AL29: Mid-Rise-Wood (NC) | AM29: Mid-Rise-Wood (NC) | AO29: Mid-Rise-Wood (NC) | AP29: Mid-Rise-Wood (NC) | AR29: Mid-Rise-Wood (NC) | AS29: Mid-Rise-Wood (NC) | AT29: Mid-Rise-Wood (NC) | AU29: Mid-Rise-Wood (NC) | AW29: Mid-Rise-Wood (NC) | AX29: Mid-Rise-Wood (NC) | AY29: Mid-Rise-Wood (NC) | AZ29: Mid-Rise-Wood (NC) | BA29: Rehab | BB29: Rehab | BC29: Mid-Rise-Wood (NC) | BD29: Mid-Rise-Wood (NC) | BE29: Mid-Rise-Wood (NC) | BF29: Mid-Rise-Wood (NC) | BG29: Mid-Rise-Wood (NC) | BH29: Mid-Rise-Wood (NC) | BI29: Mid-Rise-Wood (NC) | BJ29: Mid-Rise-Wood (NC) | BM29: Mid-Rise-Wood (NC) | BN29: Mid-Rise-Wood (NC) | BO29: Mid-Rise-Wood (NC) | BP29: Mid-Rise-Wood (NC) | BV29: Mid-Rise-Wood (NC) | BW29: Mid-Rise-Wood (NC) | BX29: Mid-Rise-Wood (NC) | BZ29: Mid-Rise-Wood (NC) | CA29: Mid-Rise-Wood (NC) | CB29: Mid-Rise-Wood (NC) | CC29: Mid-Rise-Wood (NC) | CD29: Mid-Rise-Wood (NC) | CE29: Rehab | CF29: Rehab | CG29: Mid-Rise-Wood (NC) | CH29: Mid-Rise-Wood (NC) | CJ29: Mid-Rise-Wood (NC) | CK29: Mid-Rise-Wood (NC) | CL29: Mid-Rise-Wood (NC) | CM29: Mid-Rise-Wood (NC) | CQ29: Mid-Rise-Wood (NC) | CR29: Mid-Rise-Wood (NC) | CS29: Mid-Rise-Wood (NC) | CT29: Mid-Rise-Wood (NC) | CW29: Mid-Rise-Wood (NC) | CX29: Mid-Rise-Wood (NC) | CY29: Mid-Rise-Wood (NC) | CZ29: Mid-Rise-Wood (NC) | DA29: Mid-Rise-Wood (NC) | DB29: Mid-Rise-Wood (NC) | DC29: Garden (Rehab) | DD29: Garden (Rehab) | DE29: Mid-Rise-Wood (NC) | DF29: Mid-Rise-Wood (NC) | DG29: Mid-Rise-Wood (NC) | DH29: Mid-Rise-Wood (NC) | DI29: Garden (Rehab) | DJ29: Garden (Rehab) | DM29: High-Rise (NC) | DN29: Mid-Rise-Wood (NC) | DO29: Mid-Rise-Wood (NC) | DQ29: Mid-Rise-Wood (NC) | DR29: Mid-Rise-Wood (NC) | DS29: Mid-Rise-Wood (NC) | DT29: Mid-Rise-Wood (NC) | DU29: Mid-Rise-Wood (NC) | DV29: Mid-Rise-Wood (NC) | DW29: Mid-Rise-Wood (NC) | DX29: Mid-Rise-Wood (NC) | DY29: Mid-Rise-Wood (NC) | DZ29: Mid-Rise-Wood (NC) | EA29: Mid-Rise-Wood (NC) | ED29: High-Rise (NC) | EE29: Mid-Rise-Wood (NC) | EF29: Mid-Rise-Wood (NC) | EG29: Mid-Rise-Wood (NC) | EH29: Garden (Rehab) | EI29: Garden (Rehab) | EJ29: Mid-Rise-Wood (NC) | EK29: Mid-Rise-Wood (NC) | EL29: Mid-Rise-Wood (NC) | EM29: Mid-Rise-Wood (NC) | EN29: Mid-Rise-Wood (NC) | EO29: Mid-Rise-Wood (NC) | EP29: Garden (Rehab) | EQ29: Garden (Rehab) | ET29: Mid-Rise-Wood (NC) | EU29: Mid-Rise-Wood (NC) | EV29: Mid-Rise-Wood (NC) | EW29: Mid-Rise-Wood (NC) | EX29: Mid-Rise-Wood (NC) | EY29: Mid-Rise-Wood (NC) | EZ29: Mid-Rise-Wood (NC) | FA29: Mid-Rise-Wood (NC) | FB29: Mid-Rise-Wood (NC) | FC29: Mid-Rise-Wood (NC) | FG29: Mid-Rise-Non ESSC (NC) | FH29: Mid-Rise-Non ESSC (NC) | FI29: Mid-Rise-Wood (NC) | FJ29: Mid-Rise-Wood (NC) | FK29: Garden (Rehab) | FL29: Garden (Rehab) | FN29: Mid-Rise-Wood (NC) | FO29: Mid-Rise-Wood (NC) | FP29: Mid-Rise-Wood (NC) | FQ29: Mid-Rise-Wood (NC) | FR29: Mid-Rise-Wood (NC) | FS29: Mid-Rise-Wood (NC) | FT29: Mid-Rise-Wood (NC) | FU29: Mid-Rise-Wood (NC) | FV29: Mid-Rise-Non ESSC (NC) | FW29: Mid-Rise-Non ESSC (NC) | FZ29: Mid-Rise-Wood (NC) | GA29: Mid-Rise-Wood (NC) | GB29: Mid-Rise-Non ESSC (NC) | GE29: Mid-Rise-Non ESSC (NC) | GF29: Mid-Rise-Non ESSC (NC) | GG29: Mid-Rise-Non ESSC (NC) | GH29: Mid-Rise-Non ESSC (NC) | GI29: Garden (Rehab) | GJ29: Garden (Rehab) | GL29: Mid-Rise-Non ESSC (NC) | GM29: Mid-Rise-Non ESSC (NC) | GN29: Mid-Rise-Non ESSC (NC) | GO29: Mid-Rise-Non ESSC (NC) | GP29: Mid-Rise-Non ESSC (NC) | GQ29: Mid-Rise-Non ESSC (NC) | GR29: Mid-Rise-Non ESSC (NC) | GS29: Mid-Rise-Non ESSC (NC) | GT29: Mid-Rise-Non ESSC (NC) | GU29: Mid-Rise-Non ESSC (NC) | GV29: Mid-Rise-Non ESSC (NC) | GW29: Mid-Rise-Non ESSC (NC) | GZ29: Mid-Rise-Non ESSC (NC) | HA29: Mid-Rise-Non ESSC (NC) | HC29: Mid-Rise-Non ESSC (NC) | HD29: Mid-Rise-Non ESSC (NC) | HE29: Mid-Rise-Non ESSC (NC) | HF29: Mid-Rise-Non ESSC (NC) | HG29: Mid-Rise-Non ESSC (NC) | HH29: Mid-Rise-Non ESSC (NC) | HI29: Garden (Rehab) | HJ29: Garden (Rehab) | HL29: Mid-Rise-Non ESSC (NC) | HM29: Mid-Rise-Non ESSC (NC) | HN29: Mid-Rise-Non ESSC (NC) | HO29: Mid-Rise-Non ESSC (NC) | HP29: Mid-Rise-Non ESSC (NC) | HQ29: Mid-Rise-Non ESSC (NC) | HR29: Mid-Rise-Non ESSC (NC) | HS29: Mid-Rise-Non ESSC (NC) | HV29: Mid-Rise-Non ESSC (NC) | HW29: Mid-Rise-Non ESSC (NC) | HZ29: Mid-Rise-Non ESSC (NC) | IA29: Mid-Rise-Non ESSC (NC) | IB29: Mid-Rise-Non ESSC (NC) | IC29: Mid-Rise-Non ESSC (NC) | IF29: Mid-Rise-Non ESSC (NC) | IG29: Mid-Rise-Non ESSC (NC) | IH29: Mid-Rise-Non ESSC (NC) | II29: Mid-Rise-Non ESSC (NC) | IJ29: Garden (Rehab) | IK29: Garden (Rehab) | IM29: Mid-Rise-Non ESSC (NC) | IN29: Mid-Rise-Non ESSC (NC) | JA29: Mid-Rise-Non ESSC (NC) | JB29: Mid-Rise-Non ESSC (NC) | JH29: Current TDC Base Limits (Effective Telephone Board Meeting 4/1/22) - 2021/2022 RFA Cycle:
A30: Dixie | C30: TBD | D30: 44924 | E30: 44439 | F30: 44152 | G30: 43556 | H30: 43206 | I30: 42951 | J30: 42663 | K30: 42341 | L30: 41900 | M30: 41639 | P30: Mid-Rise-Concrete (4 Stories) (NC) | Q30: Mid-Rise-Concrete (4 Stories) (NC) | R30: Mid-Rise-Concrete (4 Stories) (NC) | X30: Mid-Rise-Concrete (4 Stories) (NC) | AA30: Mid-Rise-Concrete (4 Stories) (NC) | AB30: Mid-Rise-Concrete (4 Stories) (NC) | AE30: Mid-Rise-Concrete (4 Stories) (NC) | AG30: Mid-Rise-Concrete (4 Stories) (NC) | AJ30: Mid-Rise-Concrete (4 Stories) (NC) | AK30: Mid-Rise-Concrete (4 Stories) (NC) | AL30: Mid-Rise-Concrete (4 Stories) (NC) | AM30: Mid-Rise-Concrete (4 Stories) (NC) | AO30: Mid-Rise-Concrete (4 Stories) (NC) | AP30: Mid-Rise-Concrete (4 Stories) (NC) | AR30: Mid-Rise-Concrete (4 Stories) (NC) | AS30: Mid-Rise-Concrete (4 Stories) (NC) | AT30: Mid-Rise-Concrete (4 Stories) (NC) | AU30: Mid-Rise-Concrete (4 Stories) (NC) | AW30: Mid-Rise-Concrete (4 Stories) (NC) | AX30: Mid-Rise-Concrete (4 Stories) (NC) | AY30: Mid-Rise-Concrete (4 Stories) (NC) | AZ30: Mid-Rise-Concrete (4 Stories) (NC) | BC30: Mid-Rise-Concrete (4 Stories) (NC) | BD30: Mid-Rise-Concrete (4 Stories) (NC) | BE30: Mid-Rise-Concrete (4 Stories) (NC) | BF30: Mid-Rise-Concrete (4 Stories) (NC) | BG30: Mid-Rise-Concrete (4 Stories) (NC) | BH30: Mid-Rise-Concrete (4 Stories) (NC) | BI30: Mid-Rise-Concrete (4 Stories) (NC) | BJ30: Mid-Rise-Concrete (4 Stories) (NC) | BM30: Mid-Rise-Concrete (4 Stories) (NC) | BN30: Mid-Rise-Concrete (4 Stories) (NC) | BO30: Mid-Rise-Concrete (NC) | BP30: Mid-Rise-Concrete (NC) | BV30: Mid-Rise-Concrete (4 Stories) (NC) | BW30: Mid-Rise-Concrete (4 Stories) (NC) | BX30: Mid-Rise-Concrete (4 Stories) (NC) | BZ30: Mid-Rise-Concrete (4 Stories) (NC) | CA30: Mid-Rise-Concrete (4 Stories) (NC) | CB30: Mid-Rise-Concrete (4 Stories) (NC) | CC30: Mid-Rise-Concrete (4 Stories) (NC) | CD30: Mid-Rise-Concrete (4 Stories) (NC) | CG30: Mid-Rise-Concrete (4 Stories) (NC) | CH30: Mid-Rise-Concrete (4 Stories) (NC) | CJ30: Mid-Rise-Concrete (4 Stories) (NC) | CK30: Mid-Rise-Concrete (4 Stories) (NC) | CL30: Mid-Rise-Concrete (4 Stories) (NC) | CM30: Mid-Rise-Concrete (4 Stories) (NC) | CQ30: Mid-Rise-Concrete (4 Stories) (NC) | CR30: Mid-Rise-Concrete (4 Stories) (NC) | CS30: Mid-Rise-Concrete (4 Stories) (NC) | CT30: Mid-Rise-Concrete (4 Stories) (NC) | CW30: Mid-Rise-Concrete (4 Stories) (NC) | CX30: Mid-Rise-Concrete (4 Stories) (NC) | CY30: Mid-Rise-Concrete (4 Stories) (NC) | CZ30: Mid-Rise-Concrete (4 Stories) (NC) | DA30: Mid-Rise-Concrete (4 Stories) (NC) | DB30: Mid-Rise-Concrete (4 Stories) (NC) | DE30: Mid-Rise-Concrete (4 Stories) (NC) | DF30: Mid-Rise-Concrete (4 Stories) (NC) | DG30: Mid-Rise-Concrete (4 Stories) (NC) | DH30: Mid-Rise-Concrete (4 Stories) (NC) | DN30: Mid-Rise-Concrete (4 Stories) (NC) | DO30: Mid-Rise-Concrete (4 Stories) (NC) | DQ30: Mid-Rise-Concrete (4 Stories) (NC) | DR30: Mid-Rise-Concrete (4 Stories) (NC) | DS30: Mid-Rise-Concrete (4 Stories) (NC) | DT30: Mid-Rise-Concrete (4 Stories) (NC) | DU30: Mid-Rise-Concrete (4 Stories) (NC) | DV30: Mid-Rise-Concrete (4 Stories) (NC) | DW30: Mid-Rise-Concrete (4 Stories) (NC) | DX30: Mid-Rise-Concrete (4 Stories) (NC) | DY30: Mid-Rise-Concrete (4 Stories) (NC) | DZ30: Mid-Rise-Concrete (4 Stories) (NC) | EA30: Mid-Rise-Concrete (4 Stories) (NC) | EE30: Mid-Rise-ESS (4 Stories) (NC) | EF30: Mid-Rise-ESS (4 Stories) (NC) | EG30: Mid-Rise-ESS (4 Stories) (NC) | EJ30: Mid-Rise-ESS (4 Stories) (NC) | EK30: Mid-Rise-ESS (4 Stories) (NC) | EL30: Mid-Rise-ESS (4 Stories) (NC) | EM30: Mid-Rise-ESS (4 Stories) (NC) | EN30: Mid-Rise-ESS (4 Stories) (NC) | EO30: Mid-Rise-ESS (4 Stories) (NC) | ET30: Mid-Rise-Concrete (4 Stories) (NC) | EU30: Mid-Rise-ESS (4 Stories) (NC) | EV30: Mid-Rise-ESS (4 Stories) (NC) | EW30: Mid-Rise-ESS (4 Stories) (NC) | EX30: Mid-Rise-ESS (4 Stories) (NC) | EY30: Mid-Rise-ESS (4 Stories) (NC) | EZ30: Mid-Rise-ESS (4 Stories) (NC) | FA30: Mid-Rise-ESS (4 Stories) (NC) | FB30: Mid-Rise-ESS (4 Stories) (NC) | FC30: Mid-Rise-ESS (4 Stories) (NC) | FG30: Mid-Rise-ESSC (4 Stories) (NC) | FH30: Mid-Rise-ESSC (4 Stories) (NC) | FI30: Mid-Rise-ESSC (4 Stories) (NC) | FJ30: Mid-Rise-ESSC (4 Stories) (NC) | FN30: Mid-Rise-ESSC (4 Stories) (NC) | FO30: Mid-Rise-ESSC (4 Stories) (NC) | FP30: Mid-Rise-ESSC (4 Stories) (NC) | FQ30: Mid-Rise-ESSC (4 Stories) (NC) | FR30: Mid-Rise-ESSC (4 Stories) (NC) | FS30: Mid-Rise-ESSC (4 Stories) (NC) | FT30: Mid-Rise-ESSC (4 Stories) (NC) | FU30: Mid-Rise-ESSC (4 Stories) (NC) | FV30: Mid-Rise-ESSC (4 Stories) (NC) | FW30: Mid-Rise-ESSC (4 Stories) (NC) | FZ30: Mid-Rise-ESSC (4 Stories) (NC) | GA30: Mid-Rise-ESSC (4 Stories) (NC) | GB30: Mid-Rise-ESSC (4 Stories) (NC) | GE30: Mid-Rise-ESSC (4 Stories) (NC) | GF30: Mid-Rise-ESSC (4 Stories) (NC) | GG30: Mid-Rise-ESSC (4 Stories) (NC) | GH30: Mid-Rise-ESSC (4 Stories) (NC) | GL30: Mid-Rise-ESSC (4 Stories) (NC) | GM30: Mid-Rise-ESSC (4 Stories) (NC) | GN30: Mid-Rise-ESSC (4 Stories) (NC) | GO30: Mid-Rise-ESSC (4 Stories) (NC) | GP30: Mid-Rise-ESSC (4 Stories) (NC) | GQ30: Mid-Rise-ESSC (4 Stories) (NC) | GR30: Mid-Rise-ESSC (4 Stories) (NC) | GS30: Mid-Rise-ESSC (4 Stories) (NC) | GT30: Mid-Rise-ESSC (4 Stories) (NC) | GU30: Mid-Rise-ESSC (4 Stories) (NC) | GV30: Mid-Rise-ESSC (4 Stories) (NC) | GW30: Mid-Rise-ESSC (4 Stories) (NC) | GZ30: Mid-Rise-ESSC (4 Stories) (NC) | HA30: Mid-Rise-ESSC (4 Stories) (NC) | HC30: Mid-Rise-ESSC (4 Stories) (NC) | HD30: Mid-Rise-ESSC (4 Stories) (NC) | HE30: Mid-Rise-ESSC (4 Stories) (NC) | HF30: Mid-Rise-ESSC (4 Stories) (NC) | HG30: Mid-Rise-ESSC (4 Stories) (NC) | HH30: Mid-Rise-ESSC (4 Stories) (NC) | HL30: Mid-Rise-ESSC (4 Stories) (NC) | HM30: Mid-Rise-ESSC (4 Stories) (NC) | HN30: Mid-Rise-ESSC (4 Stories) (NC) | HO30: Mid-Rise-ESSC (4 Stories) (NC) | HP30: Mid-Rise-ESSC (4 Stories) (NC) | HQ30: Mid-Rise-ESSC (4 Stories) (NC) | HR30: Mid-Rise-ESSC (4 Stories) (NC) | HS30: Mid-Rise-ESSC (4 Stories) (NC) | HV30: Mid-Rise-ESSC (4 Stories) (NC) | HW30: Mid-Rise-ESSC (4 Stories) (NC) | HZ30: Mid-Rise-ESSC (4 Stories) (NC) | IA30: Mid-Rise-ESSC (4 Stories) (NC) | IB30: Mid-Rise-ESSC (4 Stories) (NC) | IC30: Mid-Rise-ESSC (4 Stories) (NC) | IF30: Mid-Rise-ESSC (4 Stories) (NC) | IG30: Mid-Rise-ESSC (4 Stories) (NC) | IH30: Mid-Rise-ESSC (4 Stories) (NC) | II30: Mid-Rise-ESSC (4 Stories) (NC) | IM30: Mid-Rise-ESSC (4 Stories) (NC) | IN30: Mid-Rise-ESSC (4 Stories) (NC) | JA30: Mid-Rise-ESSC (4 Stories) (NC) | JB30: Mid-Rise-ESSC (4 Stories) (NC)
A31: Duval | C31: TBD | D31: 44923 | E31: 44435 | F31: 44126 | G31: 43516 | H31: 43438 | I31: 43027 | J31: 42706 | K31: 42297 | L31: 41975 | P31: Mid-Rise-Concrete (5-6 Stories) (NC) | Q31: Mid-Rise-Concrete (5-6 Stories) (NC) | R31: Mid-Rise-Concrete (5-6 Stories) (NC) | X31: Mid-Rise-Concrete (5-6 Stories) (NC) | AA31: Mid-Rise-Concrete (5-6 Stories) (NC) | AB31: Mid-Rise-Concrete (5-6 Stories) (NC) | AE31: Mid-Rise-Concrete (5-6 Stories) (NC) | AG31: Mid-Rise-Concrete (5-6 Stories) (NC) | AJ31: Mid-Rise-Concrete (5-6 Stories) (NC) | AK31: Mid-Rise-Concrete (5-6 Stories) (NC) | AL31: Mid-Rise-Concrete (5-6 Stories) (NC) | AM31: Mid-Rise-Concrete (5-6 Stories) (NC) | AO31: Mid-Rise-Concrete (5-6 Stories) (NC) | AP31: Mid-Rise-Concrete (5-6 Stories) (NC) | AR31: Mid-Rise-Concrete (5-6 Stories) (NC) | AS31: Mid-Rise-Concrete (5-6 Stories) (NC) | AT31: Mid-Rise-Concrete (5-6 Stories) (NC) | AU31: Mid-Rise-Concrete (5-6 Stories) (NC) | AW31: Mid-Rise-Concrete (5-6 Stories) (NC) | AX31: Mid-Rise-Concrete (5-6 Stories) (NC) | AY31: Mid-Rise-Concrete (5-6 Stories) (NC) | AZ31: Mid-Rise-Concrete (5-6 Stories) (NC) | BC31: Mid-Rise-Concrete (5-6 Stories) (NC) | BD31: Mid-Rise-Concrete (5-6 Stories) (NC) | BE31: Mid-Rise-Concrete (5-6 Stories) (NC) | BF31: Mid-Rise-Concrete (5-6 Stories) (NC) | BG31: Mid-Rise-Concrete (5-6 Stories) (NC) | BH31: Mid-Rise-Concrete (5-6 Stories) (NC) | BI31: Mid-Rise-Concrete (5-6 Stories) (NC) | BJ31: Mid-Rise-Concrete (5-6 Stories) (NC) | BM31: Mid-Rise-Concrete (5-6 Stories) (NC) | BN31: Mid-Rise-Concrete (5-6 Stories) (NC) | BV31: Mid-Rise-Concrete (5-6 Stories) (NC) | BW31: Mid-Rise-Concrete (5-6 Stories) (NC) | BX31: Mid-Rise-Concrete (5-6 Stories) (NC) | BZ31: Mid-Rise-Concrete (5-6 Stories) (NC) | CA31: Mid-Rise-Concrete (5-6 Stories) (NC) | CB31: Mid-Rise-Concrete (5-6 Stories) (NC) | CC31: Mid-Rise-Concrete (5-6 Stories) (NC) | CD31: Mid-Rise-Concrete (5-6 Stories) (NC) | CG31: Mid-Rise-Concrete (5-6 Stories) (NC) | CH31: Mid-Rise-Concrete (5-6 Stories) (NC) | CJ31: Mid-Rise-Concrete (5-6 Stories) (NC) | CK31: Mid-Rise-Concrete (5-6 Stories) (NC) | CL31: Mid-Rise-Concrete (5-6 Stories) (NC) | CM31: Mid-Rise-Concrete (5-6 Stories) (NC) | CQ31: Mid-Rise-Concrete (5-6 Stories) (NC) | CR31: Mid-Rise-Concrete (5-6 Stories) (NC) | CS31: Mid-Rise-Concrete (5-6 Stories) (NC) | CT31: Mid-Rise-Concrete (5-6 Stories) (NC) | CW31: Mid-Rise-Concrete (5-6 Stories) (NC) | CX31: Mid-Rise-Concrete (5-6 Stories) (NC) | CY31: Mid-Rise-Concrete (5-6 Stories) (NC) | CZ31: Mid-Rise-Concrete (5-6 Stories) (NC) | DA31: Mid-Rise-Concrete (5-6 Stories) (NC) | DB31: Mid-Rise-Concrete (5-6 Stories) (NC) | DE31: Mid-Rise-Concrete (5-6 Stories) (NC) | DF31: Mid-Rise-Concrete (5-6 Stories) (NC) | DG31: Mid-Rise-Concrete (5-6 Stories) (NC) | DH31: Mid-Rise-Concrete (5-6 Stories) (NC) | DN31: Mid-Rise-Concrete (5-6 Stories) (NC) | DO31: Mid-Rise-Concrete (5-6 Stories) (NC) | DQ31: Mid-Rise-Concrete (5-6 Stories) (NC) | DR31: Mid-Rise-Concrete (5-6 Stories) (NC) | DS31: Mid-Rise-Concrete (5-6 Stories) (NC) | DT31: Mid-Rise-Concrete (5-6 Stories) (NC) | DU31: Mid-Rise-Concrete (5-6 Stories) (NC) | DV31: Mid-Rise-Concrete (5-6 Stories) (NC) | DW31: Mid-Rise-Concrete (5-6 Stories) (NC) | DX31: Mid-Rise-Concrete (5-6 Stories) (NC) | DY31: Mid-Rise-Concrete (5-6 Stories) (NC) | DZ31: Mid-Rise-Concrete (5-6 Stories) (NC) | EA31: Mid-Rise-Concrete (5-6 Stories) (NC) | EE31: Mid-Rise-ESS (5-6 Stories) (NC) | EF31: Mid-Rise-ESS (5-6 Stories) (NC) | EG31: Mid-Rise-ESS (5-6 Stories) (NC) | EJ31: Mid-Rise-ESS (5-6 Stories) (NC) | EK31: Mid-Rise-ESS (5-6 Stories) (NC) | EL31: Mid-Rise-ESS (5-6 Stories) (NC) | EM31: Mid-Rise-ESS (5-6 Stories) (NC) | EN31: Mid-Rise-ESS (5-6 Stories) (NC) | EO31: Mid-Rise-ESS (5-6 Stories) (NC) | ET31: Mid-Rise-Concrete (5-6 Stories) (NC) | EV31: Mid-Rise-ESS (5-6 Stories) (NC) | EW31: Mid-Rise-ESS (5-6 Stories) (NC) | EX31: Mid-Rise-ESS (5-6 Stories) (NC) | EY31: Mid-Rise-ESS (5-6 Stories) (NC) | EZ31: Mid-Rise-ESS (5-6 Stories) (NC) | FA31: Mid-Rise-ESS (5-6 Stories) (NC) | FB31: Mid-Rise-ESS (5-6 Stories) (NC) | FC31: Mid-Rise-ESS (5-6 Stories) (NC) | FG31: Mid-Rise-ESSC (5-6 Stories) (NC) | FH31: Mid-Rise-ESSC (5-6 Stories) (NC) | FI31: Mid-Rise-ESSC (5-6 Stories) (NC) | FJ31: Mid-Rise-ESSC (5-6 Stories) (NC) | FN31: Mid-Rise-ESSC (5-6 Stories) (NC) | FO31: Mid-Rise-ESSC (5-6 Stories) (NC) | FP31: Mid-Rise-ESSC (5-6 Stories) (NC) | FQ31: Mid-Rise-ESSC (5-6 Stories) (NC) | FR31: Mid-Rise-ESSC (5-6 Stories) (NC) | FS31: Mid-Rise-ESSC (5-6 Stories) (NC) | FT31: Mid-Rise-ESSC (5-6 Stories) (NC) | FU31: Mid-Rise-ESSC (5-6 Stories) (NC) | FV31: Mid-Rise-ESSC (5-6 Stories) (NC) | FW31: Mid-Rise-ESSC (5-6 Stories) (NC) | FZ31: Mid-Rise-ESSC (5-6 Stories) (NC) | GA31: Mid-Rise-ESSC (5-6 Stories) (NC) | GB31: Mid-Rise-ESSC (5-6 Stories) (NC) | GE31: Mid-Rise-ESSC (5-6 Stories) (NC) | GF31: Mid-Rise-ESSC (5-6 Stories) (NC) | GG31: Mid-Rise-ESSC (5-6 Stories) (NC) | GH31: Mid-Rise-ESSC (5-6 Stories) (NC) | GL31: Mid-Rise-ESSC (5-6 Stories) (NC) | GM31: Mid-Rise-ESSC (5-6 Stories) (NC) | GN31: Mid-Rise-ESSC (5-6 Stories) (NC) | GO31: Mid-Rise-ESSC (5-6 Stories) (NC) | GP31: Mid-Rise-ESSC (5-6 Stories) (NC) | GQ31: Mid-Rise-ESSC (5-6 Stories) (NC) | GR31: Mid-Rise-ESSC (5-6 Stories) (NC) | GS31: Mid-Rise-ESSC (5-6 Stories) (NC) | GT31: Mid-Rise-ESSC (5-6 Stories) (NC) | GU31: Mid-Rise-ESSC (5-6 Stories) (NC) | GV31: Mid-Rise-ESSC (5-6 Stories) (NC) | GW31: Mid-Rise-ESSC (5-6 Stories) (NC) | GZ31: Mid-Rise-ESSC (5-6 Stories) (NC) | HA31: Mid-Rise-ESSC (5-6 Stories) (NC) | HC31: Mid-Rise-ESSC (5-6 Stories) (NC) | HD31: Mid-Rise-ESSC (5-6 Stories) (NC) | HE31: Mid-Rise-ESSC (5-6 Stories) (NC) | HF31: Mid-Rise-ESSC (5-6 Stories) (NC) | HG31: Mid-Rise-ESSC (5-6 Stories) (NC) | HH31: Mid-Rise-ESSC (5-6 Stories) (NC) | HL31: Mid-Rise-ESSC (5-6 Stories) (NC) | HM31: Mid-Rise-ESSC (5-6 Stories) (NC) | HN31: Mid-Rise-ESSC (5-6 Stories) (NC) | HO31: Mid-Rise-ESSC (5-6 Stories) (NC) | HP31: Mid-Rise-ESSC (5-6 Stories) (NC) | HQ31: Mid-Rise-ESSC (5-6 Stories) (NC) | HR31: Mid-Rise-ESSC (5-6 Stories) (NC) | HS31: Mid-Rise-ESSC (5-6 Stories) (NC) | HV31: Mid-Rise-ESSC (5-6 Stories) (NC) | HW31: Mid-Rise-ESSC (5-6 Stories) (NC) | HZ31: Mid-Rise-ESSC (5-6 Stories) (NC) | IA31: Mid-Rise-ESSC (5-6 Stories) (NC) | IB31: Mid-Rise-ESSC (5-6 Stories) (NC) | IC31: Mid-Rise-ESSC (5-6 Stories) (NC) | IF31: Mid-Rise-ESSC (5-6 Stories) (NC) | IG31: Mid-Rise-ESSC (5-6 Stories) (NC) | IH31: Mid-Rise-ESSC (5-6 Stories) (NC) | II31: Mid-Rise-ESSC (5-6 Stories) (NC) | IM31: Mid-Rise-ESSC (5-6 Stories) (NC) | IN31: Mid-Rise-ESSC (5-6 Stories) (NC) | JA31: Mid-Rise-ESSC (5-6 Stories) (NC) | JB31: Mid-Rise-ESSC (5-6 Stories) (NC) | JI31: Except BMP | JJ31: BMP
A32: Escambia | C32: TBD | D32: N/A - This RFA was not Issued | E32: 44537 | F32: 44153 | G32: 43747 | H32: 43413 | I32: 43089 | J32: Not Issued | K32: 42342 | L32: 41957 | P32: High-Rise (NC) | Q32: High-Rise (NC) | R32: High-Rise (NC) | X32: Garden (Rehab) | AA32: High-Rise (NC) | AB32: High-Rise (NC) | AE32: High-Rise (NC) | AG32: High-Rise (NC) | AJ32: High-Rise (NC) | AK32: High-Rise (NC) | AL32: High-Rise (NC) | AM32: High-Rise (NC) | AO32: High-Rise (NC) | AP32: High-Rise (NC) | AR32: High-Rise (NC) | AS32: High-Rise (NC) | AT32: High-Rise (NC) | AU32: High-Rise (NC) | AW32: High-Rise (NC) | AX32: High-Rise (NC) | AY32: High-Rise (NC) | AZ32: High-Rise (NC) | BE32: High-Rise (NC) | BF32: High-Rise (NC) | BG32: High-Rise (NC) | BH32: High-Rise (NC) | BI32: High-Rise (NC) | BJ32: High-Rise (NC) | BM32: High-Rise (NC) | BN32: High-Rise (NC) | BV32: High-Rise (NC) | BW32: High-Rise (NC) | BX32: High-Rise (NC) | BZ32: High-Rise (NC) | CA32: High-Rise (NC) | CB32: High-Rise (NC) | CC32: High-Rise (NC) | CD32: High-Rise (NC) | CG32: High-Rise (NC) | CH32: High-Rise (NC) | CJ32: High-Rise (NC) | CK32: High-Rise (NC) | CL32: High-Rise (NC) | CM32: High-Rise (NC) | CQ32: High-Rise (NC) | CR32: High-Rise (NC) | CS32: High-Rise (NC) | CT32: High-Rise (NC) | CW32: High-Rise (NC) | CX32: High-Rise (NC) | CY32: High-Rise (NC) | CZ32: High-Rise (NC) | DA32: High-Rise (NC) | DB32: High-Rise (NC) | DE32: High-Rise (NC) | DF32: High-Rise (NC) | DG32: High-Rise (NC) | DH32: High-Rise (NC) | DN32: High-Rise (NC) | DO32: High-Rise (NC) | DQ32: High-Rise (NC) | DR32: High-Rise (NC) | DS32: High-Rise (NC) | DT32: High-Rise (NC) | DU32: High-Rise (NC) | DV32: High-Rise (NC) | DW32: High-Rise (NC) | DX32: High-Rise (NC) | DY32: High-Rise (NC) | DZ32: High-Rise (NC) | EA32: High-Rise (NC) | EE32: High-Rise (NC) | EF32: High-Rise (NC) | EJ32: High-Rise (NC) | EK32: High-Rise (NC) | EL32: High-Rise (NC) | EM32: High-Rise (NC) | EN32: High-Rise (NC) | EO32: High-Rise (NC) | ET32: High-Rise (NC) | EV32: High-Rise (NC) | EW32: High-Rise (NC) | EX32: High-Rise (NC) | EY32: High-Rise (NC) | EZ32: High-Rise (NC) | FA32: High-Rise (NC) | FB32: High-Rise (NC) | FC32: High-Rise (NC) | FG32: High-Rise (NC) | FH32: High-Rise (NC) | FI32: High-Rise (NC) | FJ32: High-Rise (NC) | FN32: High-Rise (NC) | FO32: High-Rise (NC) | FP32: High-Rise (NC) | FQ32: High-Rise (NC) | FR32: High-Rise (NC) | FS32: High-Rise (NC) | FT32: High-Rise (NC) | FU32: High-Rise (NC) | FV32: High-Rise (NC) | FW32: High-Rise (NC) | FZ32: High-Rise (NC) | GA32: High-Rise (NC) | GB32: High-Rise (NC) | GE32: High-Rise (NC) | GF32: High-Rise (NC) | GG32: High-Rise (NC) | GH32: High-Rise (NC) | GL32: High-Rise (NC) | GM32: High-Rise (NC) | GN32: High-Rise (NC) | GO32: High-Rise (NC) | GP32: High-Rise (NC) | GQ32: High-Rise (NC) | GR32: High-Rise (NC) | GS32: High-Rise (NC) | GT32: High-Rise (NC) | GU32: High-Rise (NC) | GV32: High-Rise (NC) | GW32: High-Rise (NC) | GZ32: High-Rise (NC) | HA32: High-Rise (NC) | HC32: High-Rise (NC) | HD32: High-Rise (NC) | HE32: Garden (Rehab) | HF32: Garden (Rehab) | HG32: High-Rise (NC) | HH32: High-Rise (NC) | HL32: High-Rise (NC) | HM32: High-Rise (NC) | HP32: High-Rise (NC) | HQ32: High-Rise (NC) | HR32: High-Rise (NC) | HS32: High-Rise (NC) | HV32: High-Rise (NC) | HW32: High-Rise (NC) | HZ32: High-Rise (NC) | IA32: High-Rise (NC) | IB32: High-Rise (NC) | IC32: High-Rise (NC) | IH32: High-Rise (NC) | II32: High-Rise (NC) | IM32: High-Rise (NC) | IN32: High-Rise (NC) | JA32: High-Rise (NC) | JB32: High-Rise (NC) | JH32: Garden-Non ESSC (NC) | JI32: 324120 | JJ32: 341400
A33: Flagler | C33: TBD | D33: 44924 | E33: 44488 | F33: 44154 | G33: 43760 | H33: 43417 | I33: 43087 | J33: 42741 | K33: 42318 | L33: 42026 | P33: Garden (Rehab) | Q33: Garden (Rehab) | R33: Garden (Rehab) | X33: Non-Garden (Rehab) | AA33: Garden (Rehab) | AB33: Garden (Rehab) | AE33: Garden (Rehab) | AG33: Garden (Rehab) | AJ33: Garden (Rehab) | AK33: Garden (Rehab) | AL33: Garden (Rehab) | AM33: Garden (Rehab) | AO33: Garden (Rehab) | AP33: Garden (Rehab) | AR33: Garden (Rehab) | AS33: Garden (Rehab) | AT33: Garden (Rehab) | AU33: Garden (Rehab) | AW33: Garden (Rehab) | AX33: Garden (Rehab) | AY33: Garden (Rehab) | AZ33: Garden (Rehab) | BE33: Garden (Rehab) | BF33: Garden (Rehab) | BG33: Garden (Rehab) | BH33: Garden (Rehab) | BI33: Garden (Rehab) | BJ33: Garden (Rehab) | BM33: Garden (Rehab) | BN33: Garden (Rehab) | BV33: Garden (Rehab) | BW33: Garden (Rehab) | BX33: Garden (Rehab) | BZ33: Garden (Rehab) | CA33: Garden (Rehab) | CB33: Garden (Rehab) | CC33: Garden (Rehab) | CD33: Garden (Rehab) | CG33: Garden (Rehab) | CH33: Garden (Rehab) | CJ33: Garden (Rehab) | CK33: Garden (Rehab) | CQ33: Garden (Rehab) | CR33: Garden (Rehab) | CS33: Garden (Rehab) | CT33: Garden (Rehab) | CW33: Garden (Rehab) | CX33: Garden (Rehab) | CY33: Garden (Rehab) | CZ33: Garden (Rehab) | DA33: Garden (Rehab) | DB33: Garden (Rehab) | DE33: Garden (Rehab) | DF33: Garden (Rehab) | DG33: Garden (Rehab) | DH33: Garden (Rehab) | DN33: Garden (Rehab) | DO33: Garden (Rehab) | DQ33: Garden (Rehab) | DR33: Garden (Rehab) | DS33: Garden (Rehab) | DT33: Garden (Rehab) | DU33: Garden (Rehab) | DV33: Garden (Rehab) | DW33: Garden (Rehab) | DX33: Garden (Rehab) | DY33: Garden (Rehab) | DZ33: Garden (Rehab) | EA33: Garden (Rehab) | EJ33: Garden (Rehab) | EK33: Garden (Rehab) | EL33: Garden (Rehab) | EM33: Garden (Rehab) | EN33: Garden (Rehab) | EO33: Garden (Rehab) | ET33: Garden (Rehab) | EV33: Garden (Rehab) | EW33: Garden (Rehab) | EX33: Garden (Rehab) | EY33: Garden (Rehab) | EZ33: Garden (Rehab) | FA33: Garden (Rehab) | FB33: Garden (Rehab) | FC33: Garden (Rehab) | FG33: Garden (Rehab) | FH33: Garden (Rehab) | FI33: Garden (Rehab) | FJ33: Garden (Rehab) | FN33: Garden (Rehab) | FO33: Garden (Rehab) | FP33: Garden (Rehab) | FQ33: Garden (Rehab) | FR33: Garden (Rehab) | FS33: Garden (Rehab) | FT33: Garden (Rehab) | FU33: Garden (Rehab) | FV33: Garden (Rehab) | FW33: Garden (Rehab) | GE33: Garden (Rehab) | GF33: Garden (Rehab) | GG33: Garden (Rehab) | GH33: Garden (Rehab) | GL33: Garden (Rehab) | GM33: Garden (Rehab) | GN33: Garden (Rehab) | GO33: Garden (Rehab) | GP33: Garden (Rehab) | GQ33: Garden (Rehab) | GR33: Garden (Rehab) | GS33: Garden (Rehab) | GT33: Garden (Rehab) | GU33: Garden (Rehab) | GV33: Garden (Rehab) | GW33: Garden (Rehab) | HC33: Garden (Rehab) | HD33: Garden (Rehab) | HE33: Non-Garden (Rehab) | HF33: Non-Garden (Rehab) | HG33: Garden (Rehab) | HH33: Garden (Rehab) | HL33: Garden (Rehab) | HM33: Garden (Rehab) | HP33: Garden (Rehab) | HQ33: Garden (Rehab) | HR33: Garden (Rehab) | HS33: Garden (Rehab) | HV33: Garden (Rehab) | HW33: Garden (Rehab) | IC33: Garden (Rehab) | JH33: Garden-ESSC (NC) | JI33: 374280 | JJ33: 392520
A34: Franklin | C34: TBD | D34: 44951 | E34: 44586 | F34: 43920 | G34: 43774 | H34: 43419 | I34: 43097 | J34: 42734 | K34: 42355 | L34: 42038 | P34: Non-Garden (Rehab) | Q34: Non-Garden (Rehab) | R34: Non-Garden (Rehab) | AA34: Non-Garden (Rehab) | AB34: Non-Garden (Rehab) | AE34: Non-Garden (Rehab) | AG34: Non-Garden (Rehab) | AJ34: Non-Garden (Rehab) | AK34: Non-Garden (Rehab) | AL34: Non-Garden (Rehab) | AM34: Non-Garden (Rehab) | AO34: Non-Garden (Rehab) | AP34: Non-Garden (Rehab) | AR34: Non-Garden (Rehab) | AS34: Non-Garden (Rehab) | AT34: Non-Garden (Rehab) | AU34: Non-Garden (Rehab) | AW34: Non-Garden (Rehab) | AX34: Non-Garden (Rehab) | AY34: Non-Garden (Rehab) | AZ34: Non-Garden (Rehab) | BE34: Non-Garden (Rehab) | BF34: Non-Garden (Rehab) | BG34: Non-Garden (Rehab) | BH34: Non-Garden (Rehab) | BI34: Non-Garden (Rehab) | BJ34: Non-Garden (Rehab) | BM34: Non-Garden (Rehab) | BN34: Non-Garden (Rehab) | BV34: Non-Garden (Rehab) | BW34: Non-Garden (Rehab) | BX34: Non-Garden (Rehab) | BZ34: Non-Garden (Rehab) | CA34: Non-Garden (Rehab) | CB34: Non-Garden (Rehab) | CC34: Non-Garden (Rehab) | CD34: Non-Garden (Rehab) | CG34: Non-Garden (Rehab) | CH34: Non-Garden (Rehab) | CJ34: Non-Garden (Rehab) | CK34: Non-Garden (Rehab) | CQ34: Non-Garden (Rehab) | CR34: Non-Garden (Rehab) | CS34: Non-Garden (Rehab) | CT34: Non-Garden (Rehab) | CW34: Non-Garden (Rehab) | CX34: Non-Garden (Rehab) | CY34: Non-Garden (Rehab) | CZ34: Non-Garden (Rehab) | DA34: Non-Garden (Rehab) | DB34: Non-Garden (Rehab) | DE34: Non-Garden (Rehab) | DF34: Non-Garden (Rehab) | DG34: Non-Garden (Rehab) | DH34: Non-Garden (Rehab) | DN34: Non-Garden (Rehab) | DO34: Non-Garden (Rehab) | DQ34: Non-Garden (Rehab) | DR34: Non-Garden (Rehab) | DS34: Non-Garden (Rehab) | DT34: Non-Garden (Rehab) | DU34: Non-Garden (Rehab) | DV34: Non-Garden (Rehab) | DW34: Non-Garden (Rehab) | DX34: Non-Garden (Rehab) | DY34: Non-Garden (Rehab) | DZ34: Non-Garden (Rehab) | EA34: Non-Garden (Rehab) | EJ34: Non-Garden (Rehab) | EK34: Non-Garden (Rehab) | EL34: Non-Garden (Rehab) | EM34: Non-Garden (Rehab) | EN34: Non-Garden (Rehab) | EO34: Non-Garden (Rehab) | ET34: Non-Garden (Rehab) | EV34: Non-Garden (Rehab) | EW34: Non-Garden (Rehab) | EX34: Non-Garden (Rehab) | EY34: Non-Garden (Rehab) | EZ34: Non-Garden (Rehab) | FA34: Non-Garden (Rehab) | FB34: Non-Garden (Rehab) | FC34: Non-Garden (Rehab) | FG34: Non-Garden (Rehab) | FH34: Non-Garden (Rehab) | FI34: Non-Garden (Rehab) | FJ34: Non-Garden (Rehab) | FN34: Non-Garden (Rehab) | FO34: Non-Garden (Rehab) | FP34: Non-Garden (Rehab) | FQ34: Non-Garden (Rehab) | FR34: Non-Garden (Rehab) | FS34: Non-Garden (Rehab) | FT34: Non-Garden (Rehab) | FU34: Non-Garden (Rehab) | FV34: Non-Garden (Rehab) | FW34: Non-Garden (Rehab) | GE34: Non-Garden (Rehab) | GF34: Non-Garden (Rehab) | GG34: Non-Garden (Rehab) | GH34: Non-Garden (Rehab) | GL34: Non-Garden (Rehab) | GM34: Non-Garden (Rehab) | GN34: Non-Garden (Rehab) | GO34: Non-Garden (Rehab) | GP34: Non-Garden (Rehab) | GQ34: Non-Garden (Rehab) | GR34: Non-Garden (Rehab) | GS34: Non-Garden (Rehab) | GT34: Non-Garden (Rehab) | GU34: Non-Garden (Rehab) | GV34: Non-Garden (Rehab) | GW34: Non-Garden (Rehab) | HC34: Non-Garden (Rehab) | HD34: Non-Garden (Rehab) | HG34: Non-Garden (Rehab) | HH34: Non-Garden (Rehab) | HL34: Non-Garden (Rehab) | HM34: Non-Garden (Rehab) | HP34: Non-Garden (Rehab) | HQ34: Non-Garden (Rehab) | HR34: Non-Garden (Rehab) | HS34: Non-Garden (Rehab) | HV34: Non-Garden (Rehab) | HW34: Non-Garden (Rehab) | IC34: Non-Garden (Rehab) | JH34: Mid-Rise-Non ESSC (NC) | JI34: 374280 | JJ34: 392520
A35: Gadsden | C35: TBD | D35: 44651 | E35: 44308 | F35: 44109 | G35: 43776 | H35: 43412 | I35: 43084 | J35: 42719 | K35: 42397 | L35: 42045 | JH35: Mid-Rise-ESSC (4 Stories) (NC) | JI35: 413640 | JJ35: 433200
A36: Gilchrist | C36: TBD | D36: 44761 | E36: 44502 | F36: 43881 | G36: 43762 | H36: 43412 | J36: 42754 | L36: 42034 | O36: Base01 | P36: RFA 2013-001 | Q36: RFA 2013-002 | R36: RFA 2013-003 | S36: RFA 2013-004 | T36: RFA 2013-005 | U36: RFA 2013-006 | V36: RFA 2013-07 | W36: RFA 2013-08 | X36: RFA 2013-010 | Y36: RFA 2014-101 | Z36: RFA 2014-102 | AA36: RFA 2014-103 | AB36: RFA 2014-104 | AC36: RFA 2014-105 | AD36: RFA 2014-106 | AE36: RFA 2014-107 | AF36: RFA 2014-109 | AG36: RFA 2014-111 | AH36: RFA 2014-112 | AI36: RFA 2014-113 | AJ36: RFA 2014-114 | AK36: RFA 2014-115 | AL36: RFA 2014-115SF | AM36: RFA 2014-116 | AN36: RFA 2014-117 | AO36: RFA 2015-101 | AP36: RFA 2015-101SF | AQ36: RFA 2015-102 | AR36: RFA 2015-103 | AS36: RFA 2015-103SF | AT36: RFA 2015-104 | AU36: RFA 2015-104SF | AV36: RFA 2015-105 | AW36: RFA 2015-106 | AX36: RFA 2015-107 | AY36: RFA 2015-107SF | AZ36: RFA 2015-108 | BA36: RFA 2015-109 | BB36: RFA 2015-109SF | BC36: RFA 2015-110 | BD36: RFA 2015-110SF | BE36: RFA 2015-111 | BF36: RFA 2015-111SF | BG36: RFA 2015-112 | BH36: RFA 2015-112SF | BI36: RFA 2015-113 | BJ36: RFA 2015-113SF | BK36: RFA 2015-114 | BL36: RFA 2016-101 | BM36: RFA 2016-102 | BN36: RFA 2016-102SF | BO36: RFA 2016-103 | BP36: RFA 2016-103SF | BQ36: RFA 2016-104 | BR36: RFA 2016-105 | BS36: RFA 2016-106 | BT36: RFA 2016-107 | BU36: RFA 2016-108 | BV36: RFA 2016-109 | BW36: RFA 2016-109SF | BX36: RFA 2016-110 | BY36: RFA 2016-111 | BZ36: RFA 2016-112 | CA36: RFA 2016-112SF | CB36: RFA 2016-113 | CC36: RFA 2016-113SF | CD36: RFA 2016-114 | CE36: RFA 2016-115 | CF36: RFA 2016-115SF | CG36: RFA 2016-116 | CH36: RFA 2016-116SF | CI36: RFA 2017-101 | CJ36: RFA 2017-102 | CK36: RFA 2017-102SF | CL36: RFA 2017-103 | CM36: RFA 2017-103SF | CN36: RFA 2017-104 | CO36: RFA 2017-105 | CP36: RFA 2017-106 | CQ36: RFA 2017-107 | CR36: RFA 2017-107SF | CS36: RFA 2017-108 | CT36: RFA 2017-108SF | CU36: RFA 2017-109 | CV36: RFA 2017-110 | CW36: RFA 2017-111 | CX36: RFA 2017-112 | CY36: RFA 2017-113 | CZ36: RFA 2017-113SF | DA36: RFA 2017-114 | DB36: RFA 2017-114SF | DC36: RFA 2018-101 | DD36: RFA 2018-101SF | DE36: RFA 2018-102 | DF36: RFA 2018-102SF | DG36: RFA 2018-103 | DH36: RFA 2018-103SF | DI36: RFA 2018-104 | DJ36: RFA 2018-104SF | DK36: RFA 2018-105 | DL36: RFA 2018-106 | DM36: RFA 2018-107 | DN36: RFA 2018-108 | DO36: RFA 2018-108SF | DP36: RFA 2018-109 | DQ36: RFA 2018-110 | DR36: RFA 2018-111 | DS36: RFA 2018-112 | DT36: RFA 2018-112SF | DU36: RFA 2018-113 | DV36: RFA 2018-113SF | DW36: RFA 2018-114 | DX36: RFA 2018-114SF | DY36: RFA 2018-115 | DZ36: RFA 2018-116 | EA36: RFA 2018-116SF | EB36: RFA 2018-117 | EC36: RFA 2018-118 | ED36: RFA 2019-101 | EE36: RFA 2019-102 | EF36: RFA 2019-102SF | EG36: RFA 2019-103 | EH36: RFA 2019-104 | EI36: RFA 2019-104SF | EJ36: RFA 2019-105 | EK36: RFA 2019-105SF | EL36: RFA 2019-106 | EM36: RFA 2019-106SF | EN36: RFA 2019-107 | EO36: RFA 2019-107SF | EP36: RFA 2019-108 | EQ36: RFA 2019-108SF | ER36: RFA 2019-109 | ES36: RFA 2019-109SF | ET36: RFA 2019-110 | EU36: RFA 2019-111 | EV36: RFA 2019-112 | EW36: RFA 2019-113 | EX36: RFA 2019-114 | EY36: RFA 2019-114SF | EZ36: RFA 2019-115 | FA36: RFA 2019-115SF | FB36: RFA 2019-116 | FC36: RFA 2019-116SF | FD36: RFA 2019-117 | FE36: RFA 2019-118 | FF36: RFA 2020-101 | FG36: RFA 2020-102 | FH36: RFA 2020-102SF | FI36: RFA 2020-103 | FJ36: RFA 2020-103SF | FK36: RFA 2020-104 | FL36: RFA 2020-104SF | FM36: RFA 2020-105 | FN36: RFA 2020-106 | FO36: RFA 2020-106SF | FP36: RFA 2020-201 | FQ36: RFA 2020-202 | FR36: RFA 2020-202SF | FS36: RFA 2020-203 | FT36: RFA 2020-204 | FU36: RFA 2020-204SF | FV36: RFA 2020-205 | FW36: RFA 2020-205SF | FX36: RFA 2020-206 | FY36: RFA 2020-206SF | FZ36: RFA 2020-208 | GA36: RFA 2020-208SF | GB36: RFA 2020-211 | GC36: RFA 2020-302 | GD36: RFA 2021-101 | GE36: RFA 2021-102 | GF36: RFA 2021-102SF | GG36: RFA 2021-103 | GH36: RFA 2021-103SF | GI36: RFA 2021-104 | GJ36: RFA 2021-104SF | GK36: RFA 2021-105 | GL36: RFA 2021-106 | GM36: RFA 2021-106SF | GN36: RFA 2021-108 | GO36: RFA 2021-108SF | GP36: RFA 2021-201 | GQ36: RFA 2021-202 | GR36: RFA 2021-202SF | GS36: RFA 2021-203 | GT36: RFA 2021-204 | GU36: RFA 2021-204SF | GV36: RFA 2021-205 | GW36: RFA 2021-205SF | GX36: RFA 2021-206 | GY36: RFA 2021-206SF | GZ36: RFA 2021-208 | HA36: RFA 2021-208SF | HB36: RFA 2021-211 | HC36: RFA 2022-101 | HD36: RFA 2022-101SF | HE36: RFA 2022-102 | HF36: RFA 2022-102SF | HG36: RFA 2022-103 | HH36: RFA 2022-103SF | HI36: RFA 2022-104 | HJ36: RFA 2022-104SF | HK36: RFA 2022-105 | HL36: RFA 2022-106 | HM36: RFA 2022-106SF | HN36: RFA 2022-109 | HO36: RFA 2022-109SF | HP36: RFA 2022-201 | HQ36: RFA 2022-202 | HR36: RFA 2022-202SF | HS36: RFA 2022-203 | HT36: RFA 2022-204 | HU36: RFA 2022-204SF | HV36: RFA 2022-205 | HW36: RFA 2022-205SF | HX36: RFA 2022-206 | HY36: RFA 2022-206SF | HZ36: RFA 2022-208 | IA36: RFA 2022-210 | IB36: RFA 2022-210SF | IC36: RFA 2022-301 | ID36: RFA 2023-101 | IE36: RFA 2023-101SF | IF36: RFA 2023-102 | IG36: RFA 2023-102SF | IH36: RFA 2023-103 | II36: RFA 2023-103SF | IJ36: RFA 2023-104 | IK36: RFA 2023-104SF | IL36: RFA 2023-105 | IM36: RFA 2023-106 | IN36: RFA 2023-106SF | IO36: RFA 2023-108 | IP36: RFA 2023-201 | IQ36: RFA 2023-202 | IR36: RFA 2023-202SF | IS36: RFA 2023-203 | IT36: RFA 2023-204 | IU36: RFA 2023-204SF | IV36: RFA 2023-205 | IW36: RFA 2023-205SF | IX36: RFA 2023-206 | IY36: RFA 2023-206SF | IZ36: RFA 2023-208 | JA36: RFA 2023-303 | JB36: RFA 2023-303SF | JC36: RFA 2023-304 | JH36: Mid-Rise-ESSC (5-6 Stories) (NC) | JI36: 413640 | JJ36: 433200
A37: Glades | C37: 45048 | D37: 44600 | G37: 43829 | H37: 43431 | J37: 42769 | P37: 163000 | Q37: 163000 | R37: 163000 | S37: 163000 | V37: 163000 | W37: 163000 | X37: 173000 | AA37: 168000 | AB37: 163000 | AD37: 165900 | AE37: 163000 | AF37: 170900 | AG37: 170900 | AI37: 165900 | AJ37: 170300 | AK37: 170300 | AL37: 173600 | AM37: 173600 | AO37: 170300 | AP37: 173600 | AR37: 170300 | AS37: 173600 | AT37: 170300 | AU37: 173600 | AW37: 178000 | AX37: 178000 | AY37: 184900 | AZ37: 184900 | BA37: 178000 | BB37: 184900 | BC37: 188000 | BD37: 194900 | BE37: 178000 | BF37: 184900 | BG37: 183000 | BH37: 189900 | BI37: 178000 | BJ37: 184900 | BL37: 183000 | BM37: 178000 | BN37: 184900 | BO37: 178000 | BP37: 184900 | BV37: 188300 | BW37: 197300 | BX37: 183300 | BY37: 188300 | BZ37: 183300 | CA37: 192300 | CB37: 183300 | CC37: 192300 | CD37: 192300 | CE37: 183300 | CF37: 192300 | CG37: 183300 | CH37: 192300 | CJ37: 183300 | CK37: 192300 | CL37: 183300 | CM37: 192300 | CO37: 188300 | CQ37: 188800 | CR37: 198100 | CS37: 193800 | CT37: 203100 | CW37: 188800 | CX37: 198100 | CY37: 188800 | CZ37: 198100 | DA37: 188800 | DB37: 198100 | DC37: 188800 | DD37: 198100 | DE37: 188800 | DF37: 198100 | DG37: 188800 | DH37: 198100 | DI37: 188800 | DJ37: 198100 | DM37: 227000 | DN37: 188800 | DO37: 198100 | DQ37: 206000 | DR37: 217000 | DS37: 206000 | DT37: 217000 | DU37: 206000 | DV37: 217000 | DW37: 206000 | DX37: 217000 | DY37: 206000 | DZ37: 206000 | EA37: 217000 | ED37: 248000 | EE37: 206000 | EF37: 217000 | EG37: 206000 | EH37: 206000 | EI37: 217000 | EJ37: 206000 | EK37: 217000 | EL37: 206000 | EM37: 217000 | EN37: 206000 | EO37: 217000 | EP37: 206000 | EQ37: 217000 | ER37: 206000 | ES37: 217000 | ET37: 206000 | EU37: 212200 | EV37: 223500 | EW37: 212200 | EX37: 212200 | EY37: 223500 | EZ37: 212200 | FA37: 223500 | FB37: 212200 | FC37: 223500 | FG37: 212200 | FH37: 223500 | FI37: 212200 | FJ37: 223500 | FK37: 255400 | FL37: 267800 | FN37: 212200 | FO37: 223500 | FP37: 219600 | FQ37: 219600 | FR37: 231300 | FS37: 231300 | FT37: 219600 | FU37: 231300 | FV37: 219600 | FW37: 231300 | FX37: 219600 | FY37: 231300 | FZ37: 212200 | GA37: 223500 | GB37: 219600 | GC37: 212200 | GE37: 219600 | GF37: 231300 | GG37: 219600 | GH37: 231300 | GI37: 219600 | GJ37: 231300 | GL37: 219600 | GM37: 231300 | GN37: 219600 | GO37: 231300 | GZ37: 219600 | HA37: 231300 | JH37: High-Rise (NC) | JI37: 429600 | JJ37: 449640
A38: Gulf | G38: 43741 | H38: 43488 | P38: 196000 | Q38: 196000 | R38: 196000 | S38: 137000 | V38: 137000 | W38: 137000 | X38: 206000 | AA38: 201000 | AB38: 196000 | AD38: 138900 | AE38: 196000 | AF38: 204500 | AG38: 204500 | AI38: 138900 | AJ38: 204800 | AK38: 204800 | AL38: 208700 | AM38: 208700 | AO38: 204800 | AP38: 208700 | AR38: 204800 | AS38: 208700 | AT38: 204800 | AU38: 208700 | AW38: 214000 | AX38: 214000 | AY38: 222300 | AZ38: 222300 | BA38: 214000 | BB38: 222300 | BC38: 224000 | BD38: 232300 | BE38: 214000 | BF38: 222300 | BG38: 219000 | BH38: 227300 | BI38: 214000 | BJ38: 222300 | BL38: 219000 | BM38: 214000 | BN38: 222300 | BO38: 214000 | BP38: 222300 | BV38: 225400 | BW38: 236200 | BX38: 220400 | BY38: 225400 | BZ38: 220400 | CA38: 231200 | CB38: 220400 | CC38: 231200 | CD38: 231200 | CE38: 220400 | CF38: 231200 | CG38: 220400 | CH38: 231200 | CJ38: 220400 | CK38: 231200 | CL38: 220400 | CM38: 231200 | CO38: 225400 | CQ38: 227000 | CR38: 238100 | CS38: 232000 | CT38: 243100 | CW38: 227000 | CX38: 238100 | CY38: 227000 | CZ38: 238100 | DA38: 227000 | DB38: 238100 | DC38: 227000 | DD38: 238100 | DE38: 227000 | DF38: 238100 | DG38: 227000 | DH38: 238100 | DI38: 227000 | DJ38: 238100 | DM38: 250300 | DN38: 227000 | DO38: 238100 | DQ38: 248000 | DR38: 260000 | DS38: 248000 | DT38: 260000 | DU38: 248000 | DV38: 260000 | DW38: 248000 | DX38: 260000 | DY38: 248000 | DZ38: 248000 | EA38: 260000 | ED38: 274000 | EE38: 248000 | EF38: 260000 | EG38: 248000 | EH38: 248000 | EI38: 260000 | EJ38: 248000 | EK38: 260000 | EL38: 248000 | EM38: 260000 | EN38: 248000 | EO38: 260000 | EP38: 248000 | EQ38: 260000 | ER38: 248000 | ES38: 260000 | ET38: 248000 | EU38: 255400 | EV38: 267800 | EW38: 255400 | EX38: 255400 | EY38: 267800 | EZ38: 255400 | FA38: 267800 | FB38: 255400 | FC38: 267800 | FG38: 255400 | FH38: 267800 | FI38: 255400 | FJ38: 267800 | FK38: 255400 | FL38: 267800 | FN38: 255400 | FO38: 267800 | FP38: 264300 | FQ38: 264300 | FR38: 277200 | FS38: 277200 | FT38: 264300 | FU38: 277200 | FV38: 264300 | FW38: 277200 | FX38: 264300 | FY38: 277200 | FZ38: 255400 | GA38: 267800 | GB38: 264300 | GC38: 255400 | GE38: 264300 | GF38: 277200 | GG38: 264300 | GH38: 277200 | GI38: 264300 | GJ38: 277200 | GL38: 264300 | GM38: 277200 | GN38: 264300 | GO38: 277200 | GZ38: 264300 | HA38: 277200 | JH38: Garden (Rehab) | JI38: 176280 | JJ38: 184320
A39: Hamilton | G39: 43804 | H39: Not Issued | P39: 196000 | Q39: 196000 | R39: 196000 | X39: 206000 | AA39: 201000 | AB39: 196000 | AE39: 196000 | AG39: 204500 | AJ39: 204800 | AK39: 204800 | AL39: 208700 | AM39: 208700 | AO39: 204800 | AP39: 208700 | AR39: 204800 | AS39: 208700 | AT39: 204800 | AU39: 208700 | AW39: 214000 | AX39: 214000 | AY39: 222300 | AZ39: 222300 | BA39: 149600 | BB39: 155400 | BC39: 224000 | BD39: 232300 | BE39: 214000 | BF39: 222300 | BG39: 219000 | BH39: 227300 | BI39: 214000 | BJ39: 222300 | BM39: 214000 | BN39: 222300 | BO39: 214000 | BP39: 222300 | BV39: 225400 | BW39: 236200 | BX39: 220400 | BZ39: 220400 | CA39: 231200 | CB39: 220400 | CC39: 231200 | CD39: 231200 | CE39: 154100 | CF39: 161600 | CG39: 220400 | CH39: 231200 | CJ39: 220400 | CK39: 231200 | CL39: 220400 | CM39: 231200 | CQ39: 227000 | CR39: 238100 | CS39: 232000 | CT39: 243100 | CW39: 227000 | CX39: 238100 | CY39: 227000 | CZ39: 238100 | DA39: 227000 | DB39: 238100 | DC39: 158700 | DD39: 166400 | DE39: 227000 | DF39: 238100 | DG39: 227000 | DH39: 238100 | DI39: 158700 | DJ39: 166400 | DM39: 298800 | DN39: 227000 | DO39: 238100 | DQ39: 248000 | DR39: 260000 | DS39: 248000 | DT39: 260000 | DU39: 248000 | DV39: 260000 | DW39: 248000 | DX39: 260000 | DY39: 248000 | DZ39: 248000 | EA39: 260000 | ED39: 317000 | EE39: 248000 | EF39: 260000 | EG39: 248000 | EH39: 173000 | EI39: 181000 | EJ39: 248000 | EK39: 260000 | EL39: 248000 | EM39: 260000 | EN39: 248000 | EO39: 260000 | EP39: 173000 | EQ39: 181000 | ET39: 248000 | EU39: 255400 | EV39: 267800 | EW39: 255400 | EX39: 255400 | EY39: 267800 | EZ39: 255400 | FA39: 267800 | FB39: 255400 | FC39: 267800 | FG39: 255400 | FH39: 267800 | FI39: 255400 | FJ39: 267800 | FK39: 178200 | FL39: 186400 | FN39: 255400 | FO39: 267800 | FP39: 264300 | FQ39: 264300 | FR39: 277200 | FS39: 277200 | FT39: 264300 | FU39: 277200 | FV39: 264300 | FW39: 277200 | FZ39: 255400 | GA39: 267800 | GB39: 264300 | GE39: 264300 | GF39: 277200 | GG39: 264300 | GH39: 277200 | GI39: 124500 | GJ39: 130200 | GL39: 264300 | GM39: 277200 | GN39: 264300 | GO39: 277200 | GZ39: 264300 | HA39: 277200 | JH39: Non-Garden (Rehab) | JI39: 265920 | JJ39: 279120
A40: Hardee | P40: 216000 | Q40: 216000 | R40: 216000 | X40: 226000 | AA40: 221000 | AB40: 216000 | AE40: 216000 | AG40: 224900 | AJ40: 225700 | AK40: 225700 | AL40: 230000 | AM40: 230000 | AO40: 225700 | AP40: 230000 | AR40: 225700 | AS40: 230000 | AT40: 225700 | AU40: 230000 | AW40: 235900 | AX40: 235900 | AY40: 245000 | AZ40: 245000 | BC40: 245900 | BD40: 255000 | BE40: 235900 | BF40: 245000 | BG40: 240900 | BH40: 250000 | BI40: 235900 | BJ40: 245000 | BM40: 235900 | BN40: 245000 | BO40: 235900 | BP40: 245000 | BV40: 248000 | BW40: 259800 | BX40: 243000 | BZ40: 243000 | CA40: 254800 | CB40: 243000 | CC40: 254800 | CD40: 254800 | CG40: 243000 | CH40: 254800 | CJ40: 243000 | CK40: 254800 | CL40: 243000 | CM40: 254800 | CQ40: 250300 | CR40: 262400 | CS40: 255300 | CT40: 267400 | CW40: 250300 | CX40: 262400 | CY40: 250300 | CZ40: 262400 | DA40: 250300 | DB40: 262400 | DE40: 250300 | DF40: 262400 | DG40: 250300 | DH40: 262400 | DN40: 250300 | DO40: 262400 | DQ40: 274000 | DR40: 287000 | DS40: 274000 | DT40: 287000 | DU40: 274000 | DV40: 287000 | DW40: 274000 | DX40: 287000 | DY40: 274000 | DZ40: 274000 | EA40: 287000 | EE40: 274000 | EF40: 287000 | EG40: 274000 | EJ40: 274000 | EK40: 287000 | EL40: 274000 | EM40: 287000 | EN40: 274000 | EO40: 287000 | ET40: 274000 | EU40: 282200 | EV40: 295600 | EW40: 282200 | EX40: 282200 | EY40: 295600 | EZ40: 282200 | FA40: 295600 | FB40: 282200 | FC40: 295600 | FG40: 282200 | FH40: 295600 | FI40: 282200 | FJ40: 295600 | FN40: 282200 | FO40: 295600 | FP40: 292100 | FQ40: 292100 | FR40: 305900 | FS40: 305900 | FT40: 292100 | FU40: 305900 | FV40: 292100 | FW40: 305900 | FZ40: 282200 | GA40: 295600 | GB40: 292100 | GE40: 292100 | GF40: 305900 | GG40: 292100 | GH40: 305900 | GL40: 292100 | GM40: 305900 | GN40: 292100 | GO40: 305900 | GZ40: 292100 | HA40: 305900
A41: Hendry | C41: Descriptions | P41: 216000 | Q41: 216000 | R41: 216000 | X41: 231000 | AA41: 221000 | AB41: 216000 | AE41: 216000 | AG41: 224900 | AJ41: 225700 | AK41: 225700 | AL41: 230000 | AM41: 230000 | AO41: 225700 | AP41: 230000 | AR41: 225700 | AS41: 230000 | AT41: 225700 | AU41: 230000 | AW41: 235900 | AX41: 235900 | AY41: 245000 | AZ41: 245000 | BC41: 245900 | BD41: 255000 | BE41: 235900 | BF41: 245000 | BG41: 240900 | BH41: 250000 | BI41: 235900 | BJ41: 245000 | BM41: 235900 | BN41: 245000 | BV41: 248000 | BW41: 259800 | BX41: 243000 | BZ41: 243000 | CA41: 254800 | CB41: 243000 | CC41: 254800 | CD41: 254800 | CG41: 243000 | CH41: 254800 | CJ41: 243000 | CK41: 254800 | CL41: 243000 | CM41: 254800 | CQ41: 250300 | CR41: 262400 | CS41: 255300 | CT41: 267400 | CW41: 250300 | CX41: 262400 | CY41: 250300 | CZ41: 262400 | DA41: 250300 | DB41: 262400 | DE41: 250300 | DF41: 262400 | DG41: 250300 | DH41: 262400 | DN41: 250300 | DO41: 262400 | DQ41: 274000 | DR41: 287000 | DS41: 274000 | DT41: 287000 | DU41: 274000 | DV41: 287000 | DW41: 274000 | DX41: 287000 | DY41: 274000 | DZ41: 274000 | EA41: 287000 | EE41: 274000 | EF41: 287000 | EG41: 274000 | EJ41: 274000 | EK41: 287000 | EL41: 274000 | EM41: 287000 | EN41: 274000 | EO41: 287000 | ET41: 274000 | EV41: 295600 | EW41: 282200 | EX41: 282200 | EY41: 295600 | EZ41: 282200 | FA41: 295600 | FB41: 282200 | FC41: 295600 | FG41: 282200 | FH41: 295600 | FI41: 282200 | FJ41: 295600 | FN41: 282200 | FO41: 295600 | FP41: 292100 | FQ41: 292100 | FR41: 305900 | FS41: 305900 | FT41: 292100 | FU41: 305900 | FV41: 292100 | FW41: 305900 | FZ41: 282200 | GA41: 295600 | GB41: 292100 | GE41: 292100 | GF41: 305900 | GG41: 292100 | GH41: 305900 | GL41: 292100 | GM41: 305900 | GN41: 292100 | GO41: 305900 | GZ41: 292100 | HA41: 305900 | JH41: Current TDC Base Limits (Effective Telephone Board Meeting 4/1/22) - 2022/2023 RFA Cycle (starts with 2022-210 RFA):
A42: Hernando | C42: Elderly Housing Community Loan | D42: Elderly Housing Community Loan | E42: Elderly Housing Community Loan | F42: Elderly Housing Community Loan | G42: Community Development Block Grant-Disaster Recovery (CDBG-DR) in Monroe County | H42: SAIL Financing for Smaller Developments for Persons with Special Needs and Homeless Households | I42: Financing to Build or Rehabilitate Smaller Permanent Supportive Housing Properties for Persons with Developmental Disabilities | J42: HOME Financing to be used for Rental Developments Located in Rural Areas | K42: SAIL Financing for Smaller Permanent Supportive Housing Properties For Persons With Special Needs | L42: Financing To Build Permanent Supportive Housing For Homeless Persons And Families | M42: Affordable Housing Developments Located in Medium and Small Counties | P42: 263000 | Q42: 263000 | R42: 263000 | X42: 147000 | AA42: 221000 | AB42: 263000 | AE42: 216000 | AG42: 272700 | AJ42: 274800 | AK42: 274800 | AL42: 280100 | AM42: 280100 | AO42: 274800 | AP42: 280100 | AR42: 274800 | AS42: 280100 | AT42: 274800 | AU42: 280100 | AW42: 287200 | AX42: 287200 | AY42: 298300 | AZ42: 298300 | BE42: 287200 | BF42: 298300 | BG42: 292200 | BH42: 303300 | BI42: 287200 | BJ42: 298300 | BM42: 287200 | BN42: 298300 | BV42: 300800 | BW42: 315200 | BX42: 295800 | BZ42: 295800 | CA42: 310200 | CB42: 295800 | CC42: 310200 | CD42: 310200 | CG42: 295800 | CH42: 310200 | CJ42: 295800 | CK42: 310200 | CL42: 295800 | CM42: 310200 | CQ42: 298800 | CR42: 313300 | CS42: 303800 | CT42: 318300 | CW42: 298800 | CX42: 313300 | CY42: 298800 | CZ42: 313300 | DA42: 298800 | DB42: 313300 | DE42: 298800 | DF42: 313300 | DG42: 298800 | DH42: 313300 | DN42: 298800 | DO42: 313300 | DQ42: 317000 | DR42: 332000 | DS42: 317000 | DT42: 332000 | DU42: 317000 | DV42: 332000 | DW42: 317000 | DX42: 332000 | DY42: 317000 | DZ42: 317000 | EA42: 332000 | EE42: 317000 | EF42: 332000 | EJ42: 317000 | EK42: 332000 | EL42: 317000 | EM42: 332000 | EN42: 317000 | EO42: 332000 | ET42: 317000 | EV42: 337000 | EW42: 322000 | EX42: 322000 | EY42: 337000 | EZ42: 322000 | FA42: 337000 | FB42: 322000 | FC42: 337000 | FG42: 322000 | FH42: 337000 | FI42: 322000 | FJ42: 337000 | FN42: 322000 | FO42: 337000 | FP42: 328000 | FQ42: 328000 | FR42: 343000 | FS42: 343000 | FT42: 328000 | FU42: 343000 | FV42: 328000 | FW42: 343000 | FZ42: 322000 | GA42: 337000 | GB42: 328000 | GE42: 328000 | GF42: 343000 | GG42: 328000 | GH42: 343000 | GL42: 328000 | GM42: 343000 | GN42: 328000 | GO42: 343000 | GZ42: 328000 | HA42: 343000
A43: Highlands | C43: SAIL and HOME-ARP Financing for Smaller Developments for Persons with Special Needs | D43: SAIL Financing for Smaller Permanent Supportive Housing Developments for Persons with Special Needs | E43: SAIL Financing for Smaller Permanent Supportive Housing Developments for Persons with Special Needs | F43: SAIL Financing for Smaller Permanent Supportive Housing Developments for Persons with Special Needs | G43: Community Development Block Grant-Disaster Recovery (CDBG-DR) to be used with Tax-Exempt MMRB and Non-Competitive HCs in Counties Deemed Hurricane Recovery Priorities | H43: Housing Credit Financing to Provide Affordable Multifamily Rental Housing that is a Part of Local Revitalization Initiatives | I43: Housing Credit Financing for to Provide Affordable Multifamily Rental Housing that is a Part of Local Revitalization Initiatives | J43: Housing Credit and SAIL Financing for Homeless Housing Developments Located in Medium and Large Counties | K43: Elderly Housing Community Loan | L43: High Needs/High Costs Persons with Special Needs Who are Chronically Homeless | M43: Affordable Housing Developments Located in Duval, Hillsborough, Orange and Pinellas Counties | P43: 137000 | Q43: 137000 | R43: 137000 | X43: 203000 | AA43: 142000 | AB43: 137000 | AE43: 137000 | AG43: 143900 | AJ43: 143200 | AK43: 143200 | AL43: 145900 | AM43: 145900 | AO43: 143200 | AP43: 145900 | AR43: 143200 | AS43: 145900 | AT43: 143200 | AU43: 145900 | AW43: 149600 | AX43: 149600 | AY43: 155400 | AZ43: 155400 | BE43: 149600 | BF43: 155400 | BG43: 154600 | BH43: 160400 | BI43: 149600 | BJ43: 155400 | BM43: 149600 | BN43: 155400 | BV43: 159100 | BW43: 166600 | BX43: 154100 | BZ43: 154100 | CA43: 161600 | CB43: 154100 | CC43: 161600 | CD43: 161600 | CG43: 154100 | CH43: 161600 | CJ43: 154100 | CK43: 161600 | CQ43: 158700 | CR43: 166400 | CS43: 163700 | CT43: 171400 | CW43: 158700 | CX43: 166400 | CY43: 158700 | CZ43: 166400 | DA43: 158700 | DB43: 166400 | DE43: 158700 | DF43: 166400 | DG43: 158700 | DH43: 166400 | DN43: 158700 | DO43: 166400 | DQ43: 173000 | DR43: 181000 | DS43: 173000 | DT43: 181000 | DU43: 173000 | DV43: 181000 | DW43: 173000 | DX43: 181000 | DY43: 173000 | DZ43: 173000 | EA43: 181000 | EJ43: 173000 | EK43: 181000 | EL43: 173000 | EM43: 181000 | EN43: 173000 | EO43: 181000 | ET43: 173000 | EV43: 186400 | EW43: 178200 | EX43: 178200 | EY43: 186400 | EZ43: 178200 | FA43: 186400 | FB43: 178200 | FC43: 186400 | FG43: 178200 | FH43: 186400 | FI43: 178200 | FJ43: 186400 | FN43: 178200 | FO43: 186400 | FP43: 124500 | FQ43: 124500 | FR43: 130200 | FS43: 130200 | FT43: 124500 | FU43: 130200 | FV43: 124500 | FW43: 130200 | GE43: 124500 | GF43: 130200 | GG43: 124500 | GH43: 130200 | GL43: 124500 | GM43: 130200 | GN43: 124500 | GO43: 130200 | JI43: Except BMP | JJ43: BMP
A44: Hillsborough | C44: Housing Credit and SAIL Financing for Homeless Housing Developments Located in Medium and Large Counties | D44: Housing Credit and SAIL Financing for Homeless Housing Developments Located in Medium and Large Counties | E44: Housing Credit and SAIL Financing to Develop Housing for Homeless Persons | F44: Housing Credit and SAIL Financing to Develop Housing for Homeless Persons | G44: Community Development Block Grant-Disaster Recovery (CDBG-DR) for Small Developments in Areas Deemed Hurricane Recovery Priorities | H44: Housing Credit and SAIL Financing for the Development of Housing for Homeless Persons | I44: Housing Credit and SAIL Financing for Homeless Persons and Persons with Disabling Conditions | J44: Housing Credit and Gap Financing for Affordable Housing Developments for Persons with a Disabling Condition | K44: Housing Credit Financing to Provide Affordable Multifamily Rental Housing that is a Part of Local Revitalization Initiatives | L44: Financing of Affordable Multifamily Housing Developments with SAIL Funding to be used in conjunction with Tax-Exempt Bond Financing and Non-Competitive HC | M44: Affordable Housing Developments Located in Broward, Miami-Dade and Palm Beach Counties | P44: 193000 | Q44: 193000 | R44: 193000 | AA44: 198000 | AB44: 193000 | AE44: 193000 | AG44: 200700 | AJ44: 201700 | AK44: 201700 | AL44: 205500 | AM44: 205500 | AO44: 201700 | AP44: 205500 | AR44: 201700 | AS44: 205500 | AT44: 201700 | AU44: 205500 | AW44: 210800 | AX44: 210800 | AY44: 218900 | AZ44: 218900 | BE44: 210800 | BF44: 218900 | BG44: 215800 | BH44: 223900 | BI44: 210800 | BJ44: 218900 | BM44: 210800 | BN44: 218900 | BV44: 222100 | BW44: 232700 | BX44: 217100 | BZ44: 217100 | CA44: 227700 | CB44: 217100 | CC44: 227700 | CD44: 227700 | CG44: 217100 | CH44: 227700 | CJ44: 217100 | CK44: 227700 | CQ44: 223600 | CR44: 234500 | CS44: 228600 | CT44: 239500 | CW44: 223600 | CX44: 234500 | CY44: 223600 | CZ44: 234500 | DA44: 223600 | DB44: 234500 | DE44: 223600 | DF44: 234500 | DG44: 223600 | DH44: 234500 | DN44: 223600 | DO44: 234500 | DQ44: 243000 | DR44: 255000 | DS44: 243000 | DT44: 255000 | DU44: 243000 | DV44: 255000 | DW44: 243000 | DX44: 255000 | DY44: 243000 | DZ44: 243000 | EA44: 255000 | EJ44: 243000 | EK44: 255000 | EL44: 243000 | EM44: 255000 | EN44: 243000 | EO44: 255000 | ET44: 243000 | EV44: 262700 | EW44: 250300 | EX44: 250300 | EY44: 262700 | EZ44: 250300 | FA44: 262700 | FB44: 250300 | FC44: 262700 | FG44: 250300 | FH44: 262700 | FI44: 250300 | FJ44: 262700 | FN44: 250300 | FO44: 262700 | FP44: 187800 | FQ44: 187800 | FR44: 197100 | FS44: 197100 | FT44: 187800 | FU44: 197100 | FV44: 187800 | FW44: 197100 | GE44: 187800 | GF44: 197100 | GG44: 187800 | GH44: 197100 | GL44: 187800 | GM44: 197100 | GN44: 187800 | GO44: 197100 | JH44: Garden-Non ESSC (NC) | JI44: 320000 | JJ44: 340000
A45: Holmes | C45: SAIL Funding for Farmworker and Commercial Fishing Worker Housing | D45: SAIL Financing Farmworker and Commercial Fishing Worker Housing | E45: SAIL Financing Farmworker and Commercial Fishing Worker Housing | F45: SAIL Financing Farmworker and Commercial Fishing Worker Housing | G45: SAIL Financing for Smaller Permanent Supportive Housing Developments for Persons with Special Needs | H45: SAIL Financing for Farmworker and Commercial Fishing Worker Housing | I45: SAIL Financing to Preserve Farmworker and Commercial Fishing Worker Housing | J45: SAIL Funding to Preserve Farmworker and Commercial Fishing Worker Housing | K45: Housing Credit Financing for the Preservation of Existing Affordable Multifamily Housing Developments | L45: Preservation of Existing Affordable Housing Developments | M45: Financing To Build Larger Permanent Supportive Housing Properties For Persons With Developmental Disabilities | JH45: Garden-ESSC (NC) | JI45: 370000 | JJ45: 390000
A46: Indian River | C46: Financing to Build Smaller Permanent Supportive Housing Properties for Persons with Developmental Disabilities | D46: Financing to Build Smaller Permanent Supportive Housing Properties for Persons with Developmental Disabilities | E46: Financing to Build Smaller Permanent Supportive Housing Properties for Persons with Developmental Disabilities | F46: Financing to Build Smaller Permanent Supportive Housing Properties for Persons with Developmental Disabilities | G46: Housing Credit Financing to Provide Affordable Multifamily Rental Housing that is a Part of Local Revitalization Initiatives | H46: HOME Financing To Be Used For Rental Developments Located In Rural Areas | I46: HOME Financing to be used for Rental Developments Located in Rural Areas | J46: Financing To Build Or Rehabilitate Smaller Permanent Supportive Housing Properties For Persons With Developmental Disabilities | K46: Financing To Build Smaller Permanent Supportive Housing Properties For Persons With Developmental Disabilities | L46: Financing To Build Or Rehabilitate Smaller Permanent Supportive Housing Properties For Persons With Developmental Disabilities | M46: Financing to Build or Rehabilitate Smaller Permanent Supportive Housing Properties For Persons With Developmental Disabilities | O46: Base02 | P46: RFA 2013-001 | Q46: RFA 2013-002 | R46: RFA 2013-003 | S46: RFA 2013-004 | T46: RFA 2013-005 | U46: RFA 2013-006 | V46: RFA 2013-07 | W46: RFA 2013-08 | X46: RFA 2013-010 | Y46: RFA 2014-101 | Z46: RFA 2014-102 | AA46: RFA 2014-103 | AB46: RFA 2014-104 | AC46: RFA 2014-105 | AD46: RFA 2014-106 | AE46: RFA 2014-107 | AF46: RFA 2014-109 | AG46: RFA 2014-111 | AH46: RFA 2014-112 | AI46: RFA 2014-113 | AJ46: RFA 2014-114 | AK46: RFA 2014-115 | AL46: RFA 2014-115SF | AM46: RFA 2014-116 | AN46: RFA 2014-117 | AO46: RFA 2015-101 | AP46: RFA 2015-101SF | AQ46: RFA 2015-102 | AR46: RFA 2015-103 | AS46: RFA 2015-103SF | AT46: RFA 2015-104 | AU46: RFA 2015-104SF | AV46: RFA 2015-105 | AW46: RFA 2015-106 | AX46: RFA 2015-107 | AY46: RFA 2015-107SF | AZ46: RFA 2015-108 | BA46: RFA 2015-109 | BB46: RFA 2015-109SF | BC46: RFA 2015-110 | BD46: RFA 2015-110SF | BE46: RFA 2015-111 | BF46: RFA 2015-111SF | BG46: RFA 2015-112 | BH46: RFA 2015-112SF | BI46: RFA 2015-113 | BJ46: RFA 2015-113SF | BK46: RFA 2015-114 | BL46: RFA 2016-101 | BM46: RFA 2016-102 | BN46: RFA 2016-102SF | BO46: RFA 2016-103 | BP46: RFA 2016-103SF | BQ46: RFA 2016-104 | BR46: RFA 2016-105 | BS46: RFA 2016-106 | BT46: RFA 2016-107 | BU46: RFA 2016-108 | BV46: RFA 2016-109 | BW46: RFA 2016-109SF | BX46: RFA 2016-110 | BY46: RFA 2016-111 | BZ46: RFA 2016-112 | CA46: RFA 2016-112SF | CB46: RFA 2016-113 | CC46: RFA 2016-113SF | CD46: RFA 2016-114 | CE46: RFA 2016-115 | CF46: RFA 2016-115SF | CG46: RFA 2016-116 | CH46: RFA 2016-116SF | CI46: RFA 2017-101 | CJ46: RFA 2017-102 | CK46: RFA 2017-102SF | CL46: RFA 2017-103 | CM46: RFA 2017-103SF | CN46: RFA 2017-104 | CO46: RFA 2017-105 | CP46: RFA 2017-106 | CQ46: RFA 2017-107 | CR46: RFA 2017-107SF | CS46: RFA 2017-108 | CT46: RFA 2017-108SF | CU46: RFA 2017-109 | CV46: RFA 2017-110 | CW46: RFA 2017-111 | CX46: RFA 2017-112 | CY46: RFA 2017-113 | CZ46: RFA 2017-113SF | DA46: RFA 2017-114 | DB46: RFA 2017-114SF | DC46: RFA 2018-101 | DD46: RFA 2018-101SF | DE46: RFA 2018-102 | DF46: RFA 2018-102SF | DG46: RFA 2018-103 | DH46: RFA 2018-103SF | DI46: RFA 2018-104 | DJ46: RFA 2018-104SF | DK46: RFA 2018-105 | DL46: RFA 2018-106 | DM46: RFA 2018-107 | DN46: RFA 2018-108 | DO46: RFA 2018-108SF | DP46: RFA 2018-109 | DQ46: RFA 2018-110 | DR46: RFA 2018-111 | DS46: RFA 2018-112 | DT46: RFA 2018-112SF | DU46: RFA 2018-113 | DV46: RFA 2018-113SF | DW46: RFA 2018-114 | DX46: RFA 2018-114SF | DY46: RFA 2018-115 | DZ46: RFA 2018-116 | EA46: RFA 2018-116SF | EB46: RFA 2018-117 | EC46: RFA 2018-118 | ED46: RFA 2019-101 | EE46: RFA 2019-102 | EF46: RFA 2019-102SF | EG46: RFA 2019-103 | EH46: RFA 2019-104 | EI46: RFA 2019-104SF | EJ46: RFA 2019-105 | EK46: RFA 2019-105SF | EL46: RFA 2019-106 | EM46: RFA 2019-106SF | EN46: RFA 2019-107 | EO46: RFA 2019-107SF | EP46: RFA 2019-108 | EQ46: RFA 2019-108SF | ER46: RFA 2019-109 | ES46: RFA 2019-109SF | ET46: RFA 2019-110 | EU46: RFA 2019-111 | EV46: RFA 2019-112 | EW46: RFA 2019-113 | EX46: RFA 2019-114 | EY46: RFA 2019-114SF | EZ46: RFA 2019-115 | FA46: RFA 2019-115SF | FB46: RFA 2019-116 | FC46: RFA 2019-116SF | FD46: RFA 2019-117 | FE46: RFA 2019-118 | FF46: RFA 2020-101 | FG46: RFA 2020-102 | FH46: RFA 2020-102SF | FI46: RFA 2020-103 | FJ46: RFA 2020-103SF | FK46: RFA 2020-104 | FL46: RFA 2020-104SF | FM46: RFA 2020-105 | FN46: RFA 2020-106 | FO46: RFA 2020-106SF | FP46: RFA 2020-201 | FQ46: RFA 2020-202 | FR46: RFA 2020-202SF | FS46: RFA 2020-203 | FT46: RFA 2020-204 | FU46: RFA 2020-204SF | FV46: RFA 2020-205 | FW46: RFA 2020-205SF | FX46: RFA 2020-206 | FY46: RFA 2020-206SF | FZ46: RFA 2020-208 | GA46: RFA 2020-208SF | GB46: RFA 2020-211 | GC46: RFA 2020-302 | GD46: RFA 2021-101 | GE46: RFA 2021-102 | GF46: RFA 2021-102SF | GG46: RFA 2021-103 | GH46: RFA 2021-103SF | GI46: RFA 2021-104 | GJ46: RFA 2021-104SF | GK46: RFA 2021-105 | GL46: RFA 2021-106 | GM46: RFA 2021-106SF | GN46: RFA 2021-108 | GO46: RFA 2021-108SF | GP46: RFA 2021-201 | GQ46: RFA 2021-202 | GR46: RFA 2021-202SF | GS46: RFA 2021-203 | GT46: RFA 2021-204 | GU46: RFA 2021-204SF | GV46: RFA 2021-205 | GW46: RFA 2021-205SF | GX46: RFA 2021-206 | GY46: RFA 2021-206SF | GZ46: RFA 2021-208 | HA46: RFA 2021-208SF | HB46: RFA 2021-211 | HC46: RFA 2022-101 | HD46: RFA 2022-101SF | HE46: RFA 2022-102 | HF46: RFA 2022-102SF | HG46: RFA 2022-103 | HH46: RFA 2022-103SF | HI46: RFA 2022-104 | HJ46: RFA 2022-104SF | HK46: RFA 2022-105 | HL46: RFA 2022-106 | HM46: RFA 2022-106SF | HN46: RFA 2022-109 | HO46: RFA 2022-109SF | HP46: RFA 2022-201 | HQ46: RFA 2022-202 | HR46: RFA 2022-202SF | HS46: RFA 2022-203 | HT46: RFA 2022-204 | HU46: RFA 2022-204SF | HV46: RFA 2022-205 | HW46: RFA 2022-205SF | HX46: RFA 2022-206 | HY46: RFA 2022-206SF | HZ46: RFA 2022-208 | IA46: RFA 2022-210 | IB46: RFA 2022-210SF | IC46: RFA 2022-301 | ID46: RFA 2023-101 | IE46: RFA 2023-101SF | IF46: RFA 2023-102 | IG46: RFA 2023-102SF | IH46: RFA 2023-103 | II46: RFA 2023-103SF | IJ46: RFA 2023-104 | IK46: RFA 2023-104SF | IL46: RFA 2023-105 | IM46: RFA 2023-106 | IN46: RFA 2023-106SF | IO46: RFA 2023-108 | IP46: RFA 2023-201 | IQ46: RFA 2023-202 | IR46: RFA 2023-202SF | IS46: RFA 2023-203 | IT46: RFA 2023-204 | IU46: RFA 2023-204SF | IV46: RFA 2023-205 | IW46: RFA 2023-205SF | IX46: RFA 2023-206 | IY46: RFA 2023-206SF | IZ46: RFA 2023-208 | JA46: RFA 2023-303 | JB46: RFA 2023-303SF | JC46: RFA 2023-304 | JH46: Mid-Rise-Non ESSC (NC) | JI46: 370000 | JJ46: 390000
A47: Jackson | C47: Financing to Develop Housing for Persons with Disabling Conditions/ Developmental Disabilities | D47: Financing to Develop Housing for Persons with Disabling Conditions/ Developmental Disabilities | E47: Financing to Develop Housing for Persons with Disabling Conditions/ Developmental Disabilities | F47: Financing to Develop Housing for Persons with Disabling Conditions / Developmental Disabilities | G47: Housing Credit and SAIL Financing to Develop Housing for Homeless Persons | H47: Financing to Build Smaller Permanent Supportive Housing Properties for Persons with Developmental Disabilities | I47: Financing To Build Or Rehabilitate Smaller Permanent Supportive Housing Properties For Persons With Developmental Disabilities | J47: Homeless Housing Assistance Loan Demonstration Program | K47: Housing Credit Financing for Affordable Housing Developments Located in Medium and Small Counties | L47: PHA Revitalization Of Affordable Housing Developments | M47: Grants for Housing Homeless Persons | P47: 163000 | Q47: 163000 | R47: 163000 | S47: 163000 | V47: 163000 | W47: 163000 | X47: 173000 | AA47: 168000 | AB47: 163000 | AD47: 165900 | AE47: 163000 | AF47: 170900 | AG47: 200400 | AI47: 200400 | AJ47: 200400 | AK47: 200400 | AL47: 210300 | AM47: 210300 | AO47: 200400 | AP47: 210300 | AR47: 200400 | AS47: 210300 | AT47: 200400 | AU47: 210300 | AW47: 200400 | AX47: 200400 | AY47: 210300 | AZ47: 210300 | BA47: 200400 | BB47: 210300 | BC47: 200400 | BD47: 210300 | BE47: 200400 | BF47: 210300 | BG47: 200400 | BH47: 210300 | BI47: 200400 | BJ47: 210300 | BL47: 200400 | BM47: 200400 | BN47: 210300 | BO47: 200400 | BP47: 210300 | BV47: 200400 | BW47: 210300 | BX47: 200400 | BY47: 200400 | BZ47: 200400 | CA47: 210300 | CB47: 200400 | CC47: 210300 | CD47: 210300 | CE47: 200400 | CF47: 210300 | CG47: 200400 | CH47: 210300 | CJ47: 200400 | CK47: 210300 | CL47: 200400 | CM47: 210300 | CO47: 200400 | CQ47: 200400 | CR47: 210300 | CS47: 200400 | CT47: 210300 | CW47: 200400 | CX47: 210300 | CY47: 200400 | CZ47: 210300 | DA47: 200400 | DB47: 210300 | DC47: 200400 | DD47: 210300 | DE47: 200400 | DF47: 210300 | DG47: 200400 | DH47: 210300 | DI47: 200400 | DJ47: 210300 | DM47: 241000 | DN47: 200400 | DO47: 210300 | DQ47: 206000 | DR47: 217000 | DS47: 206000 | DT47: 217000 | DU47: 206000 | DV47: 217000 | DW47: 206000 | DX47: 217000 | DY47: 206000 | DZ47: 206000 | EA47: 217000 | ED47: 248000 | EE47: 206000 | EF47: 217000 | EG47: 206000 | EH47: 206000 | EI47: 217000 | EJ47: 206000 | EK47: 217000 | EL47: 206000 | EM47: 217000 | EN47: 206000 | EO47: 217000 | EP47: 206000 | EQ47: 217000 | ER47: 206000 | ES47: 217000 | ET47: 206000 | EU47: 212200 | EV47: 223500 | EW47: 212200 | EX47: 212200 | EY47: 223500 | EZ47: 212200 | FA47: 223500 | FB47: 212200 | FC47: 223500 | FG47: 212200 | FH47: 223500 | FI47: 212200 | FJ47: 223500 | FK47: 255400 | FL47: 267800 | FN47: 212200 | FO47: 223500 | FP47: 219600 | FQ47: 219600 | FR47: 231300 | FS47: 231300 | FT47: 219600 | FU47: 231300 | FV47: 219600 | FW47: 231300 | FX47: 219600 | FY47: 231300 | FZ47: 212200 | GA47: 223500 | GB47: 219600 | GC47: 212200 | GE47: 219600 | GF47: 231300 | GG47: 219600 | GH47: 231300 | GI47: 219600 | GJ47: 231300 | GL47: 219600 | GM47: 231300 | GN47: 219600 | GO47: 231300 | GZ47: 219600 | HA47: 231300 | JH47: Mid-Rise-ESSC (4 Stories) (NC) | JI47: 410000 | JJ47: 430000
A48: Jefferson | C48: Housing Credit And RRLP Financing For Homeless Housing Developments Located In Medium And Large Counties Affected By Hurricane Ian And Nicole | D48: SAIL and HOME-ARP Financing for Smaller Developments for Persons with Special Needs | E48: Financing for the Development of Houinsg for Persons with Devlopmental Disabilities | F48: Housing Credit Financing for Affordable Housing Developments Located in Medium and Small Counties | G48: Financing to Develop Housing for Persons with Disabling Conditions / Developmental Disabilities | H48: Housing Credit and SAIL Financing for Affordable Housing for Hurricane Recovery in Monroe County | I48: SAIL Financing for the Construction of Workforce Housing | J48: Financing To Build Or Rehabilitate Smaller Permanent Supportive Housing Properties For Persons With Developmental Disabilities | K48: Housing Credit Financing for Affordable Housing Developments Located in Broward, Duval, Hillsborough, Orange, Palm Beach, and Pinellas Counties | L48: Financing of Permanent Supportive Housing with a Priority to Assist Veterans with a Disabling Condition that Lack Permanent and Stable Housing | M48: PHA Revitalization High Priority Affordable Housing Developments | P48: 196000 | Q48: 196000 | R48: 196000 | S48: 137000 | V48: 137000 | W48: 137000 | X48: 206000 | AA48: 201000 | AB48: 196000 | AD48: 138900 | AE48: 196000 | AF48: 204500 | AG48: 241000 | AI48: 167800 | AJ48: 241000 | AK48: 241000 | AL48: 252700 | AM48: 252700 | AO48: 241000 | AP48: 252700 | AR48: 241000 | AS48: 252700 | AT48: 241000 | AU48: 252700 | AW48: 241000 | AX48: 241000 | AY48: 252700 | AZ48: 252700 | BA48: 241000 | BB48: 252700 | BC48: 241000 | BD48: 252700 | BE48: 241000 | BF48: 252700 | BG48: 241000 | BH48: 252700 | BI48: 241000 | BJ48: 252700 | BL48: 241000 | BM48: 241000 | BN48: 252700 | BO48: 241000 | BP48: 252700 | BV48: 241000 | BW48: 252700 | BX48: 241000 | BY48: 241000 | BZ48: 241000 | CA48: 252700 | CB48: 241000 | CC48: 252700 | CD48: 252700 | CE48: 241000 | CF48: 252700 | CG48: 241000 | CH48: 252700 | CJ48: 241000 | CK48: 252700 | CL48: 241000 | CM48: 252700 | CO48: 241000 | CQ48: 241000 | CR48: 252700 | CS48: 241000 | CT48: 252700 | CW48: 241000 | CX48: 252700 | CY48: 241000 | CZ48: 252700 | DA48: 241000 | DB48: 252700 | DC48: 241000 | DD48: 252700 | DE48: 241000 | DF48: 252700 | DG48: 241000 | DH48: 252700 | DI48: 241000 | DJ48: 252700 | DM48: 265700 | DN48: 241000 | DO48: 252700 | DQ48: 248000 | DR48: 260000 | DS48: 248000 | DT48: 260000 | DU48: 248000 | DV48: 260000 | DW48: 248000 | DX48: 260000 | DY48: 248000 | DZ48: 248000 | EA48: 260000 | ED48: 274000 | EE48: 248000 | EF48: 260000 | EG48: 248000 | EH48: 248000 | EI48: 260000 | EJ48: 248000 | EK48: 260000 | EL48: 248000 | EM48: 260000 | EN48: 248000 | EO48: 260000 | EP48: 248000 | EQ48: 260000 | ER48: 248000 | ES48: 260000 | ET48: 248000 | EU48: 255400 | EV48: 267800 | EW48: 255400 | EX48: 255400 | EY48: 267800 | EZ48: 255400 | FA48: 267800 | FB48: 255400 | FC48: 267800 | FG48: 255400 | FH48: 267800 | FI48: 255400 | FJ48: 267800 | FK48: 255400 | FL48: 267800 | FN48: 255400 | FO48: 267800 | FP48: 264300 | FQ48: 264300 | FR48: 277200 | FS48: 277200 | FT48: 264300 | FU48: 277200 | FV48: 264300 | FW48: 277200 | FX48: 264300 | FY48: 277200 | FZ48: 255400 | GA48: 267800 | GB48: 264300 | GC48: 255400 | GE48: 264300 | GF48: 277200 | GG48: 264300 | GH48: 277200 | GI48: 264300 | GJ48: 277200 | GL48: 264300 | GM48: 277200 | GN48: 264300 | GO48: 277200 | GZ48: 264300 | HA48: 277200 | JH48: Mid-Rise-ESSC (5-6 Stories) (NC) | JI48: 410000 | JJ48: 430000
A49: Lafayette | C49: Housing Credit Financing for Affordable Housing Developments Located in Medium and Small Counties | D49: Housing Credit Financing for Affordable Housing Developments Located in Medium and Small Counties | E49: Housing Credit Financing for Affordable Housing Developments Located in Medium and Small Counties | F49: Housing Credit Financing for Affordable Housing Developments Located in Broward, Duval, Hillsborough, Orange, Palm Beach, and Pinellas Counties | G49: SAIL Financing Farmworker And Commercial Fishing Worker Housing | H49: Financing for the Development of Housing for Persons with Disabling Conditions or Developmental Disabilities | I49: SAIL Financing Of Affordable Multifamily Housing Developments To Be Used In Conjunction With Tax-Exempt Bonds And Non-Competitive Housing Credits | J49: Elderly Housing Community Loan | K49: Housing Credit Financing for Affordable Housing Developments Located in Miami-Dade County | L49: HOME Financing to be used for Rental Developments in Rural Areas | M49: Special Needs High-Priority Affordable Housing Developments | P49: 196000 | Q49: 196000 | R49: 196000 | X49: 206000 | AA49: 201000 | AB49: 196000 | AE49: 196000 | AG49: 241000 | AJ49: 241000 | AK49: 241000 | AL49: 252700 | AM49: 252700 | AO49: 241000 | AP49: 252700 | AR49: 241000 | AS49: 252700 | AT49: 241000 | AU49: 252700 | AW49: 241000 | AX49: 241000 | AY49: 252700 | AZ49: 252700 | BA49: 167800 | BB49: 176000 | BC49: 241000 | BD49: 252700 | BE49: 241000 | BF49: 252700 | BG49: 241000 | BH49: 252700 | BI49: 241000 | BJ49: 252700 | BM49: 241000 | BN49: 252700 | BO49: 241000 | BP49: 252700 | BV49: 241000 | BW49: 252700 | BX49: 241000 | BZ49: 241000 | CA49: 252700 | CB49: 241000 | CC49: 252700 | CD49: 252700 | CE49: 167800 | CF49: 176000 | CG49: 241000 | CH49: 252700 | CJ49: 241000 | CK49: 252700 | CL49: 241000 | CM49: 252700 | CQ49: 241000 | CR49: 252700 | CS49: 241000 | CT49: 252700 | CW49: 241000 | CX49: 252700 | CY49: 241000 | CZ49: 252700 | DA49: 241000 | DB49: 252700 | DC49: 167800 | DD49: 176000 | DE49: 241000 | DF49: 252700 | DG49: 241000 | DH49: 252700 | DI49: 167800 | DJ49: 176000 | DM49: 313400 | DN49: 241000 | DO49: 252700 | DQ49: 248000 | DR49: 260000 | DS49: 248000 | DT49: 260000 | DU49: 248000 | DV49: 260000 | DW49: 248000 | DX49: 260000 | DY49: 248000 | DZ49: 248000 | EA49: 260000 | ED49: 317000 | EE49: 248000 | EF49: 260000 | EG49: 248000 | EH49: 173000 | EI49: 181000 | EJ49: 248000 | EK49: 260000 | EL49: 248000 | EM49: 260000 | EN49: 248000 | EO49: 260000 | EP49: 173000 | EQ49: 181000 | ET49: 248000 | EU49: 255400 | EV49: 267800 | EW49: 255400 | EX49: 255400 | EY49: 267800 | EZ49: 255400 | FA49: 267800 | FB49: 255400 | FC49: 267800 | FG49: 255400 | FH49: 267800 | FI49: 255400 | FJ49: 267800 | FK49: 178200 | FL49: 186400 | FN49: 255400 | FO49: 267800 | FP49: 264300 | FQ49: 264300 | FR49: 277200 | FS49: 277200 | FT49: 264300 | FU49: 277200 | FV49: 264300 | FW49: 277200 | FZ49: 255400 | GA49: 267800 | GB49: 264300 | GE49: 264300 | GF49: 277200 | GG49: 264300 | GH49: 277200 | GI49: 124500 | GJ49: 130200 | GL49: 264300 | GM49: 277200 | GN49: 264300 | GO49: 277200 | GZ49: 264300 | HA49: 277200 | JH49: High-Rise (NC) | JI49: 420000 | JJ49: 440000
A50: Lake | C50: Housing Credit Financing for Affordable Housing Developments Located in Broward, Duval, Hillsborough, Orange, Palm Beach, and Pinellas Counties | D50: Housing Credit Financing for Affordable Housing Developments Located in Broward, Duval, Hillsborough, Orange, Palm Beach, and Pinellas Counties | E50: Housing Credit Financing for Affordable Housing Developments Located in Broward, Duval, Hillsborough, Orange, Palm Beach, and Pinellas Counties | F50: Housing Credit Financing for Affordable Housing Developments Located in Miami-Dade County | G50: HOME Financing To Be Used For Rental Developments In Hurricane Michael Impacted Counties And In Rural Areas | H50: Development Viability Loan Funding | I50: Development Viability Loan Funding | J50: SAIL Financing of Affordable Multifamily Housing Developments to be used in conjunction with Tax-Exempt Bonds and Non-Competitive Housing Credits | K50: SAIL Financing for Smaller Permanent Supportive Housing Properties For Persons With Special Needs | L50: SAIL Financing of Affordable Multifamily Housing Developments to be used in Conjunction with Tax-Exempt Bond Financing and Non-Competitive Housing Credits | M50: Financing of Affordable Multifamily Housing Developments with HOME Funding to be used in conjuction with Florida Housing-Issued MMRB and Non-Competitive HC | P50: 216000 | Q50: 216000 | R50: 216000 | X50: 226000 | AA50: 221000 | AB50: 216000 | AE50: 216000 | AG50: 265700 | AJ50: 265700 | AK50: 265700 | AL50: 278500 | AM50: 278500 | AO50: 265700 | AP50: 278500 | AR50: 265700 | AS50: 278500 | AT50: 265700 | AU50: 278500 | AW50: 265700 | AX50: 265700 | AY50: 278500 | AZ50: 278500 | BC50: 265700 | BD50: 278500 | BE50: 265700 | BF50: 278500 | BG50: 265700 | BH50: 278500 | BI50: 265700 | BJ50: 278500 | BM50: 265700 | BN50: 278500 | BO50: 265700 | BP50: 278500 | BV50: 265700 | BW50: 278500 | BX50: 265700 | BZ50: 265700 | CA50: 278500 | CB50: 265700 | CC50: 278500 | CD50: 278500 | CG50: 265700 | CH50: 278500 | CJ50: 265700 | CK50: 278500 | CL50: 265700 | CM50: 278500 | CQ50: 265700 | CR50: 278500 | CS50: 265700 | CT50: 278500 | CW50: 265700 | CX50: 278500 | CY50: 265700 | CZ50: 278500 | DA50: 265700 | DB50: 278500 | DE50: 265700 | DF50: 278500 | DG50: 265700 | DH50: 278500 | DN50: 265700 | DO50: 278500 | DQ50: 274000 | DR50: 287000 | DS50: 274000 | DT50: 287000 | DU50: 274000 | DV50: 287000 | DW50: 274000 | DX50: 287000 | DY50: 274000 | DZ50: 274000 | EA50: 287000 | EE50: 274000 | EF50: 287000 | EG50: 274000 | EJ50: 274000 | EK50: 287000 | EL50: 274000 | EM50: 287000 | EN50: 274000 | EO50: 287000 | ET50: 274000 | EU50: 282200 | EV50: 295600 | EW50: 282200 | EX50: 282200 | EY50: 295600 | EZ50: 282200 | FA50: 295600 | FB50: 282200 | FC50: 295600 | FG50: 282200 | FH50: 295600 | FI50: 282200 | FJ50: 295600 | FN50: 282200 | FO50: 295600 | FP50: 292100 | FQ50: 292100 | FR50: 305900 | FS50: 305900 | FT50: 292100 | FU50: 305900 | FV50: 292100 | FW50: 305900 | FZ50: 282200 | GA50: 295600 | GB50: 292100 | GE50: 292100 | GF50: 305900 | GG50: 292100 | GH50: 305900 | GL50: 292100 | GM50: 305900 | GN50: 292100 | GO50: 305900 | GZ50: 292100 | HA50: 305900 | JH50: Garden (Rehab) | JI50: 170000 | JJ50: 180000
A51: Lee | C51: Housing Credit Financing for Affordable Housing Developments Located in Miami-Dade County | D51: Housing Credit Financing for Affordable Housing Developments Located in Miami-Dade County | E51: Housing Credit Financing for Affordable Housing Developments Located in Miami-Dade County | F51: Housing Credit Financing for the Preservation of Existing Affordable Multifamily Housing Developments | G51: SAIL Financing For The Construction Of Workforce Housing For Hurricane Recovery In Monroe County | H51: Housing Credit Financing for Affordable Housing Developments Located in Medium Counties | I51: Elderly Housing Community Loan | J51: Housing Credit Financing for Affordable Housing Developments Located in Medium and Small Counties | K51: Financing of Affordable Multifamily Housing Developments with HOME Funding to be used in conjunction with Florida Housing-Issued MMRB and Non-Competitive HC | L51: Financing To Build Or Rehabilitate Smaller Permanent Supportive Housing Properties For Persons With Developmental Disabilities | P51: 216000 | Q51: 216000 | R51: 216000 | X51: 231000 | AA51: 221000 | AB51: 216000 | AE51: 216000 | AG51: 265700 | AJ51: 265700 | AK51: 265700 | AL51: 278500 | AM51: 278500 | AO51: 265700 | AP51: 278500 | AR51: 265700 | AS51: 278500 | AT51: 265700 | AU51: 278500 | AW51: 265700 | AX51: 265700 | AY51: 278500 | AZ51: 278500 | BC51: 265700 | BD51: 278500 | BE51: 265700 | BF51: 278500 | BG51: 265700 | BH51: 278500 | BI51: 265700 | BJ51: 278500 | BM51: 265700 | BN51: 278500 | BV51: 265700 | BW51: 278500 | BX51: 265700 | BZ51: 265700 | CA51: 278500 | CB51: 265700 | CC51: 278500 | CD51: 278500 | CG51: 265700 | CH51: 278500 | CJ51: 265700 | CK51: 278500 | CL51: 265700 | CM51: 278500 | CQ51: 265700 | CR51: 278500 | CS51: 265700 | CT51: 278500 | CW51: 265700 | CX51: 278500 | CY51: 265700 | CZ51: 278500 | DA51: 265700 | DB51: 278500 | DE51: 265700 | DF51: 278500 | DG51: 265700 | DH51: 278500 | DN51: 265700 | DO51: 278500 | DQ51: 274000 | DR51: 287000 | DS51: 274000 | DT51: 287000 | DU51: 274000 | DV51: 287000 | DW51: 274000 | DX51: 287000 | DY51: 274000 | DZ51: 274000 | EA51: 287000 | EE51: 274000 | EF51: 287000 | EG51: 274000 | EJ51: 274000 | EK51: 287000 | EL51: 274000 | EM51: 287000 | EN51: 274000 | EO51: 287000 | ET51: 274000 | EV51: 295600 | EW51: 282200 | EX51: 282200 | EY51: 295600 | EZ51: 282200 | FA51: 295600 | FB51: 282200 | FC51: 295600 | FG51: 282200 | FH51: 295600 | FI51: 282200 | FJ51: 295600 | FN51: 282200 | FO51: 295600 | FP51: 292100 | FQ51: 292100 | FR51: 305900 | FS51: 305900 | FT51: 292100 | FU51: 305900 | FV51: 292100 | FW51: 305900 | FZ51: 282200 | GA51: 295600 | GB51: 292100 | GE51: 292100 | GF51: 305900 | GG51: 292100 | GH51: 305900 | GL51: 292100 | GM51: 305900 | GN51: 292100 | GO51: 305900 | GZ51: 292100 | HA51: 305900 | JH51: Non-Garden (Rehab) | JI51: 260000 | JJ51: 270000
A52: Leon | C52: Housing Credit Financing for the Preservation of Existing Affordable Multifamily Housing Developments | D52: Housing Credit Financing for the Preservation of Existing Affordable Multifamily Housing Developments | E52: Housing Credit Financing for the Preservation of Existing Affordable Multifamily Housing Developments | F52: SAIL Financing of Affordable Multifamily Housing Developments to be Used in Conjunction with Tax-Exempt Bonds and Non-Competitive Housing Credits | G52: Rental Recovery Loan Program | H52: Housing Credit Financing for Affordable Housing Developments Located in Miami-Dade County | I52: Housing Credit Financing for Affordable Housing Developments Located in Medium and Small Counties | J52: HOME Financing to be used for Rental Developments Located in Rural Areas | K52: Housing Credit Financing for the Preservation of Existing Affordable Multifamily Housing Developments | L52: Financing To Build Larger Permanent Supportive Housing Properties For Persons With Developmental Disabilities | P52: 263000 | Q52: 263000 | R52: 263000 | X52: 147000 | AA52: 221000 | AB52: 263000 | AE52: 216000 | AG52: 313400 | AJ52: 313400 | AK52: 313400 | AL52: 328600 | AM52: 328600 | AO52: 313400 | AP52: 328600 | AR52: 313400 | AS52: 328600 | AT52: 313400 | AU52: 328600 | AW52: 313400 | AX52: 313400 | AY52: 328600 | AZ52: 328600 | BE52: 313400 | BF52: 328600 | BG52: 313400 | BH52: 328600 | BI52: 313400 | BJ52: 328600 | BM52: 313400 | BN52: 328600 | BV52: 313400 | BW52: 328600 | BX52: 313400 | BZ52: 313400 | CA52: 328600 | CB52: 313400 | CC52: 328600 | CD52: 328600 | CG52: 313400 | CH52: 328600 | CJ52: 313400 | CK52: 328600 | CL52: 313400 | CM52: 328600 | CQ52: 313400 | CR52: 328600 | CS52: 313400 | CT52: 328600 | CW52: 313400 | CX52: 328600 | CY52: 313400 | CZ52: 328600 | DA52: 313400 | DB52: 328600 | DE52: 313400 | DF52: 328600 | DG52: 313400 | DH52: 328600 | DN52: 313400 | DO52: 328600 | DQ52: 317000 | DR52: 332000 | DS52: 317000 | DT52: 332000 | DU52: 317000 | DV52: 332000 | DW52: 317000 | DX52: 332000 | DY52: 317000 | DZ52: 317000 | EA52: 332000 | EE52: 317000 | EF52: 332000 | EJ52: 317000 | EK52: 332000 | EL52: 317000 | EM52: 332000 | EN52: 317000 | EO52: 332000 | ET52: 317000 | EV52: 337000 | EW52: 322000 | EX52: 322000 | EY52: 337000 | EZ52: 322000 | FA52: 337000 | FB52: 322000 | FC52: 337000 | FG52: 322000 | FH52: 337000 | FI52: 322000 | FJ52: 337000 | FN52: 322000 | FO52: 337000 | FP52: 328000 | FQ52: 328000 | FR52: 343000 | FS52: 343000 | FT52: 328000 | FU52: 343000 | FV52: 328000 | FW52: 343000 | FZ52: 322000 | GA52: 337000 | GB52: 328000 | GE52: 328000 | GF52: 343000 | GG52: 328000 | GH52: 343000 | GL52: 328000 | GM52: 343000 | GN52: 328000 | GO52: 343000 | GZ52: 328000 | HA52: 343000
A53: Levy | C53: SAIL Financing of Affordable Multifamily Housing Developments to be Used in Conjunction with Tax-Exempt Bonds and Non-Competitive Housing Credits | D53: SAIL Financing of Affordable Multifamily Housing Developments to be Used in Conjunction with Tax-Exempt Bonds and Non-Competitive Housing Credits | E53: SAIL Financing of Affordable Multifamily Housing Developments to be Used in Conjunction with Tax-Exempt Bonds and Non-Competitive Housing Credits | F53: HOME Financing for the Construction of Small, Rural Developments | G53: Housing Credit Financing for Affordable Housing Developments Located in Miami-Dade County | H53: Housing Credit Financing for Affordable Housing Developments Located in Broward, Duval, Hillsborough, Orange, Palm Beach, and Pinellas Counties | I53: Housing Credit Financing for Affordable Housing Developments Located in Miami-Dade County | J53: SAIL Financing for the Construction of Workforce Housing in Miami-Dade County and Monroe County | K53: SAIL Financing of Affordable Multifamily Housing Developments to be used in conjunction with Tax-Exempt Bonds and Non-Competitive Housing Credits | L53: Housing Credit Financing for Affordable Housing Developments Located in Medium and Small Counties | P53: 137000 | Q53: 137000 | R53: 137000 | X53: 203000 | AA53: 142000 | AB53: 137000 | AE53: 137000 | AG53: 167800 | AJ53: 167800 | AK53: 167800 | AL53: 176000 | AM53: 176000 | AO53: 167800 | AP53: 176000 | AR53: 167800 | AS53: 176000 | AT53: 167800 | AU53: 176000 | AW53: 167800 | AX53: 167800 | AY53: 176000 | AZ53: 176000 | BE53: 167800 | BF53: 176000 | BG53: 167800 | BH53: 176000 | BI53: 167800 | BJ53: 176000 | BM53: 167800 | BN53: 176000 | BV53: 167800 | BW53: 176000 | BX53: 167800 | BZ53: 167800 | CA53: 176000 | CB53: 167800 | CC53: 176000 | CD53: 176000 | CG53: 167800 | CH53: 176000 | CJ53: 167800 | CK53: 176000 | CQ53: 167800 | CR53: 176000 | CS53: 167800 | CT53: 176000 | CW53: 167800 | CX53: 176000 | CY53: 167800 | CZ53: 176000 | DA53: 167800 | DB53: 176000 | DE53: 167800 | DF53: 176000 | DG53: 167800 | DH53: 176000 | DN53: 167800 | DO53: 176000 | DQ53: 173000 | DR53: 181000 | DS53: 173000 | DT53: 181000 | DU53: 173000 | DV53: 181000 | DW53: 173000 | DX53: 181000 | DY53: 173000 | DZ53: 173000 | EA53: 181000 | EJ53: 173000 | EK53: 181000 | EL53: 173000 | EM53: 181000 | EN53: 173000 | EO53: 181000 | ET53: 173000 | EV53: 186400 | EW53: 178200 | EX53: 178200 | EY53: 186400 | EZ53: 178200 | FA53: 186400 | FB53: 178200 | FC53: 186400 | FG53: 178200 | FH53: 186400 | FI53: 178200 | FJ53: 186400 | FN53: 178200 | FO53: 186400 | FP53: 124500 | FQ53: 124500 | FR53: 130200 | FS53: 130200 | FT53: 124500 | FU53: 130200 | FV53: 124500 | FW53: 130200 | GE53: 124500 | GF53: 130200 | GG53: 124500 | GH53: 130200 | GL53: 124500 | GM53: 130200 | GN53: 124500 | GO53: 130200 | JH53: Post Application Escalation Rate will be 8.00% for the 2022/2023 RFA Cycle
